Workbook
Name use_tip: '(3) Use of Silver'!#REF!
Name use_tip: '(5) Legislations'!#REF!
Name use_tip: #REF!

Sheet Introduction
E3: Developed by:
B8: Purpose of questionnaire
B10: The purpose of this questionnaire is to collect information from Downstream Users of silver and eight silver compounds on the impacts of the proposed CLH proposal classification of Category 1B Reproductive Toxicant. This survey is for downstream users of these silver substances. If you are also a manufacturer/importer of these substances, please also complete the MI version of the survey.
B12: About this questionnaire
B14: Introduction
B16: The Swedish Competent Authority (KemI) announced their intention to classify silver nitrate (in 2018) and silver metal (in 2019) as a Category 1B Reproductive Toxicant (among other hazard classifications). This Repr. 1B classification (under the Biocidal Product Regulation) will trigger an EU-wide harmonised classification and labelling (CLH) proposal for silver nitrate and silver metal, which in turn will result in other legislations triggered. Depending on toxicokinetic evidence, this could also result in read-across to other silver substances. There is currently insufficient robust scientific data available on the reproductive toxicity of silver (or its compounds). The results of the ongoing Extended One-Generation Reproductive Toxicity Study (EOGRTS) may not be ready to feed into the adopted RAC opinion. Therefore, in order for further regulatory actions to be carefully considered by the European Commission, it is important for industry to submit information on the possible impacts of the proposed classification. This in turn could help prompt a formal assessment from the Commission. This industry questionnaire is a key part of the data collection currently underway to develop this Impact Assessment. The second part of the data collection are ten (in-depth) interviews. We will be in touch separately with companies and/or sector groups for these interviews. The following tabs will ask you information on: (1) your organisation; (2) the volume of silver used in Europe; (3) the use of silver; (4) workers and sites; (5) priorities for legislation triggered by the proposed classification; and (6) impacts of these legislations. To begin, please go to the Scope & Instructions tab to find out more information about the scope of this assessment and how to complete this survey.
B19: Need help filling in the questionnaire?
B21: If you need help understanding any of the questions, please contact one of the following individuals, who will be happy to assist you:
B23: Contact: | D23: Adams Koshy
D24: adams@eftec.co.uk
D25: Tel: +44(0)2075805383
B27: Contact: | D27: France Capon
D28: france.capon@epmf.be
D29: Tel: +32(0)27610101
B31: We appreciate your time and help. Please return this completed excel questionnaire to:
B33: Oliver Pilkington | E33: oliver@eftec.co.uk
B35: France Capon | E35: france.capon@epmf.be
B37: Deadline for submission | E37: 16th March 2020
B39: CONFIDENTIALITY STATEMENT
B41: Whilst information from this questionnaire is being gathered at company / national association level, all data provided by respondents will be aggregated before it is reported, i.e. on a use/sectoral basis. We take the confidential nature of this exercise very seriously and eftec has a confidentiality agreement in place with EPMF to maintain your confidentiality. Only aggregated data will be shared with any audience that is not a member of the EPMF Secretariat or of the eftec team. Please contact France Capon (france.capon@epmf.be) if you would like to discuss any concerns you may have with confidentiality or would like to receive more information on how the data will be used by eftec or EPMF.

Sheet Scope & Instructions
B2: Scope & Instructions
B4: Scope of assessment
B6: The nine substances that you will be asked question about are as follows. - Silver metal (chemical formula: Ag, CAS no. 7440-22-4, EC no. 231,131,3) - Silver nitrate (chemical formula: AgNO3, CAS no. 7761-88-8, EC no. 231-853-9) - Silver carbonate (chemical formula: AgCO3, CAS no. 534-16-7, EC no. 208-590-3) - Disilver oxide (chemical formula: Ag2O, CAS no. 20667-12-3, EC no. 243-957-1) - Disilver (1+) sulphate (chemical formula: Ag2SO4, CAS no. 10294-26-5, EC no. 233-653-7) - Silver chloride (chemical formula: AgCl, CAS no. 7783-90-6, EC no. 232-033-3) - Silver bromide (chemical formula: AgBr, CAS no. 7785-23-1, EC no. 232-076-8) - Silver iodided (chemical formula: AgI, CAS no. 7783-96-2, EC no. 232-038-0) - Silver acetate (chemical formula: AgC2H3O2, CAS no. 563-63-3, EC no. 209-254-9) Although none of these substances have been classified as a reproductive toxicant, they are all classified as (either self-classified or under a harmonised classification) Aquatic Acute 1 and Aquatic Chronic 1. In addition, some of the substances have self classification or harmonised classification (for silver nitrate) for other hazards. For more information on the self-classification/harmonised classification, please see the Silver Inventory in the below link. If you have any further questions, please feel free to get in touch with the team at EPMF.
B7: https://www.epmf.be/silver/
B9: We will ask you questions your use of these silver substances particularly within the EEA and (separately) within Switzerland. Please note, if you do not use any of these substances you do not have to complete this survey. The following sections will provide information on completing the survey.
B11: Overview of tabs
B13: The below diagram summarises the seven tabs we would like you to complete, with a short summary of the types of questions that you can expect in each.
B26: Overview of information reported in tabs
B28: All tabs follow a similar structure of information. Please follow the instructions, errors that might appear and survey tips.
B51: A number of features have also been built into this survey to make this survey easier to complete. Where possible, drop downs have been provided and irrelevant text will either be greyed out, or cells will be filled in grey. Please note, some cells will be locked to maintain the features of the spreadsheet and cells should not be tampered with. If you have any difficulties completing this survey, please feel free to contact any of the team members listed in the Introduction. You may now move on to the first tab: (1) Your organisation.

Sheet (1) Your organisation
B2: (1) Your organisation
B4: To begin, we would like to ask you questions about your organisation. This tab includes Q1 to Q5.
B6: Q1. Please provide the following information on your company/organisation.
B8: Company/organisation name:
B9: Contact person:
B10: Contact person's email address:
B11: Contact person's telephone number (including country code):
B13: Q2. Are you completing this questionnaire on behalf of your company, or for a particular sector (e.g. as a trade association)?
B14: Please select an option from the dropdown.
B17: =IF(B16="", "", IF(B16=" On behalf of my organisation", "", "As you are completing this survey for a particular sector, please skip to Q4. Please note, in this context, where we refer to ‘you’ in this questionnaire, this is in reference to your sector."))
B19: Q3. Is your organisation a Small and Medium Sized Enterprise (SME)?
B21: Yes
B22: No
B24: =IF(B16="","",IF(B16=" On behalf of my organisation","As you are completing this survey for your company (and not a sector), please continue on to Q5 at the bottom of this tab.",""))
B26: Q4. As a sector representative, please provide the following information.
B28: Country/Countries you represent:
B29: Number of companies you represent:
B30: Number of companies that provided quantitative data for this questionnaire:
B32: =IF(B16=" On behalf of my sector", "Please continue on now to (2) Volume used.", "")
B34: Q5. Role(s) of your organisation in the supply chain: Please tick all that apply.
B36: This refers to silver and/or silver compounds, as well as products that involve these substances.
B38: Manufacturer | C38: Importer into the EEA and/or Switzerland | D38: Distributor | E38: Exporter from the EEA and/or Switzerland | F38: Downstream user | G38: Other - please specify below
B41: =IF(B16=" On behalf of my sector", "", IF('HIDDEN - Raw data'!L8=TRUE,"As you are also a manufacturer of the silver substance(s), please remember to complete the manufacturer/importer version of the survey as well. Please continue on now to the tab on the Volume used.",IF('HIDDEN - Raw data'!M8=TRUE,"As you are also a importer user of the silver substance(s), please remember to complete the manufacturer/importer version of the survey as well. Please continue on now to the tab on the Volume used.","Please continue on now to (2) Volume used."))) -> Please continue on now to (2) Volume used.

Sheet (2) Volume used
B2: (2) Volume used
B4: The following questions are to help us collate information about the total volume of silver substance(s) that you currently use in the European Economic Area (EEA) or Switzerland. This also refers to the volume of silver substance(s) that is used internally if you are a manufacturer/importer of silver substance(s). This tab includes Q6 to Q9.
B6: Q6. What volume of silver substance(s) are used?
B8: Silver substances Please note there are two parts (A and B) to this question. | C8: A. Total volume used (tonnes per year) Mean 3-year annual average (2017 - 2019) within the EEA and Switzerland. Please provide information to the nearest tonne. | D8: B. Of the total volume used - What proportion (%) is sold within the EEA and Switzerland? Please provide information to the nearest percentage.
D9: Within EEA | E9: Within Switzerland | F9: Total | G9: Survey tips
B10: EXAMPLE: Silver nitrate | C10: 100 | D10: 1 | E10: 0 | F10: =SUM(D10:E10) -> 1
B11: Silver metal | F11: =IF(C11="", "", SUM(D11:E11)) | G11: =IF(F11="", "", IF(F11<100%, "Please note, this must add up to 100%.", IF(F11>100%, "Please note, this cannot be over 100%.", "")))
B12: Silver nitrate | F12: =IF(C12="", "", SUM(D12:E12)) | G12: =IF(F12="", "", IF(F12<100%, "Please note, this must add up to 100%.", IF(F12>100%, "Please note, this cannot be over 100%.", "")))
B13: Silver carbonate | F13: =IF(C13="", "", SUM(D13:E13)) | G13: =IF(F13="", "", IF(F13<100%, "Please note, this must add up to 100%.", IF(F13>100%, "Please note, this cannot be over 100%.", "")))
B14: Disilver oxide | F14: =IF(C14="", "", SUM(D14:E14)) | G14: =IF(F14="", "", IF(F14<100%, "Please note, this must add up to 100%.", IF(F14>100%, "Please note, this cannot be over 100%.", "")))
B15: Disilver (1+) sulphate | F15: =IF(C15="", "", SUM(D15:E15)) | G15: =IF(F15="", "", IF(F15<100%, "Please note, this must add up to 100%.", IF(F15>100%, "Please note, this cannot be over 100%.", "")))
B16: Silver chloride | F16: =IF(C16="", "", SUM(D16:E16)) | G16: =IF(F16="", "", IF(F16<100%, "Please note, this must add up to 100%.", IF(F16>100%, "Please note, this cannot be over 100%.", "")))
B17: Silver bromide | F17: =IF(C17="", "", SUM(D17:E17)) | G17: =IF(F17="", "", IF(F17<100%, "Please note, this must add up to 100%.", IF(F17>100%, "Please note, this cannot be over 100%.", "")))
B18: Silver iodide | F18: =IF(C18="", "", SUM(D18:E18)) | G18: =IF(F18="", "", IF(F18<100%, "Please note, this must add up to 100%.", IF(F18>100%, "Please note, this cannot be over 100%.", "")))
B19: Silver acetate | F19: =IF(C19="", "", SUM(D19:E19)) | G19: =IF(F19="", "", IF(F19<100%, "Please note, this must add up to 100%.", IF(F19>100%, "Please note, this cannot be over 100%.", "")))
D20: =SUM(D11:D19) -> 0 | E20: =SUM(E11:E19) -> 0 | G20: =SUM(F11:F19) -> 0
B21: =IF('(1) Your organisation'!B16:H16=" On behalf of my sector", "We have identified 15 broad uses of silver and the eight silver compounds within Europe. In this section, we would like to find out more about how your sector uses the silver substance(s).", "We have identified 15 broad uses of silver and the eight silver compounds within Europe. In this section, we would like to find out more about how you use the silver substance(s).") -> We have identified 15 broad uses of silver and the eight silver compounds within Europe. In this section, we would like to find out more about how you use the silver substance(s).
B23: ROLLOVER here for more information about the uses.
B25: Q7. How do you use the silver substance(s)?
B26: Please note, there are three parts (A, B and C) to this question. Space has been provided for 10 uses below. If you require more space, please contact Adams Koshy/Oliver Pilkington to have this feature unlocked.
B28: A. Please identify the use(s) of the silver substance(s) | D28: B. Please briefly describe how the silver substance(s) are used. | I28: C. Is this use categorised as an intermediate use? Please refer to ECHA guidance on Intermediates for more information on this topic in the survey tip below.
B29: Please select from dropdown | C29: If other industrial / consumer uses, please specify
B30: EXAMPLE: Photovoltaics | C30: - | D30: Silver paste is used to create a contact between the different layers of silicon wafers. | I30: No
B41: Survey tips: Please select from dropdown | C41: Please complete if you select 'All other industrial uses' or 'All other consumer uses' from the dropdown | I41: Click here for more information on intermediates.
B43: =IF(D20>0, "As you use silver substance(s) within the EEA, please complete Q8.", IF(E20>0, "As you only have use silver substance(s) within Switzerland, please skip Q8 and move on to Q9 below.", "As you only have sales of silver substance(s) in the rest of the world, please continue on to (3) Use of Silver.")) -> As you only have sales of silver substance(s) in the rest of the world, please continue on to (3) Use of Silver.
B45: Q8. What proportion of silver substance(s) used within the EEA is for each use?
B47: Based on the identified use of silver. | D47: A. What proportion of the silver substance(s) used within the EEA is for this use? Please note, this does not include silver substance(s) that are a by product. Only silver substance(s) that are intentionally used in this use.
B48: Please note there is only one part (A) to this question. | D48: Silver metal | E48: Silver nitrate | F48: Silver carbonate | G48: Disilver oxide | H48: Disilver (1+) sulphate | I48: Silver chloride | J48: Silver bromide | K48: Silver iodide | L48: Silver acetate
B49: EXAMPLE: Photovoltaics | D49: 0.8 | E49: 0 | F49: 1 | G49: 0 | H49: 0 | I49: 0 | J49: 0 | K49: 0 | L49: 0
B50: EXAMPLE: Jewellery and luxury items/finishes | D50: 0.2 | E50: 0 | F50: 0 | G50: 0 | H50: 0 | I50: 0 | J50: 0 | K50: 0 | L50: 0
B51: =IF(B31="", "", IF(OR(B31="All other industrial uses", B31="All other consumer uses"), C31, B31))
B52: =IF(B32="", "", IF(OR(B32="All other industrial uses", B32="All other consumer uses"), C32, B32))
B53: =IF(B33="", "", IF(OR(B33="All other industrial uses", B33="All other consumer uses"), C33, B33))
B54: =IF(B34="", "", IF(OR(B34="All other industrial uses", B34="All other consumer uses"), C34, B34))
B55: =IF(B35="", "", IF(OR(B35="All other industrial uses", B35="All other consumer uses"), C35, B35))
B56: =IF(B36="", "", IF(OR(B36="All other industrial uses", B36="All other consumer uses"), C36, B36))
B57: =IF(B37="", "", IF(OR(B37="All other industrial uses", B37="All other consumer uses"), C37, B37))
B58: =IF(B38="", "", IF(OR(B38="All other industrial uses", B38="All other consumer uses"), C38, B38))
B59: =IF(B39="", "", IF(OR(B39="All other industrial uses", B39="All other consumer uses"), C39, B39))
B60: =IF(B40="", "", IF(OR(B40="All other industrial uses", B40="All other consumer uses"), C40, B40))
B61: Survey tips | C61: Data is based on your responses to Q6 and Q7. | D61: =IF(SUM(D51:OFFSET(D61,-1,,))>0, IF(SUM(D51:OFFSET(D61,-1,,))<1, "Please note, this should add up to 100%.", IF(SUM(D51:OFFSET(D61,-1,,))>1, "Please note, this cannot add up to a value over 100%.", "")), "") | E61: =IF(SUM(E51:OFFSET(E61,-1,,))>0, IF(SUM(E51:OFFSET(E61,-1,,))<1, "Please note, this should add up to 100%.", IF(SUM(E51:OFFSET(E61,-1,,))>1, "Please note, this cannot add up to a value over 100%.", "")), "") | F61: =IF(SUM(F51:OFFSET(F61,-1,,))>0, IF(SUM(F51:OFFSET(F61,-1,,))<1, "Please note, this should add up to 100%.", IF(SUM(F51:OFFSET(F61,-1,,))>1, "Please note, this cannot add up to a value over 100%.", "")), "") | G61: =IF(SUM(G51:OFFSET(G61,-1,,))>0, IF(SUM(G51:OFFSET(G61,-1,,))<1, "Please note, this should add up to 100%.", IF(SUM(G51:OFFSET(G61,-1,,))>1, "Please note, this cannot add up to a value over 100%.", "")), "") | H61: =IF(SUM(H51:OFFSET(H61,-1,,))>0, IF(SUM(H51:OFFSET(H61,-1,,))<1, "Please note, this should add up to 100%.", IF(SUM(H51:OFFSET(H61,-1,,))>1, "Please note, this cannot add up to a value over 100%.", "")), "") | I61: =IF(SUM(I51:OFFSET(I61,-1,,))>0, IF(SUM(I51:OFFSET(I61,-1,,))<1, "Please note, this should add up to 100%.", IF(SUM(I51:OFFSET(I61,-1,,))>1, "Please note, this cannot add up to a value over 100%.", "")), "") | J61: =IF(SUM(J51:OFFSET(J61,-1,,))>0, IF(SUM(J51:OFFSET(J61,-1,,))<1, "Please note, this should add up to 100%.", IF(SUM(J51:OFFSET(J61,-1,,))>1, "Please note, this cannot add up to a value over 100%.", "")), "") | K61: =IF(SUM(K51:OFFSET(K61,-1,,))>0, IF(SUM(K51:OFFSET(K61,-1,,))<1, "Please note, this should add up to 100%.", IF(SUM(K51:OFFSET(K61,-1,,))>1, "Please note, this cannot add up to a value over 100%.", "")), "") | L61: =IF(SUM(L51:OFFSET(L61,-1,,))>0, IF(SUM(L51:OFFSET(L61,-1,,))<1, "Please note, this should add up to 100%.", IF(SUM(L51:OFFSET(L61,-1,,))>1, "Please note, this cannot add up to a value over 100%.", "")), "")
B63: =IF(E20>0,"As you have sales of silver substance(s) within Switzerland, please complete Q9.","As you do not have any sales of silver substance(s) within Switzerland, please skip Q9 and move on to (3) Use.") -> As you do not have any sales of silver substance(s) within Switzerland, please skip Q9 and move on to (3) Use.
B65: Q9. What proportion of the silver substance(s) used within Switzerland is for each use?
B67: Based on the identified use of silver. | D67: A. What proportion of the silver substance(s) used within Switzerland is for this use? Please note, this does not include silver substance(s) that are a by product. Only silver substance(s) that are intentionally used in this use.
B68: Please note there is only one part (A) to this question. | D68: Silver metal | E68: Silver nitrate | F68: Silver carbonate | G68: Disilver oxide | H68: Disilver (1+) sulphate | I68: Silver chloride | J68: Silver bromide | K68: Silver iodide | L68: Silver acetate
B69: EXAMPLE: Photovoltaics | D69: 1 | E69: 0 | F69: 0 | G69: 0 | H69: 0 | I69: 0 | J69: 0 | K69: 0 | L69: 0
B70: =IF(B31="", "", IF(OR(B31="All other industrial uses", B31="All other consumer uses"), C31, B31))
B71: =IF(B32="", "", IF(OR(B32="All other industrial uses", B32="All other consumer uses"), C32, B32))
B72: =IF(B33="", "", IF(OR(B33="All other industrial uses", B33="All other consumer uses"), C33, B33))
B73: =IF(B34="", "", IF(OR(B34="All other industrial uses", B34="All other consumer uses"), C34, B34))
B74: =IF(B35="", "", IF(OR(B35="All other industrial uses", B35="All other consumer uses"), C35, B35))
B75: =IF(B36="", "", IF(OR(B36="All other industrial uses", B36="All other consumer uses"), C36, B36))
B76: =IF(B37="", "", IF(OR(B37="All other industrial uses", B37="All other consumer uses"), C37, B37))
B77: =IF(B38="", "", IF(OR(B38="All other industrial uses", B38="All other consumer uses"), C38, B38))
B78: =IF(B39="", "", IF(OR(B39="All other industrial uses", B39="All other consumer uses"), C39, B39))
B79: =IF(B40="", "", IF(OR(B40="All other industrial uses", B40="All other consumer uses"), C40, B40))
B80: Survey tips | C80: Data is based on your responses to Q6 and Q7. | D80: =IF(SUM(D70:OFFSET(D80,-1,,))>0, IF(SUM(D70:OFFSET(D80,-1,,))<1, "Please note, this should add up to 100%.", IF(SUM(D70:OFFSET(D80,-1,,))>1, "Please note, this cannot add up to a value over 100%.", "")), "") | E80: =IF(SUM(E70:OFFSET(E80,-1,,))>0, IF(SUM(E70:OFFSET(E80,-1,,))<1, "Please note, this should add up to 100%.", IF(SUM(E70:OFFSET(E80,-1,,))>1, "Please note, this cannot add up to a value over 100%.", "")), "") | F80: =IF(SUM(F70:OFFSET(F80,-1,,))>0, IF(SUM(F70:OFFSET(F80,-1,,))<1, "Please note, this should add up to 100%.", IF(SUM(F70:OFFSET(F80,-1,,))>1, "Please note, this cannot add up to a value over 100%.", "")), "") | G80: =IF(SUM(G70:OFFSET(G80,-1,,))>0, IF(SUM(G70:OFFSET(G80,-1,,))<1, "Please note, this should add up to 100%.", IF(SUM(G70:OFFSET(G80,-1,,))>1, "Please note, this cannot add up to a value over 100%.", "")), "") | H80: =IF(SUM(H70:OFFSET(H80,-1,,))>0, IF(SUM(H70:OFFSET(H80,-1,,))<1, "Please note, this should add up to 100%.", IF(SUM(H70:OFFSET(H80,-1,,))>1, "Please note, this cannot add up to a value over 100%.", "")), "") | I80: =IF(SUM(I70:OFFSET(I80,-1,,))>0, IF(SUM(I70:OFFSET(I80,-1,,))<1, "Please note, this should add up to 100%.", IF(SUM(I70:OFFSET(I80,-1,,))>1, "Please note, this cannot add up to a value over 100%.", "")), "") | J80: =IF(SUM(J70:OFFSET(J80,-1,,))>0, IF(SUM(J70:OFFSET(J80,-1,,))<1, "Please note, this should add up to 100%.", IF(SUM(J70:OFFSET(J80,-1,,))>1, "Please note, this cannot add up to a value over 100%.", "")), "") | K80: =IF(SUM(K70:OFFSET(K80,-1,,))>0, IF(SUM(K70:OFFSET(K80,-1,,))<1, "Please note, this should add up to 100%.", IF(SUM(K70:OFFSET(K80,-1,,))>1, "Please note, this cannot add up to a value over 100%.", "")), "") | L80: =IF(SUM(L70:OFFSET(L80,-1,,))>0, IF(SUM(L70:OFFSET(L80,-1,,))<1, "Please note, this should add up to 100%.", IF(SUM(L70:OFFSET(L80,-1,,))>1, "Please note, this cannot add up to a value over 100%.", "")), "")
B82: Thank you for completing this part of the survey, please move on now to (3) Use of Silver.

Sheet (3) Use of Silver
B2: (3) Use of Silver
B4: We would now like to ask you questions about how you use the silver substances within the EEA and Switzerland. This tab includes Q10 to Q13.
B6: Q10. Please describe the technical functionality of the silver substance(s) in these use(s).
B8: Based on the identified use of silver. | D8: A. What is (/are) the function(s) of the silver substance(s) in this use? Please select from the dropdown. | H8: B. If you have any additional information on why the silver substance is used, please include this here.
B9: Please note there are two parts (A and B) to this question. | D9: Function 1 | E9: Function 2 | F9: Function 3 | G9: If other, please specify
B10: EXAMPLE: Photovoltaics | D10: Electrical conductor | E10: Temperature resistant | H10: Silver was a substitution away from XXX substance, which was banned in the EU as a hazardous substance.
B11: =IF('(2) Volume used'!B31="", "", IF(OR('(2) Volume used'!B31="All other industrial uses", '(2) Volume used'!B31="All other consumer uses"), '(2) Volume used'!C31, '(2) Volume used'!B31))
B12: =IF('(2) Volume used'!B32="", "", IF(OR('(2) Volume used'!B32="All other industrial uses", '(2) Volume used'!B32="All other consumer uses"), '(2) Volume used'!C32, '(2) Volume used'!B32))
B13: =IF('(2) Volume used'!B33="", "", IF(OR('(2) Volume used'!B33="All other industrial uses", '(2) Volume used'!B33="All other consumer uses"), '(2) Volume used'!C33, '(2) Volume used'!B33))
B14: =IF('(2) Volume used'!B34="", "", IF(OR('(2) Volume used'!B34="All other industrial uses", '(2) Volume used'!B34="All other consumer uses"), '(2) Volume used'!C34, '(2) Volume used'!B34))
B15: =IF('(2) Volume used'!B35="", "", IF(OR('(2) Volume used'!B35="All other industrial uses", '(2) Volume used'!B35="All other consumer uses"), '(2) Volume used'!C35, '(2) Volume used'!B35))
B16: =IF('(2) Volume used'!B36="", "", IF(OR('(2) Volume used'!B36="All other industrial uses", '(2) Volume used'!B36="All other consumer uses"), '(2) Volume used'!C36, '(2) Volume used'!B36))
B17: =IF('(2) Volume used'!B37="", "", IF(OR('(2) Volume used'!B37="All other industrial uses", '(2) Volume used'!B37="All other consumer uses"), '(2) Volume used'!C37, '(2) Volume used'!B37))
B18: =IF('(2) Volume used'!B38="", "", IF(OR('(2) Volume used'!B38="All other industrial uses", '(2) Volume used'!B38="All other consumer uses"), '(2) Volume used'!C38, '(2) Volume used'!B38))
B19: =IF('(2) Volume used'!B39="", "", IF(OR('(2) Volume used'!B39="All other industrial uses", '(2) Volume used'!B39="All other consumer uses"), '(2) Volume used'!C39, '(2) Volume used'!B39))
B20: =IF('(2) Volume used'!B40="", "", IF(OR('(2) Volume used'!B40="All other industrial uses", '(2) Volume used'!B40="All other consumer uses"), '(2) Volume used'!C40, '(2) Volume used'!B40))
B21: Survey tips | C21: Data is based on your responses to Q7. | D21: Select from dropdown. | E21: Only use if more than one technical function. | F21: Only use if more than two technical functions. | G21: Only use if you select other.
B23: We would now like to ask you questions about alternatives to these uses.
B25: Q11. Are there any alternatives to the silver substance that are currently in use?
B27: Based on the identified use of silver. | D27: A. Do you know of any alternative(s) available for this use? This could be an alternative substance, process and/or technique | H27: B. What alternatives are currently available? | L27: C. Does this use have the same technical functionality as the silver substances? | O27: D. What are the likely implications on your customers' costs of switching to this alternative?
B28: Please note there are four parts (A, B, C and D) to this question. | H28: Please list all known alternatives for each use. | I28: Why is the silver substance(s) preferred over this alternative(s)? | L28: Does this have the same technical functionality as the silver substance(s)? | M28: If no, please explain why. | O28: Is the cost of acquiring the substance (i.e. of raw materials) and processing this substance the same? | P28: If one or both of these costs are likely to be different, please explain how it will be different. | Q28: Please describe any other costs that would be incurred because of the substitution
B29: EXAMPLE: Photovoltaics | D29: Yes | E29: Please complete the remaining questions in this row. | H29: Nickel, Zinc, Titanium, Copper, Aluminium | I29: Not technically feasible to replace all functions provided by silver metal. | L29: No, not the same functionality | M29: Not same level of conductivity or thermal conductivity as silver. | O29: Yes, the cost of processing is the same, but not the cost of raw materials. | P29: This cost will be higher | Q29: Additional R&D will be required to test the product within the supply chain.
B30: =IF('(2) Volume used'!B31="", "", IF(OR('(2) Volume used'!B31="All other industrial uses", '(2) Volume used'!B31="All other consumer uses"), '(2) Volume used'!C31, '(2) Volume used'!B31)) | E30: =IF(D30="","",IF(D30="Yes","Please complete the remaining questions in this row.",IF('(2) Volume used'!B32="","Please continue on to the next question.","Please continue on to the next use.")))
B31: =IF('(2) Volume used'!B32="", "", IF(OR('(2) Volume used'!B32="All other industrial uses", '(2) Volume used'!B32="All other consumer uses"), '(2) Volume used'!C32, '(2) Volume used'!B32)) | E31: =IF(D31="","",IF(D31="Yes","Please complete the remaining questions in this row.",IF('(2) Volume used'!B33="","Please continue on to the next question.","Please continue on to the next use.")))
B32: =IF('(2) Volume used'!B33="", "", IF(OR('(2) Volume used'!B33="All other industrial uses", '(2) Volume used'!B33="All other consumer uses"), '(2) Volume used'!C33, '(2) Volume used'!B33)) | E32: =IF(D32="","",IF(D32="Yes","Please complete the remaining questions in this row.",IF('(2) Volume used'!B34="","Please continue on to the next question.","Please continue on to the next use.")))
B33: =IF('(2) Volume used'!B34="", "", IF(OR('(2) Volume used'!B34="All other industrial uses", '(2) Volume used'!B34="All other consumer uses"), '(2) Volume used'!C34, '(2) Volume used'!B34)) | E33: =IF(D33="","",IF(D33="Yes","Please complete the remaining questions in this row.",IF('(2) Volume used'!B35="","Please continue on to the next question.","Please continue on to the next use.")))
B34: =IF('(2) Volume used'!B35="", "", IF(OR('(2) Volume used'!B35="All other industrial uses", '(2) Volume used'!B35="All other consumer uses"), '(2) Volume used'!C35, '(2) Volume used'!B35)) | E34: =IF(D34="","",IF(D34="Yes","Please complete the remaining questions in this row.",IF('(2) Volume used'!B36="","Please continue on to the next question.","Please continue on to the next use.")))
B35: =IF('(2) Volume used'!B36="", "", IF(OR('(2) Volume used'!B36="All other industrial uses", '(2) Volume used'!B36="All other consumer uses"), '(2) Volume used'!C36, '(2) Volume used'!B36)) | E35: =IF(D35="","",IF(D35="Yes","Please complete the remaining questions in this row.",IF('(2) Volume used'!B37="","Please continue on to the next question.","Please continue on to the next use.")))
B36: =IF('(2) Volume used'!B37="", "", IF(OR('(2) Volume used'!B37="All other industrial uses", '(2) Volume used'!B37="All other consumer uses"), '(2) Volume used'!C37, '(2) Volume used'!B37)) | E36: =IF(D36="","",IF(D36="Yes","Please complete the remaining questions in this row.",IF('(2) Volume used'!B38="","Please continue on to the next question.","Please continue on to the next use.")))
B37: =IF('(2) Volume used'!B38="", "", IF(OR('(2) Volume used'!B38="All other industrial uses", '(2) Volume used'!B38="All other consumer uses"), '(2) Volume used'!C38, '(2) Volume used'!B38)) | E37: =IF(D37="","",IF(D37="Yes","Please complete the remaining questions in this row.",IF('(2) Volume used'!B39="","Please continue on to the next question.","Please continue on to the next use.")))
B38: =IF('(2) Volume used'!B39="", "", IF(OR('(2) Volume used'!B39="All other industrial uses", '(2) Volume used'!B39="All other consumer uses"), '(2) Volume used'!C39, '(2) Volume used'!B39)) | E38: =IF(D38="","",IF(D38="Yes","Please complete the remaining questions in this row.",IF('(2) Volume used'!B40="","Please continue on to the next question.","Please continue on to the next use.")))
B39: =IF('(2) Volume used'!B40="", "", IF(OR('(2) Volume used'!B40="All other industrial uses", '(2) Volume used'!B40="All other consumer uses"), '(2) Volume used'!C40, '(2) Volume used'!B40)) | E39: =IF(D39="","",IF(D39="Yes","Please complete the remaining questions in this row.",IF('(2) Volume used'!B41="","Please continue on to the next question.","Please continue on to the next use.")))
B40: Survey tips | C40: Data is based on your responses to Q7. | H40: List all alternative substances in one cell.
B42: Finally, we would like to find out more about the end product(s) (i.e. final products) of each use of silver listed.
B44: =IF('(2) Volume used'!B32="", "Q12. What is the end product(s) of this use of silver?", "Q12. What are the end product(s) of these uses of silver?") -> Q12. What is the end product(s) of this use of silver?
B46: Based on the identified use of silver. | D46: A. Do you know what the end product is of this use of silver? | E46: B. Please describe what you believe is the end product(s) of this use of silver. | H46: C. What are the implications on the end product of switching to the alternative(s) listed in Q11?
B47: Please note there is only three parts (A, B and C) to this question. | H47: Do you believe that the use of this alternative would have any impact on the product? | I47: If yes, please explain why.
B48: EXAMPLE: Photovoltaics | D48: Yes | E48: Solar panels | H48: Yes, on the quality of the product | I48: Given the lower conductivity, the panels are less effective. Meaning that a larger number of panels are required.
B49: =IF('(2) Volume used'!B31="", "", IF(OR('(2) Volume used'!B31="All other industrial uses", '(2) Volume used'!B31="All other consumer uses"), '(2) Volume used'!C31, '(2) Volume used'!B31))
B50: =IF('(2) Volume used'!B32="", "", IF(OR('(2) Volume used'!B32="All other industrial uses", '(2) Volume used'!B32="All other consumer uses"), '(2) Volume used'!C32, '(2) Volume used'!B32))
B51: =IF('(2) Volume used'!B33="", "", IF(OR('(2) Volume used'!B33="All other industrial uses", '(2) Volume used'!B33="All other consumer uses"), '(2) Volume used'!C33, '(2) Volume used'!B33))
B52: =IF('(2) Volume used'!B34="", "", IF(OR('(2) Volume used'!B34="All other industrial uses", '(2) Volume used'!B34="All other consumer uses"), '(2) Volume used'!C34, '(2) Volume used'!B34))
B53: =IF('(2) Volume used'!B35="", "", IF(OR('(2) Volume used'!B35="All other industrial uses", '(2) Volume used'!B35="All other consumer uses"), '(2) Volume used'!C35, '(2) Volume used'!B35))
B54: =IF('(2) Volume used'!B36="", "", IF(OR('(2) Volume used'!B36="All other industrial uses", '(2) Volume used'!B36="All other consumer uses"), '(2) Volume used'!C36, '(2) Volume used'!B36))
B55: =IF('(2) Volume used'!B37="", "", IF(OR('(2) Volume used'!B37="All other industrial uses", '(2) Volume used'!B37="All other consumer uses"), '(2) Volume used'!C37, '(2) Volume used'!B37))
B56: =IF('(2) Volume used'!B38="", "", IF(OR('(2) Volume used'!B38="All other industrial uses", '(2) Volume used'!B38="All other consumer uses"), '(2) Volume used'!C38, '(2) Volume used'!B38))
B57: =IF('(2) Volume used'!B39="", "", IF(OR('(2) Volume used'!B39="All other industrial uses", '(2) Volume used'!B39="All other consumer uses"), '(2) Volume used'!C39, '(2) Volume used'!B39))
B58: =IF('(2) Volume used'!B40="", "", IF(OR('(2) Volume used'!B40="All other industrial uses", '(2) Volume used'!B40="All other consumer uses"), '(2) Volume used'!C40, '(2) Volume used'!B40))
B59: Survey tips | C59: Data is based on your responses to Q7. | H59: Please note, this should follow on from your response in Q11.
B61: Q13. Please describe the end of life of this use of silver substance.
B63: Based on the identified use of silver. | D63: A. Please describe how the end product(s) of this use of silver is disposed.
B64: Please note there is one part (A) to this question.
B65: EXAMPLE: Photovoltaics
B66: =IF('(2) Volume used'!B31="", "", IF(OR('(2) Volume used'!B31="All other industrial uses", '(2) Volume used'!B31="All other consumer uses"), '(2) Volume used'!C31, '(2) Volume used'!B31))
B67: =IF('(2) Volume used'!B32="", "", IF(OR('(2) Volume used'!B32="All other industrial uses", '(2) Volume used'!B32="All other consumer uses"), '(2) Volume used'!C32, '(2) Volume used'!B32))
B68: =IF('(2) Volume used'!B33="", "", IF(OR('(2) Volume used'!B33="All other industrial uses", '(2) Volume used'!B33="All other consumer uses"), '(2) Volume used'!C33, '(2) Volume used'!B33))
B69: =IF('(2) Volume used'!B34="", "", IF(OR('(2) Volume used'!B34="All other industrial uses", '(2) Volume used'!B34="All other consumer uses"), '(2) Volume used'!C34, '(2) Volume used'!B34))
B70: =IF('(2) Volume used'!B35="", "", IF(OR('(2) Volume used'!B35="All other industrial uses", '(2) Volume used'!B35="All other consumer uses"), '(2) Volume used'!C35, '(2) Volume used'!B35))
B71: =IF('(2) Volume used'!B36="", "", IF(OR('(2) Volume used'!B36="All other industrial uses", '(2) Volume used'!B36="All other consumer uses"), '(2) Volume used'!C36, '(2) Volume used'!B36))
B72: =IF('(2) Volume used'!B37="", "", IF(OR('(2) Volume used'!B37="All other industrial uses", '(2) Volume used'!B37="All other consumer uses"), '(2) Volume used'!C37, '(2) Volume used'!B37))
B73: =IF('(2) Volume used'!B38="", "", IF(OR('(2) Volume used'!B38="All other industrial uses", '(2) Volume used'!B38="All other consumer uses"), '(2) Volume used'!C38, '(2) Volume used'!B38))
B74: =IF('(2) Volume used'!B39="", "", IF(OR('(2) Volume used'!B39="All other industrial uses", '(2) Volume used'!B39="All other consumer uses"), '(2) Volume used'!C39, '(2) Volume used'!B39))
B75: =IF('(2) Volume used'!B40="", "", IF(OR('(2) Volume used'!B40="All other industrial uses", '(2) Volume used'!B40="All other consumer uses"), '(2) Volume used'!C40, '(2) Volume used'!B40))
B76: Survey tips | C76: Data is based on your responses to Q7. | D76: Please describe in as much detail as possible. This should follow on from your response in Q12.
B78: Thank you for taking the time to complete this information. Please now continue on to (4) Workers.

Sheet (4) Workers
B2: (4) Workers
B4: The focus of the proposed classification is on the potential reproductive toxicity risks caused by exposure to silver and the silver compounds. The Extended One-Generation Reproductive Toxicity Study (EOGRTS) study will compile information on risks and potential modes of exposure (i.e. exposure routes) for the reproductivity toxicity. In order to assess the impacts we would like to collect information on the potential number of employees exposed to these substances. This tab includes Q14 only.
B6: Q14. How many sites and employees are involved in this use?
B8: Silver substances Please note there are three parts (A, B and C) to this question. | C8: A. Sites in the EEA and Switzerland which handle the substance(s) (i.e. exclude any distribution / sales locations) | E8: B. Total number of employees | G8: C. Total number of employees potentially exposed to the substance(s)
C10: Number | D10: Location of sites | E10: Within the EEA | F10: Within Switzerland | G10: Within the EEA | H10: Within Switzerland
B11: Survey tips | C11: Please provide whole numbers | D11: Please list all | E11: Please provide whole numbers | G11: Please provide whole numbers
B12: EXAMPLE: Silver nitrate | C12: 3 | D12: Belgium, Germany, Switzerland | E12: 1000 | F12: 100 | G12: 500 | H12: 50
B13: Silver metal
B14: Silver nitrate
B15: Silver carbonate
B16: Disilver oxide
B17: Disilver (1+) sulphate
B18: Silver chloride
B19: Silver bromide
B20: Silver iodide
B21: Silver acetate
B23: Thank you for taking the time to complete this information. Please now continue on to (5) Legislations.

Sheet (5) Legislations
B2: (5) Legislations
B4: ="The proposed CLP proposal (Repro 1B) will trigger a number of legislation that may have an impact on the use of silver substance(s). We have identified "&COUNTA('Legislation tool - TO HIDE'!AK14:AK44)-COUNTIF('Legislation tool - TO HIDE'!AK14:AK44,"")&" relevant legislation that could be triggered and may affect the manufacture and import of silver substance(s)."&" We would like to find out more information about your priorities around these legislation. Depending on your use(s) of the silver substance(s) the relevant legislation will be highlighted below, while the rest remain greyed out." -> The proposed CLP proposal (Repro 1B) will trigger a number of legislation that may have an impact on the use of silver substance(s). We have identified 0 relevant legislation that could be triggered and may affect the manufacture and import of silver substance(s). We would like to find out more information about your priorities around these legislation. Depending on your use(s) of the silver substance(s) the relevant legislation will be highlighted below, while the rest remain greyed out.
B5: =IF(OR(COUNTIF('(2) Volume used'!$B$31:$B$40, "All other industrial uses")>0, COUNTIF('(2) Volume used'!$B$31:$B$40, "All other consumer uses")>0), "Please note that as you have selected 'All other industrial uses' and/or 'All other consumers uses' in Q7, some of the legislation listed below may not be directly relevant to your sector."&" For example, the Textile Regulation will not be relevant unless you/your members are textile manufacturers.", "")
B6: This tab includes Q15 and Q16.
B8: Q15. How important are the legislations that will be triggered?
B10: A. What legislations will be triggered? | F10: We believe that the likelihood of this legislation being triggered is as follows. | G10: B. If you do not agree with any of these assessments, please explain why. | H10: C. What are the most important legislations that you think will have the greatest impact on you and your sector? Please rank the top five legislation.
B11: The following list of legislation is the list of legislation that will be triggered due to your specific use(s) of silver substance(s). | E11: Have you heard about this legislation before? - | F11: Definitely triggered: This legislation will definitely be triggered by the Repr. 1B classification. Potential triggered: This legislation may be triggered, for example if other legislations are triggered. Unclear: It is unclear if this legislation will be triggered, particularly due to the self-classification of the silver substances.
B12: Survey tips: | C12: For more information on each legislation, please press the ungroup [+] button above column D. | E12: Please tick all that apply. | G12: If you have no comments, please skip on to question C (on the right). | H12: Please rank from 1 - 5 using the dropdown below.
B13: CLP Regulation | D13: =VLOOKUP($B13,'Legislation tool - TO HIDE'!$B$48:$K$78,2,FALSE) -> This regulation is based on the United Nations’ Globally Harmonised System (GHS). The overall objective of the regulation is to “[…] ensure a high level of protection of human health and the environment as well as the free movement of chemical substances, mixtures and certain specific articles, while enhancing competitiveness and innovation.” (CLP, 2008, Article 1). CLP is legally binding across Member States and directly applicable to all industrial sectors. It requires manufacturers, importers or downstream users of substances or mixtures to classify, label and package their hazardous chemicals appropriately before placing them on the market. | F13: =VLOOKUP($B13,'Legislation tool - TO HIDE'!$B$48:$K$78,3,FALSE) -> Will definitely be triggered
B14: REACH - Registration, Information in supply chain, Downstream users | D14: =VLOOKUP($B14,'Legislation tool - TO HIDE'!$B$48:$K$78,2,FALSE) -> REACH imposes a general obligation to provide ECHA with information on all substances and mixtures that are placed on the market in the EU (TITLE II). TITLE IV and TITLE V further details what type of information to communicate through the supply chain | F14: =VLOOKUP($B14,'Legislation tool - TO HIDE'!$B$48:$K$78,3,FALSE) -> Will definitely be triggered
B15: REACH - Evaluation | D15: =VLOOKUP($B15,'Legislation tool - TO HIDE'!$B$48:$K$78,2,FALSE) -> TITLE VI sets out information requirements for a Member State when carrying out substance evaluation and require companies to provide any additional data needed for the evaluation process requested by the Members State. | F15: =VLOOKUP($B15,'Legislation tool - TO HIDE'!$B$48:$K$78,3,FALSE) -> Will potentially be triggered
B16: REACH Regulation - SVHC and candidate listing | D16: =VLOOKUP($B16,'Legislation tool - TO HIDE'!$B$48:$K$78,2,FALSE) -> The aim of the authorisation route is to ensure that the risks from substances of very high concern (SVHCs) are controlled and that these substances are progressively replaced by technically and economically feasible alternatives. The first step in the authorisation process is the identification of a substance as a Substance of Very High Concern (SVHC). After a substance has been identified as an SVHC, it is immediately included in the Candidate List – the list of substances that are evaluated for inclusion in Annex XIV. | F16: =VLOOKUP($B16,'Legislation tool - TO HIDE'!$B$48:$K$78,3,FALSE) -> Will potentially be triggered
B17: REACH Regulation - Authorisation | D17: =VLOOKUP($B17,'Legislation tool - TO HIDE'!$B$48:$K$78,2,FALSE) -> The aim of the authorisation route is to ensure that the risks from substances of very high concern (SVHCs) are controlled and that these substances are progressively replaced by technically and economically feasible alternatives. A substance is included in Annex XIV with a sunset date, which is the date after which the substance cannot be placed on the market unless an authorisation is granted. An authorisation can be obtained by submitting an application to ECHA or, for downstream users, through an upstream user application. | F17: =VLOOKUP($B17,'Legislation tool - TO HIDE'!$B$48:$K$78,3,FALSE) -> Will potentially be triggered
B18: REACH Regulation - Restriction | D18: =VLOOKUP($B18,'Legislation tool - TO HIDE'!$B$48:$K$78,2,FALSE) -> A restriction can be proposed when there is a concern that a substance poses an unacceptable risk to human health or the environment. The restriction process under REACH complements the authorisation process and can address any remaining risks not addressed by authorisations. This may be substances that are not yet included in Annex XIV or risks from substances included in Annex XIV for which the use(s) is exempt, e.g. import of articles | F18: =VLOOKUP($B18,'Legislation tool - TO HIDE'!$B$48:$K$78,3,FALSE) -> Will potentially be triggered
B19: PIC Regulation | D19: =VLOOKUP($B19,'Legislation tool - TO HIDE'!$B$48:$K$78,2,FALSE) -> This regulation implements the Rotterdam Convention in the EU (Rotterdam Convention, 2017). The objectives of the regulation are to “promote shared responsibility and cooperative efforts in the international movement of hazardous chemicals in order to protect human health and the environment from potential harm” and “contribute to the environmentally sound use of hazardous chemicals” (Article 1). It also ensures that CLP requirements apply to chemicals when exported from the EU to third party countries. | F19: =VLOOKUP($B19,'Legislation tool - TO HIDE'!$B$48:$K$78,3,FALSE) -> Will definitely be triggered
B20: CAD Regulation | D20: =VLOOKUP($B20,'Legislation tool - TO HIDE'!$B$48:$K$78,2,FALSE) -> The directive on the protection of the health and safety of workers from the risks related to chemical agents at work (CAD) (98/24/EC) “lays down minimum requirements for the protection of workers from risks to their safety and health arising, or likely to arise, from the effects of chemical agents that are present at the workplace or as a result of any work activity involving chemical agents” (Article 1(1)). The scope of the regulation covers “[…] where hazardous chemical agents are present or may be present at the workplace […]” (Article 1(2)). | F20: =VLOOKUP($B20,'Legislation tool - TO HIDE'!$B$48:$K$78,3,FALSE) -> It is currently unclear if this will be triggered, as it may already be in place
B21: Pregnant Workers Directive | D21: =VLOOKUP($B21,'Legislation tool - TO HIDE'!$B$48:$K$78,2,FALSE) -> The directive is “[…] to implement measures to encourage improvements in the safety and health at work of pregnant workers and workers who have recently given birth or who are breastfeeding” (Article 1(1)). This statement also defines the scope of the regulation. | F21: =VLOOKUP($B21,'Legislation tool - TO HIDE'!$B$48:$K$78,3,FALSE) -> Will potentially be triggered
B22: Young Workers Protection Directive | D22: =VLOOKUP($B22,'Legislation tool - TO HIDE'!$B$48:$K$78,2,FALSE) -> According to this directive “[…] Member States shall ensure in general that employers guarantee that young people have working conditions which suit their age. They shall ensure that young people are protected against economic exploitation and against any work likely to harm their safety, health or physical, mental, moral or social development or to jeopardize their education” (Article 1(3)). The scope of the regulation is anyone under the age of 18 with an employment contract/employment relationship, although in some Member States this may not apply for short-term work (e.g. domestic service or work not considered harmful and in a family undertaking) (Article 2). | F22: =VLOOKUP($B22,'Legislation tool - TO HIDE'!$B$48:$K$78,3,FALSE) -> Will potentially be triggered
B23: Water Framework Directive | D23: =VLOOKUP($B23,'Legislation tool - TO HIDE'!$B$48:$K$78,2,FALSE) -> The main objectives of the Water Framework Directive (2000, Article 1) are to protect and enhance the status of aquatic ecosystems, eliminate hazardous substances and to ensure sufficient supply of food quality surface and ground water. The Directive sets out indicators (e.g. biological, chemical and ecological) for determining the status of water quality, but it is up to each Member State to identify and implement the appropriate measures to achieve ‘good water status’ in its waterbodies. | F23: =VLOOKUP($B23,'Legislation tool - TO HIDE'!$B$48:$K$78,3,FALSE) -> It is currently unclear if this will be triggered, as it may already be in place
B24: Ground Water Directive | D24: =VLOOKUP($B24,'Legislation tool - TO HIDE'!$B$48:$K$78,2,FALSE) -> The purpose of the Groundwater directive is to establish “[…] specific measures as provided for in Article 17(1) and (2) of Directive 2000/60/EC in order to prevent and control groundwater pollution.” (Groundwater Directive, 2006, Article 1). The Groundwater Directive is closely linked to the Water Framework Directive (Directive 2000/60/EC), but it sets out additional, complementary criteria for assessing ‘good groundwater chemical status’ and criteria for “[…] the identification and reversal of significant and sustained upward trends and for the definition of starting points for trend reversals.” (Article 1). | F24: =VLOOKUP($B24,'Legislation tool - TO HIDE'!$B$48:$K$78,3,FALSE) -> It is currently unclear if this will be triggered, as it may already be in place
... B43: Waste Packaging Directive | D43: =VLOOKUP($B43,'Legislation tool - TO HIDE'!$B$48:$K$78,2,FALSE) -> The purpose of the directive is “to harmonize national measures concerning the management of packaging and packaging waste in order” both for environmental reasons and to allow for the smooth functioning of trade within the EU (Article 1). The scope of the legislation “covers all packaging placed on the market in the Community and all packaging waste, whether it is used or released at industrial, commercial, office, shop, service, household or any other level, regardless of the material used”. Under Article 3 of the directive, a packaging is defined as a product that is made of any material for “containment, protection, handling, delivery and presentation of goods” (Article 3), which may include some uses of silver – say in refrigeration of food items. | F43: =VLOOKUP($B43,'Legislation tool - TO HIDE'!$B$48:$K$78,3,FALSE) -> It is currently unclear if this will be triggered, as it may already be in place
B45: Q16. Are there any additional legislation you believe will be triggered?
B46: Please note, there are three parts (A, B and C) to this question.
B48: A. Are there any EU/national legislation you believe we have missed? | F48: B. What additional legislation will be triggered? | G48: C. Please provide some explanation on how this legislation affects your business and is triggered by a Repro. 1B classification.
B49: Survey tips: | C49: Please note, that some national legislation may be the translation of EU directives into national legislature. These should not be included below, as the impacts of these legislation will already be included in the list in Q15. | F49: Space has been provided for additional legislation. Please fill in one legislation per box. | G49: Please provide as much detail as possible.
B52: Thank you for taking the time to complete this information. Please now continue on to (6) Impacts.

Sheet (6) Impacts
B2: (6) Impacts
B4: =IF('(1) Your organisation'!B16=" On behalf of my sector", "The legislation presented in (5) will result in a variety of different impacts to your members of your sector association."&" We have identified seven broad categories of additional impacts due to the proposed Repr. 1B classification:"&" (I) labelling requirements; (II) monitoring and data collection; (III) requirements for personnel/employees; (IV) risk management measures; (V) limiting the use of silver;"&" (VI) administrative requirement; (VII) knock-on effects on sales. Each of these may have one or more specific impacts/costs on your members.", "The legislation presented in (5) will result in a variety of different impacts to your organisation."&" We have identified seven broad categories of additional impacts due to the proposed Repr. 1B classification:"&" (I) labelling requirements; (II) monitoring and data collection; (III) requirements for personnel/employees; (IV) risk management measures; (V) limiting the use of silver;"&" (VI) administrative requirement; (VII) knock-on effects on sales. Each of these may have one or more specific impacts/costs on your organisation.") -> The legislation presented in (5) will result in a variety of different impacts to your organisation. We have identified seven broad categories of additional impacts due to the proposed Repr. 1B classification: (I) labelling requirements; (II) monitoring and data collection; (III) requirements for personnel/employees; (IV) risk management measures; (V) limiting the use of silver; (VI) administrative requirement; (VII) knock-on effects on sales. Each of these may have one or more specific impacts/costs on your organisation.
B5: This tab includes Q17 to Q23. Please note that the tables on the legislations and requirements (in grey) are for information only and will automatically populate (depending on your uses of the silver substances). As seen before, responses will be required for the cells in green, below the grey tables. As some of the text may be hidden given the row size, please select each of the legislations tables and press the wrap text button (see an example of this below) in the formatting options of your Excel software to expand all of the relevant cells.
B8: Q17. What are the impacts of additional labelling requirements?
B10: The Repr. 1B classification is likely to require additional labelling requirements for the following legislation. For a more general description of the legislation, please refer back to (5) Legislation.
B12: Legislation | C12: Likelihood of being triggered | D12: Requirements of legislation
B13: =IFERROR(INDEX('Legislation tool - TO HIDE'!$AM$14:$AM$41,_xlfn.AGGREGATE(15,3,('Legislation tool - TO HIDE'!$AN$14:$AN$41="y")/('Legislation tool - TO HIDE'!$AN$14:$AN$41="y")*(ROW('Legislation tool - TO HIDE'!$AN$14:$AN$41)-ROW('Legislation tool - TO HIDE'!$AM$13)),ROWS('Legislation tool - TO HIDE'!$AO$14:AO14))), "") | C13: =IF(B13="", "", VLOOKUP(B13,'Legislation tool - TO HIDE'!$B$48:$K$76,3,FALSE)) | D13: =IF(B13="", "", VLOOKUP(B13,'Legislation tool - TO HIDE'!$B$48:$K$76,4,FALSE))
B14: =IFERROR(INDEX('Legislation tool - TO HIDE'!$AM$14:$AM$41,_xlfn.AGGREGATE(15,3,('Legislation tool - TO HIDE'!$AN$14:$AN$41="y")/('Legislation tool - TO HIDE'!$AN$14:$AN$41="y")*(ROW('Legislation tool - TO HIDE'!$AN$14:$AN$41)-ROW('Legislation tool - TO HIDE'!$AM$13)),ROWS('Legislation tool - TO HIDE'!$AO$14:AO15))), "") | C14: =IF(B14="", "", VLOOKUP(B14,'Legislation tool - TO HIDE'!$B$48:$K$76,3,FALSE)) | D14: =IF(B14="", "", VLOOKUP(B14,'Legislation tool - TO HIDE'!$B$48:$K$76,4,FALSE))
B15: =IFERROR(INDEX('Legislation tool - TO HIDE'!$AM$14:$AM$41,_xlfn.AGGREGATE(15,3,('Legislation tool - TO HIDE'!$AN$14:$AN$41="y")/('Legislation tool - TO HIDE'!$AN$14:$AN$41="y")*(ROW('Legislation tool - TO HIDE'!$AN$14:$AN$41)-ROW('Legislation tool - TO HIDE'!$AM$13)),ROWS('Legislation tool - TO HIDE'!$AO$14:AO16))), "") | C15: =IF(B15="", "", VLOOKUP(B15,'Legislation tool - TO HIDE'!$B$48:$K$76,3,FALSE)) | D15: =IF(B15="", "", VLOOKUP(B15,'Legislation tool - TO HIDE'!$B$48:$K$76,4,FALSE))
B16: =IFERROR(INDEX('Legislation tool - TO HIDE'!$AM$14:$AM$41,_xlfn.AGGREGATE(15,3,('Legislation tool - TO HIDE'!$AN$14:$AN$41="y")/('Legislation tool - TO HIDE'!$AN$14:$AN$41="y")*(ROW('Legislation tool - TO HIDE'!$AN$14:$AN$41)-ROW('Legislation tool - TO HIDE'!$AM$13)),ROWS('Legislation tool - TO HIDE'!$AO$14:AO17))), "") | C16: =IF(B16="", "", VLOOKUP(B16,'Legislation tool - TO HIDE'!$B$48:$K$76,3,FALSE)) | D16: =IF(B16="", "", VLOOKUP(B16,'Legislation tool - TO HIDE'!$B$48:$K$76,4,FALSE))
B17: =IFERROR(INDEX('Legislation tool - TO HIDE'!$AM$14:$AM$41,_xlfn.AGGREGATE(15,3,('Legislation tool - TO HIDE'!$AN$14:$AN$41="y")/('Legislation tool - TO HIDE'!$AN$14:$AN$41="y")*(ROW('Legislation tool - TO HIDE'!$AN$14:$AN$41)-ROW('Legislation tool - TO HIDE'!$AM$13)),ROWS('Legislation tool - TO HIDE'!$AO$14:AO18))), "") | C17: =IF(B17="", "", VLOOKUP(B17,'Legislation tool - TO HIDE'!$B$48:$K$76,3,FALSE)) | D17: =IF(B17="", "", VLOOKUP(B17,'Legislation tool - TO HIDE'!$B$48:$K$76,4,FALSE))
B18: =IFERROR(INDEX('Legislation tool - TO HIDE'!$AM$14:$AM$41,_xlfn.AGGREGATE(15,3,('Legislation tool - TO HIDE'!$AN$14:$AN$41="y")/('Legislation tool - TO HIDE'!$AN$14:$AN$41="y")*(ROW('Legislation tool - TO HIDE'!$AN$14:$AN$41)-ROW('Legislation tool - TO HIDE'!$AM$13)),ROWS('Legislation tool - TO HIDE'!$AO$14:AO19))), "") | C18: =IF(B18="", "", VLOOKUP(B18,'Legislation tool - TO HIDE'!$B$48:$K$76,3,FALSE)) | D18: =IF(B18="", "", VLOOKUP(B18,'Legislation tool - TO HIDE'!$B$48:$K$76,4,FALSE))
B19: =IFERROR(INDEX('Legislation tool - TO HIDE'!$AM$14:$AM$41,_xlfn.AGGREGATE(15,3,('Legislation tool - TO HIDE'!$AN$14:$AN$41="y")/('Legislation tool - TO HIDE'!$AN$14:$AN$41="y")*(ROW('Legislation tool - TO HIDE'!$AN$14:$AN$41)-ROW('Legislation tool - TO HIDE'!$AM$13)),ROWS('Legislation tool - TO HIDE'!$AO$14:AO20))), "") | C19: =IF(B19="", "", VLOOKUP(B19,'Legislation tool - TO HIDE'!$B$48:$K$76,3,FALSE)) | D19: =IF(B19="", "", VLOOKUP(B19,'Legislation tool - TO HIDE'!$B$48:$K$76,4,FALSE))
B20: =IFERROR(INDEX('Legislation tool - TO HIDE'!$AM$14:$AM$41,_xlfn.AGGREGATE(15,3,('Legislation tool - TO HIDE'!$AN$14:$AN$41="y")/('Legislation tool - TO HIDE'!$AN$14:$AN$41="y")*(ROW('Legislation tool - TO HIDE'!$AN$14:$AN$41)-ROW('Legislation tool - TO HIDE'!$AM$13)),ROWS('Legislation tool - TO HIDE'!$AO$14:AO21))), "") | C20: =IF(B20="", "", VLOOKUP(B20,'Legislation tool - TO HIDE'!$B$48:$K$76,3,FALSE)) | D20: =IF(B20="", "", VLOOKUP(B20,'Legislation tool - TO HIDE'!$B$48:$K$76,4,FALSE))
B21: =IFERROR(INDEX('Legislation tool - TO HIDE'!$AM$14:$AM$41,_xlfn.AGGREGATE(15,3,('Legislation tool - TO HIDE'!$AN$14:$AN$41="y")/('Legislation tool - TO HIDE'!$AN$14:$AN$41="y")*(ROW('Legislation tool - TO HIDE'!$AN$14:$AN$41)-ROW('Legislation tool - TO HIDE'!$AM$13)),ROWS('Legislation tool - TO HIDE'!$AO$14:AO22))), "") | C21: =IF(B21="", "", VLOOKUP(B21,'Legislation tool - TO HIDE'!$B$48:$K$76,3,FALSE)) | D21: =IF(B21="", "", VLOOKUP(B21,'Legislation tool - TO HIDE'!$B$48:$K$76,4,FALSE))
B22: =IFERROR(INDEX('Legislation tool - TO HIDE'!$AM$14:$AM$41,_xlfn.AGGREGATE(15,3,('Legislation tool - TO HIDE'!$AN$14:$AN$41="y")/('Legislation tool - TO HIDE'!$AN$14:$AN$41="y")*(ROW('Legislation tool - TO HIDE'!$AN$14:$AN$41)-ROW('Legislation tool - TO HIDE'!$AM$13)),ROWS('Legislation tool - TO HIDE'!$AO$14:AO23))), "") | C22: =IF(B22="", "", VLOOKUP(B22,'Legislation tool - TO HIDE'!$B$48:$K$76,3,FALSE)) | D22: =IF(B22="", "", VLOOKUP(B22,'Legislation tool - TO HIDE'!$B$48:$K$76,4,FALSE))
B23: =IFERROR(INDEX('Legislation tool - TO HIDE'!$AM$14:$AM$41,_xlfn.AGGREGATE(15,3,('Legislation tool - TO HIDE'!$AN$14:$AN$41="y")/('Legislation tool - TO HIDE'!$AN$14:$AN$41="y")*(ROW('Legislation tool - TO HIDE'!$AN$14:$AN$41)-ROW('Legislation tool - TO HIDE'!$AM$13)),ROWS('Legislation tool - TO HIDE'!$AO$14:AO24))), "") | C23: =IF(B23="", "", VLOOKUP(B23,'Legislation tool - TO HIDE'!$B$48:$K$76,3,FALSE)) | D23: =IF(B23="", "", VLOOKUP(B23,'Legislation tool - TO HIDE'!$B$48:$K$76,4,FALSE))
B24: =IFERROR(INDEX('Legislation tool - TO HIDE'!$AM$14:$AM$41,_xlfn.AGGREGATE(15,3,('Legislation tool - TO HIDE'!$AN$14:$AN$41="y")/('Legislation tool - TO HIDE'!$AN$14:$AN$41="y")*(ROW('Legislation tool - TO HIDE'!$AN$14:$AN$41)-ROW('Legislation tool - TO HIDE'!$AM$13)),ROWS('Legislation tool - TO HIDE'!$AO$14:AO25))), "") | C24: =IF(B24="", "", VLOOKUP(B24,'Legislation tool - TO HIDE'!$B$48:$K$76,3,FALSE)) | D24: =IF(B24="", "", VLOOKUP(B24,'Legislation tool - TO HIDE'!$B$48:$K$76,4,FALSE))
... B41: =IFERROR(INDEX('Legislation tool - TO HIDE'!$AM$14:$AM$41,_xlfn.AGGREGATE(15,3,('Legislation tool - TO HIDE'!$AN$14:$AN$41="y")/('Legislation tool - TO HIDE'!$AN$14:$AN$41="y")*(ROW('Legislation tool - TO HIDE'!$AN$14:$AN$41)-ROW('Legislation tool - TO HIDE'!$AM$13)),ROWS('Legislation tool - TO HIDE'!$AO$14:AO42))), "") | C41: =IF(B41="", "", VLOOKUP(B41,'Legislation tool - TO HIDE'!$B$48:$K$76,3,FALSE)) | D41: =IF(B41="", "", VLOOKUP(B41,'Legislation tool - TO HIDE'!$B$48:$K$76,4,FALSE))
B43: The specific costs of the legislation include the cost of packaging and labelling.
B45: What are the additional costs of implementing these labelling requirements?
B47: A. How long would it take to implement these changes? | C47: B. What is the one-off cost of updating existing labelling and packaging? | D47: C. What is the one-off cost of disposing of old labelling and packaging. | E47: D. Please provide details of any other additional costs that you expect.
B48: Please select from the dropdown | C48: Please select from the dropdown. Select the value that is approximately closest. | D48: Please select from the dropdown. Select the value that is approximately closest.
B49: Less than one year | C49: Approximately €10k | D49: Approximately €5k | E49: -
B52: Q18. What are the impacts of additional monitoring and data collection?
B54: The Repr. 1B classification is likely to require additional monitoring and data collection for the following legislation. For a more general description of the legislation, please refer back to (5) Legislation.
B56: Legislation | C56: Likelihood of being triggered | D56: Requirements of legislation
B57: =IFERROR(INDEX('Legislation tool - TO HIDE'!$AM$14:$AM$41,_xlfn.AGGREGATE(15,3,('Legislation tool - TO HIDE'!$AN$14:$AN$41="y")/('Legislation tool - TO HIDE'!$AN$14:$AN$41="y")*(ROW('Legislation tool - TO HIDE'!$AN$14:$AN$41)-ROW('Legislation tool - TO HIDE'!$AM$13)),ROWS('Legislation tool - TO HIDE'!$AO$14:AO14))), "") | C57: =IF(B57="", "", VLOOKUP(B57,'Legislation tool - TO HIDE'!$B$48:$K$76,3,FALSE)) | D57: =IF(B57="", "", VLOOKUP(B57,'Legislation tool - TO HIDE'!$B$48:$K$76,5,FALSE))
B58: =IFERROR(INDEX('Legislation tool - TO HIDE'!$AM$14:$AM$41,_xlfn.AGGREGATE(15,3,('Legislation tool - TO HIDE'!$AN$14:$AN$41="y")/('Legislation tool - TO HIDE'!$AN$14:$AN$41="y")*(ROW('Legislation tool - TO HIDE'!$AN$14:$AN$41)-ROW('Legislation tool - TO HIDE'!$AM$13)),ROWS('Legislation tool - TO HIDE'!$AO$14:AO15))), "") | C58: =IF(B58="", "", VLOOKUP(B58,'Legislation tool - TO HIDE'!$B$48:$K$76,3,FALSE)) | D58: =IF(B58="", "", VLOOKUP(B58,'Legislation tool - TO HIDE'!$B$48:$K$76,5,FALSE))
B59: =IFERROR(INDEX('Legislation tool - TO HIDE'!$AM$14:$AM$41,_xlfn.AGGREGATE(15,3,('Legislation tool - TO HIDE'!$AN$14:$AN$41="y")/('Legislation tool - TO HIDE'!$AN$14:$AN$41="y")*(ROW('Legislation tool - TO HIDE'!$AN$14:$AN$41)-ROW('Legislation tool - TO HIDE'!$AM$13)),ROWS('Legislation tool - TO HIDE'!$AO$14:AO16))), "") | C59: =IF(B59="", "", VLOOKUP(B59,'Legislation tool - TO HIDE'!$B$48:$K$76,3,FALSE)) | D59: =IF(B59="", "", VLOOKUP(B59,'Legislation tool - TO HIDE'!$B$48:$K$76,5,FALSE))
B60: =IFERROR(INDEX('Legislation tool - TO HIDE'!$AM$14:$AM$41,_xlfn.AGGREGATE(15,3,('Legislation tool - TO HIDE'!$AN$14:$AN$41="y")/('Legislation tool - TO HIDE'!$AN$14:$AN$41="y")*(ROW('Legislation tool - TO HIDE'!$AN$14:$AN$41)-ROW('Legislation tool - TO HIDE'!$AM$13)),ROWS('Legislation tool - TO HIDE'!$AO$14:AO17))), "") | C60: =IF(B60="", "", VLOOKUP(B60,'Legislation tool - TO HIDE'!$B$48:$K$76,3,FALSE)) | D60: =IF(B60="", "", VLOOKUP(B60,'Legislation tool - TO HIDE'!$B$48:$K$76,5,FALSE))
B61: =IFERROR(INDEX('Legislation tool - TO HIDE'!$AM$14:$AM$41,_xlfn.AGGREGATE(15,3,('Legislation tool - TO HIDE'!$AN$14:$AN$41="y")/('Legislation tool - TO HIDE'!$AN$14:$AN$41="y")*(ROW('Legislation tool - TO HIDE'!$AN$14:$AN$41)-ROW('Legislation tool - TO HIDE'!$AM$13)),ROWS('Legislation tool - TO HIDE'!$AO$14:AO18))), "") | C61: =IF(B61="", "", VLOOKUP(B61,'Legislation tool - TO HIDE'!$B$48:$K$76,3,FALSE)) | D61: =IF(B61="", "", VLOOKUP(B61,'Legislation tool - TO HIDE'!$B$48:$K$76,5,FALSE))
B62: =IFERROR(INDEX('Legislation tool - TO HIDE'!$AM$14:$AM$41,_xlfn.AGGREGATE(15,3,('Legislation tool - TO HIDE'!$AN$14:$AN$41="y")/('Legislation tool - TO HIDE'!$AN$14:$AN$41="y")*(ROW('Legislation tool - TO HIDE'!$AN$14:$AN$41)-ROW('Legislation tool - TO HIDE'!$AM$13)),ROWS('Legislation tool - TO HIDE'!$AO$14:AO19))), "") | C62: =IF(B62="", "", VLOOKUP(B62,'Legislation tool - TO HIDE'!$B$48:$K$76,3,FALSE)) | D62: =IF(B62="", "", VLOOKUP(B62,'Legislation tool - TO HIDE'!$B$48:$K$76,5,FALSE))
B63: =IFERROR(INDEX('Legislation tool - TO HIDE'!$AM$14:$AM$41,_xlfn.AGGREGATE(15,3,('Legislation tool - TO HIDE'!$AN$14:$AN$41="y")/('Legislation tool - TO HIDE'!$AN$14:$AN$41="y")*(ROW('Legislation tool - TO HIDE'!$AN$14:$AN$41)-ROW('Legislation tool - TO HIDE'!$AM$13)),ROWS('Legislation tool - TO HIDE'!$AO$14:AO20))), "") | C63: =IF(B63="", "", VLOOKUP(B63,'Legislation tool - TO HIDE'!$B$48:$K$76,3,FALSE)) | D63: =IF(B63="", "", VLOOKUP(B63,'Legislation tool - TO HIDE'!$B$48:$K$76,5,FALSE))
B64: =IFERROR(INDEX('Legislation tool - TO HIDE'!$AM$14:$AM$41,_xlfn.AGGREGATE(15,3,('Legislation tool - TO HIDE'!$AN$14:$AN$41="y")/('Legislation tool - TO HIDE'!$AN$14:$AN$41="y")*(ROW('Legislation tool - TO HIDE'!$AN$14:$AN$41)-ROW('Legislation tool - TO HIDE'!$AM$13)),ROWS('Legislation tool - TO HIDE'!$AO$14:AO21))), "") | C64: =IF(B64="", "", VLOOKUP(B64,'Legislation tool - TO HIDE'!$B$48:$K$76,3,FALSE)) | D64: =IF(B64="", "", VLOOKUP(B64,'Legislation tool - TO HIDE'!$B$48:$K$76,5,FALSE))
B65: =IFERROR(INDEX('Legislation tool - TO HIDE'!$AM$14:$AM$41,_xlfn.AGGREGATE(15,3,('Legislation tool - TO HIDE'!$AN$14:$AN$41="y")/('Legislation tool - TO HIDE'!$AN$14:$AN$41="y")*(ROW('Legislation tool - TO HIDE'!$AN$14:$AN$41)-ROW('Legislation tool - TO HIDE'!$AM$13)),ROWS('Legislation tool - TO HIDE'!$AO$14:AO22))), "") | C65: =IF(B65="", "", VLOOKUP(B65,'Legislation tool - TO HIDE'!$B$48:$K$76,3,FALSE)) | D65: =IF(B65="", "", VLOOKUP(B65,'Legislation tool - TO HIDE'!$B$48:$K$76,5,FALSE))
B66: =IFERROR(INDEX('Legislation tool - TO HIDE'!$AM$14:$AM$41,_xlfn.AGGREGATE(15,3,('Legislation tool - TO HIDE'!$AN$14:$AN$41="y")/('Legislation tool - TO HIDE'!$AN$14:$AN$41="y")*(ROW('Legislation tool - TO HIDE'!$AN$14:$AN$41)-ROW('Legislation tool - TO HIDE'!$AM$13)),ROWS('Legislation tool - TO HIDE'!$AO$14:AO23))), "") | C66: =IF(B66="", "", VLOOKUP(B66,'Legislation tool - TO HIDE'!$B$48:$K$76,3,FALSE)) | D66: =IF(B66="", "", VLOOKUP(B66,'Legislation tool - TO HIDE'!$B$48:$K$76,5,FALSE))
B67: =IFERROR(INDEX('Legislation tool - TO HIDE'!$AM$14:$AM$41,_xlfn.AGGREGATE(15,3,('Legislation tool - TO HIDE'!$AN$14:$AN$41="y")/('Legislation tool - TO HIDE'!$AN$14:$AN$41="y")*(ROW('Legislation tool - TO HIDE'!$AN$14:$AN$41)-ROW('Legislation tool - TO HIDE'!$AM$13)),ROWS('Legislation tool - TO HIDE'!$AO$14:AO24))), "") | C67: =IF(B67="", "", VLOOKUP(B67,'Legislation tool - TO HIDE'!$B$48:$K$76,3,FALSE)) | D67: =IF(B67="", "", VLOOKUP(B67,'Legislation tool - TO HIDE'!$B$48:$K$76,5,FALSE))
B68: =IFERROR(INDEX('Legislation tool - TO HIDE'!$AM$14:$AM$41,_xlfn.AGGREGATE(15,3,('Legislation tool - TO HIDE'!$AN$14:$AN$41="y")/('Legislation tool - TO HIDE'!$AN$14:$AN$41="y")*(ROW('Legislation tool - TO HIDE'!$AN$14:$AN$41)-ROW('Legislation tool - TO HIDE'!$AM$13)),ROWS('Legislation tool - TO HIDE'!$AO$14:AO25))), "") | C68: =IF(B68="", "", VLOOKUP(B68,'Legislation tool - TO HIDE'!$B$48:$K$76,3,FALSE)) | D68: =IF(B68="", "", VLOOKUP(B68,'Legislation tool - TO HIDE'!$B$48:$K$76,5,FALSE))
... B85: =IFERROR(INDEX('Legislation tool - TO HIDE'!$AM$14:$AM$41,_xlfn.AGGREGATE(15,3,('Legislation tool - TO HIDE'!$AN$14:$AN$41="y")/('Legislation tool - TO HIDE'!$AN$14:$AN$41="y")*(ROW('Legislation tool - TO HIDE'!$AN$14:$AN$41)-ROW('Legislation tool - TO HIDE'!$AM$13)),ROWS('Legislation tool - TO HIDE'!$AO$14:AO42))), "") | C85: =IF(B85="", "", VLOOKUP(B85,'Legislation tool - TO HIDE'!$B$48:$K$76,3,FALSE)) | D85: =IF(B85="", "", VLOOKUP(B85,'Legislation tool - TO HIDE'!$B$48:$K$76,5,FALSE))
B87: What are the additional costs of implementing monitoring and data collection?
B89: A. What is the expected one-off cost of collecting data for the various assessments? | C89: B. What is the cost of implementing the additional monitoring programme? | F89: C. Please provide details of any other additional costs that you expect.
C90: What is the one-off cost of implementing the additional monitoring programme? | D90: How long would it take to implement this? | E90: What is the additional annual cost of undertaking the monitoring?
B91: Please select from the dropdown the value that is approximately closest. | C91: Please select from the dropdown the value that is approximately closest. | D91: Please select from the dropdown the value that is approximately closest. | E91: Please select from the dropdown. Please note that this should not include what you currently pay.
B92: Approximately €10k | C92: Approximately €10k | D92: Less than one year | E92: Approximately €5k/year | F92: -
B95: Q19. What are the impacts of additional requirements for personnel?
B97: The Repr. 1B classification is likely to make requirements on personnel for the following legislation. For a more general description of the legislation, please refer back to (5) Legislation.
B99: Legislation | C99: Likelihood of being triggered | D99: Requirements of legislation
B100: =IFERROR(INDEX('Legislation tool - TO HIDE'!$AM$14:$AM$41,_xlfn.AGGREGATE(15,3,('Legislation tool - TO HIDE'!$AN$14:$AN$41="y")/('Legislation tool - TO HIDE'!$AN$14:$AN$41="y")*(ROW('Legislation tool - TO HIDE'!$AN$14:$AN$41)-ROW('Legislation tool - TO HIDE'!$AM$13)),ROWS('Legislation tool - TO HIDE'!$AO$14:AO14))), "") | C100: =IF(B100="", "", VLOOKUP(B100,'Legislation tool - TO HIDE'!$B$48:$K$76,3,FALSE)) | D100: =IF(B100="", "", VLOOKUP(B100,'Legislation tool - TO HIDE'!$B$48:$K$76,6,FALSE))
B101: =IFERROR(INDEX('Legislation tool - TO HIDE'!$AM$14:$AM$41,_xlfn.AGGREGATE(15,3,('Legislation tool - TO HIDE'!$AN$14:$AN$41="y")/('Legislation tool - TO HIDE'!$AN$14:$AN$41="y")*(ROW('Legislation tool - TO HIDE'!$AN$14:$AN$41)-ROW('Legislation tool - TO HIDE'!$AM$13)),ROWS('Legislation tool - TO HIDE'!$AO$14:AO15))), "") | C101: =IF(B101="", "", VLOOKUP(B101,'Legislation tool - TO HIDE'!$B$48:$K$76,3,FALSE)) | D101: =IF(B101="", "", VLOOKUP(B101,'Legislation tool - TO HIDE'!$B$48:$K$76,6,FALSE))
B102: =IFERROR(INDEX('Legislation tool - TO HIDE'!$AM$14:$AM$41,_xlfn.AGGREGATE(15,3,('Legislation tool - TO HIDE'!$AN$14:$AN$41="y")/('Legislation tool - TO HIDE'!$AN$14:$AN$41="y")*(ROW('Legislation tool - TO HIDE'!$AN$14:$AN$41)-ROW('Legislation tool - TO HIDE'!$AM$13)),ROWS('Legislation tool - TO HIDE'!$AO$14:AO16))), "") | C102: =IF(B102="", "", VLOOKUP(B102,'Legislation tool - TO HIDE'!$B$48:$K$76,3,FALSE)) | D102: =IF(B102="", "", VLOOKUP(B102,'Legislation tool - TO HIDE'!$B$48:$K$76,6,FALSE))
B103: =IFERROR(INDEX('Legislation tool - TO HIDE'!$AM$14:$AM$41,_xlfn.AGGREGATE(15,3,('Legislation tool - TO HIDE'!$AN$14:$AN$41="y")/('Legislation tool - TO HIDE'!$AN$14:$AN$41="y")*(ROW('Legislation tool - TO HIDE'!$AN$14:$AN$41)-ROW('Legislation tool - TO HIDE'!$AM$13)),ROWS('Legislation tool - TO HIDE'!$AO$14:AO17))), "") | C103: =IF(B103="", "", VLOOKUP(B103,'Legislation tool - TO HIDE'!$B$48:$K$76,3,FALSE)) | D103: =IF(B103="", "", VLOOKUP(B103,'Legislation tool - TO HIDE'!$B$48:$K$76,6,FALSE))
B104: =IFERROR(INDEX('Legislation tool - TO HIDE'!$AM$14:$AM$41,_xlfn.AGGREGATE(15,3,('Legislation tool - TO HIDE'!$AN$14:$AN$41="y")/('Legislation tool - TO HIDE'!$AN$14:$AN$41="y")*(ROW('Legislation tool - TO HIDE'!$AN$14:$AN$41)-ROW('Legislation tool - TO HIDE'!$AM$13)),ROWS('Legislation tool - TO HIDE'!$AO$14:AO18))), "") | C104: =IF(B104="", "", VLOOKUP(B104,'Legislation tool - TO HIDE'!$B$48:$K$76,3,FALSE)) | D104: =IF(B104="", "", VLOOKUP(B104,'Legislation tool - TO HIDE'!$B$48:$K$76,6,FALSE))
B105: =IFERROR(INDEX('Legislation tool - TO HIDE'!$AM$14:$AM$41,_xlfn.AGGREGATE(15,3,('Legislation tool - TO HIDE'!$AN$14:$AN$41="y")/('Legislation tool - TO HIDE'!$AN$14:$AN$41="y")*(ROW('Legislation tool - TO HIDE'!$AN$14:$AN$41)-ROW('Legislation tool - TO HIDE'!$AM$13)),ROWS('Legislation tool - TO HIDE'!$AO$14:AO19))), "") | C105: =IF(B105="", "", VLOOKUP(B105,'Legislation tool - TO HIDE'!$B$48:$K$76,3,FALSE)) | D105: =IF(B105="", "", VLOOKUP(B105,'Legislation tool - TO HIDE'!$B$48:$K$76,6,FALSE))
B106: =IFERROR(INDEX('Legislation tool - TO HIDE'!$AM$14:$AM$41,_xlfn.AGGREGATE(15,3,('Legislation tool - TO HIDE'!$AN$14:$AN$41="y")/('Legislation tool - TO HIDE'!$AN$14:$AN$41="y")*(ROW('Legislation tool - TO HIDE'!$AN$14:$AN$41)-ROW('Legislation tool - TO HIDE'!$AM$13)),ROWS('Legislation tool - TO HIDE'!$AO$14:AO20))), "") | C106: =IF(B106="", "", VLOOKUP(B106,'Legislation tool - TO HIDE'!$B$48:$K$76,3,FALSE)) | D106: =IF(B106="", "", VLOOKUP(B106,'Legislation tool - TO HIDE'!$B$48:$K$76,6,FALSE))
B107: =IFERROR(INDEX('Legislation tool - TO HIDE'!$AM$14:$AM$41,_xlfn.AGGREGATE(15,3,('Legislation tool - TO HIDE'!$AN$14:$AN$41="y")/('Legislation tool - TO HIDE'!$AN$14:$AN$41="y")*(ROW('Legislation tool - TO HIDE'!$AN$14:$AN$41)-ROW('Legislation tool - TO HIDE'!$AM$13)),ROWS('Legislation tool - TO HIDE'!$AO$14:AO21))), "") | C107: =IF(B107="", "", VLOOKUP(B107,'Legislation tool - TO HIDE'!$B$48:$K$76,3,FALSE)) | D107: =IF(B107="", "", VLOOKUP(B107,'Legislation tool - TO HIDE'!$B$48:$K$76,6,FALSE))
B108: =IFERROR(INDEX('Legislation tool - TO HIDE'!$AM$14:$AM$41,_xlfn.AGGREGATE(15,3,('Legislation tool - TO HIDE'!$AN$14:$AN$41="y")/('Legislation tool - TO HIDE'!$AN$14:$AN$41="y")*(ROW('Legislation tool - TO HIDE'!$AN$14:$AN$41)-ROW('Legislation tool - TO HIDE'!$AM$13)),ROWS('Legislation tool - TO HIDE'!$AO$14:AO22))), "") | C108: =IF(B108="", "", VLOOKUP(B108,'Legislation tool - TO HIDE'!$B$48:$K$76,3,FALSE)) | D108: =IF(B108="", "", VLOOKUP(B108,'Legislation tool - TO HIDE'!$B$48:$K$76,6,FALSE))
B109: =IFERROR(INDEX('Legislation tool - TO HIDE'!$AM$14:$AM$41,_xlfn.AGGREGATE(15,3,('Legislation tool - TO HIDE'!$AN$14:$AN$41="y")/('Legislation tool - TO HIDE'!$AN$14:$AN$41="y")*(ROW('Legislation tool - TO HIDE'!$AN$14:$AN$41)-ROW('Legislation tool - TO HIDE'!$AM$13)),ROWS('Legislation tool - TO HIDE'!$AO$14:AO23))), "") | C109: =IF(B109="", "", VLOOKUP(B109,'Legislation tool - TO HIDE'!$B$48:$K$76,3,FALSE)) | D109: =IF(B109="", "", VLOOKUP(B109,'Legislation tool - TO HIDE'!$B$48:$K$76,6,FALSE))
B110: =IFERROR(INDEX('Legislation tool - TO HIDE'!$AM$14:$AM$41,_xlfn.AGGREGATE(15,3,('Legislation tool - TO HIDE'!$AN$14:$AN$41="y")/('Legislation tool - TO HIDE'!$AN$14:$AN$41="y")*(ROW('Legislation tool - TO HIDE'!$AN$14:$AN$41)-ROW('Legislation tool - TO HIDE'!$AM$13)),ROWS('Legislation tool - TO HIDE'!$AO$14:AO24))), "") | C110: =IF(B110="", "", VLOOKUP(B110,'Legislation tool - TO HIDE'!$B$48:$K$76,3,FALSE)) | D110: =IF(B110="", "", VLOOKUP(B110,'Legislation tool - TO HIDE'!$B$48:$K$76,6,FALSE))
B111: =IFERROR(INDEX('Legislation tool - TO HIDE'!$AM$14:$AM$41,_xlfn.AGGREGATE(15,3,('Legislation tool - TO HIDE'!$AN$14:$AN$41="y")/('Legislation tool - TO HIDE'!$AN$14:$AN$41="y")*(ROW('Legislation tool - TO HIDE'!$AN$14:$AN$41)-ROW('Legislation tool - TO HIDE'!$AM$13)),ROWS('Legislation tool - TO HIDE'!$AO$14:AO25))), "") | C111: =IF(B111="", "", VLOOKUP(B111,'Legislation tool - TO HIDE'!$B$48:$K$76,3,FALSE)) | D111: =IF(B111="", "", VLOOKUP(B111,'Legislation tool - TO HIDE'!$B$48:$K$76,6,FALSE))
... B128: =IFERROR(INDEX('Legislation tool - TO HIDE'!$AM$14:$AM$41,_xlfn.AGGREGATE(15,3,('Legislation tool - TO HIDE'!$AN$14:$AN$41="y")/('Legislation tool - TO HIDE'!$AN$14:$AN$41="y")*(ROW('Legislation tool - TO HIDE'!$AN$14:$AN$41)-ROW('Legislation tool - TO HIDE'!$AM$13)),ROWS('Legislation tool - TO HIDE'!$AO$14:AO42))), "") | C128: =IF(B128="", "", VLOOKUP(B128,'Legislation tool - TO HIDE'!$B$48:$K$76,3,FALSE)) | D128: =IF(B128="", "", VLOOKUP(B128,'Legislation tool - TO HIDE'!$B$48:$K$76,6,FALSE))
B130: What are the additional costs of implementing these requirements for personnel?
B132: A. What is the one-off cost of developing the training and information programme for workers? | C132: B. What are the expected ongoing (annual) costs of implementing the training and information programme for workers? | D132: C. What is the one-off cost of moving pregnant personnel and young workers to an alternative task? | E132: D. Please provide details of any other additional costs that you expect.
B133: Please select from the dropdown the value that is approximately closest. | C133: Please select from the dropdown the value that is approximately closest. | D133: Please select from the dropdown the value that is approximately closest.
B134: Approximately €10k | C134: Approximately €10k/year | D134: Approximately €50k | E134: -
B137: Q20. What are the impacts of additional risk management measures?
B139: The Repr. 1B classification is likely to make requirements on risk management measures for the following legislation. For a more general description of the legislation, please refer back to (5) Legislation.
B141: Legislation | C141: Likelihood of being triggered | D141: Requirements of legislation
B142: =IFERROR(INDEX('Legislation tool - TO HIDE'!$AM$14:$AM$41,_xlfn.AGGREGATE(15,3,('Legislation tool - TO HIDE'!$AN$14:$AN$41="y")/('Legislation tool - TO HIDE'!$AN$14:$AN$41="y")*(ROW('Legislation tool - TO HIDE'!$AN$14:$AN$41)-ROW('Legislation tool - TO HIDE'!$AM$13)),ROWS('Legislation tool - TO HIDE'!$AO$14:AO14))), "") | C142: =IF(B142="", "", VLOOKUP(B142,'Legislation tool - TO HIDE'!$B$48:$K$76,3,FALSE)) | D142: =IF(B142="", "", VLOOKUP(B142,'Legislation tool - TO HIDE'!$B$48:$K$76,7,FALSE))
B143: =IFERROR(INDEX('Legislation tool - TO HIDE'!$AM$14:$AM$41,_xlfn.AGGREGATE(15,3,('Legislation tool - TO HIDE'!$AN$14:$AN$41="y")/('Legislation tool - TO HIDE'!$AN$14:$AN$41="y")*(ROW('Legislation tool - TO HIDE'!$AN$14:$AN$41)-ROW('Legislation tool - TO HIDE'!$AM$13)),ROWS('Legislation tool - TO HIDE'!$AO$14:AO15))), "") | C143: =IF(B143="", "", VLOOKUP(B143,'Legislation tool - TO HIDE'!$B$48:$K$76,3,FALSE)) | D143: =IF(B143="", "", VLOOKUP(B143,'Legislation tool - TO HIDE'!$B$48:$K$76,7,FALSE))
B144: =IFERROR(INDEX('Legislation tool - TO HIDE'!$AM$14:$AM$41,_xlfn.AGGREGATE(15,3,('Legislation tool - TO HIDE'!$AN$14:$AN$41="y")/('Legislation tool - TO HIDE'!$AN$14:$AN$41="y")*(ROW('Legislation tool - TO HIDE'!$AN$14:$AN$41)-ROW('Legislation tool - TO HIDE'!$AM$13)),ROWS('Legislation tool - TO HIDE'!$AO$14:AO16))), "") | C144: =IF(B144="", "", VLOOKUP(B144,'Legislation tool - TO HIDE'!$B$48:$K$76,3,FALSE)) | D144: =IF(B144="", "", VLOOKUP(B144,'Legislation tool - TO HIDE'!$B$48:$K$76,7,FALSE))
B145: =IFERROR(INDEX('Legislation tool - TO HIDE'!$AM$14:$AM$41,_xlfn.AGGREGATE(15,3,('Legislation tool - TO HIDE'!$AN$14:$AN$41="y")/('Legislation tool - TO HIDE'!$AN$14:$AN$41="y")*(ROW('Legislation tool - TO HIDE'!$AN$14:$AN$41)-ROW('Legislation tool - TO HIDE'!$AM$13)),ROWS('Legislation tool - TO HIDE'!$AO$14:AO17))), "") | C145: =IF(B145="", "", VLOOKUP(B145,'Legislation tool - TO HIDE'!$B$48:$K$76,3,FALSE)) | D145: =IF(B145="", "", VLOOKUP(B145,'Legislation tool - TO HIDE'!$B$48:$K$76,7,FALSE))
B146: =IFERROR(INDEX('Legislation tool - TO HIDE'!$AM$14:$AM$41,_xlfn.AGGREGATE(15,3,('Legislation tool - TO HIDE'!$AN$14:$AN$41="y")/('Legislation tool - TO HIDE'!$AN$14:$AN$41="y")*(ROW('Legislation tool - TO HIDE'!$AN$14:$AN$41)-ROW('Legislation tool - TO HIDE'!$AM$13)),ROWS('Legislation tool - TO HIDE'!$AO$14:AO18))), "") | C146: =IF(B146="", "", VLOOKUP(B146,'Legislation tool - TO HIDE'!$B$48:$K$76,3,FALSE)) | D146: =IF(B146="", "", VLOOKUP(B146,'Legislation tool - TO HIDE'!$B$48:$K$76,7,FALSE))
B147: =IFERROR(INDEX('Legislation tool - TO HIDE'!$AM$14:$AM$41,_xlfn.AGGREGATE(15,3,('Legislation tool - TO HIDE'!$AN$14:$AN$41="y")/('Legislation tool - TO HIDE'!$AN$14:$AN$41="y")*(ROW('Legislation tool - TO HIDE'!$AN$14:$AN$41)-ROW('Legislation tool - TO HIDE'!$AM$13)),ROWS('Legislation tool - TO HIDE'!$AO$14:AO19))), "") | C147: =IF(B147="", "", VLOOKUP(B147,'Legislation tool - TO HIDE'!$B$48:$K$76,3,FALSE)) | D147: =IF(B147="", "", VLOOKUP(B147,'Legislation tool - TO HIDE'!$B$48:$K$76,7,FALSE))
B148: =IFERROR(INDEX('Legislation tool - TO HIDE'!$AM$14:$AM$41,_xlfn.AGGREGATE(15,3,('Legislation tool - TO HIDE'!$AN$14:$AN$41="y")/('Legislation tool - TO HIDE'!$AN$14:$AN$41="y")*(ROW('Legislation tool - TO HIDE'!$AN$14:$AN$41)-ROW('Legislation tool - TO HIDE'!$AM$13)),ROWS('Legislation tool - TO HIDE'!$AO$14:AO20))), "") | C148: =IF(B148="", "", VLOOKUP(B148,'Legislation tool - TO HIDE'!$B$48:$K$76,3,FALSE)) | D148: =IF(B148="", "", VLOOKUP(B148,'Legislation tool - TO HIDE'!$B$48:$K$76,7,FALSE))
B149: =IFERROR(INDEX('Legislation tool - TO HIDE'!$AM$14:$AM$41,_xlfn.AGGREGATE(15,3,('Legislation tool - TO HIDE'!$AN$14:$AN$41="y")/('Legislation tool - TO HIDE'!$AN$14:$AN$41="y")*(ROW('Legislation tool - TO HIDE'!$AN$14:$AN$41)-ROW('Legislation tool - TO HIDE'!$AM$13)),ROWS('Legislation tool - TO HIDE'!$AO$14:AO21))), "") | C149: =IF(B149="", "", VLOOKUP(B149,'Legislation tool - TO HIDE'!$B$48:$K$76,3,FALSE)) | D149: =IF(B149="", "", VLOOKUP(B149,'Legislation tool - TO HIDE'!$B$48:$K$76,7,FALSE))
B150: =IFERROR(INDEX('Legislation tool - TO HIDE'!$AM$14:$AM$41,_xlfn.AGGREGATE(15,3,('Legislation tool - TO HIDE'!$AN$14:$AN$41="y")/('Legislation tool - TO HIDE'!$AN$14:$AN$41="y")*(ROW('Legislation tool - TO HIDE'!$AN$14:$AN$41)-ROW('Legislation tool - TO HIDE'!$AM$13)),ROWS('Legislation tool - TO HIDE'!$AO$14:AO22))), "") | C150: =IF(B150="", "", VLOOKUP(B150,'Legislation tool - TO HIDE'!$B$48:$K$76,3,FALSE)) | D150: =IF(B150="", "", VLOOKUP(B150,'Legislation tool - TO HIDE'!$B$48:$K$76,7,FALSE))
B151: =IFERROR(INDEX('Legislation tool - TO HIDE'!$AM$14:$AM$41,_xlfn.AGGREGATE(15,3,('Legislation tool - TO HIDE'!$AN$14:$AN$41="y")/('Legislation tool - TO HIDE'!$AN$14:$AN$41="y")*(ROW('Legislation tool - TO HIDE'!$AN$14:$AN$41)-ROW('Legislation tool - TO HIDE'!$AM$13)),ROWS('Legislation tool - TO HIDE'!$AO$14:AO23))), "") | C151: =IF(B151="", "", VLOOKUP(B151,'Legislation tool - TO HIDE'!$B$48:$K$76,3,FALSE)) | D151: =IF(B151="", "", VLOOKUP(B151,'Legislation tool - TO HIDE'!$B$48:$K$76,7,FALSE))
B152: =IFERROR(INDEX('Legislation tool - TO HIDE'!$AM$14:$AM$41,_xlfn.AGGREGATE(15,3,('Legislation tool - TO HIDE'!$AN$14:$AN$41="y")/('Legislation tool - TO HIDE'!$AN$14:$AN$41="y")*(ROW('Legislation tool - TO HIDE'!$AN$14:$AN$41)-ROW('Legislation tool - TO HIDE'!$AM$13)),ROWS('Legislation tool - TO HIDE'!$AO$14:AO24))), "") | C152: =IF(B152="", "", VLOOKUP(B152,'Legislation tool - TO HIDE'!$B$48:$K$76,3,FALSE)) | D152: =IF(B152="", "", VLOOKUP(B152,'Legislation tool - TO HIDE'!$B$48:$K$76,7,FALSE))
B153: =IFERROR(INDEX('Legislation tool - TO HIDE'!$AM$14:$AM$41,_xlfn.AGGREGATE(15,3,('Legislation tool - TO HIDE'!$AN$14:$AN$41="y")/('Legislation tool - TO HIDE'!$AN$14:$AN$41="y")*(ROW('Legislation tool - TO HIDE'!$AN$14:$AN$41)-ROW('Legislation tool - TO HIDE'!$AM$13)),ROWS('Legislation tool - TO HIDE'!$AO$14:AO25))), "") | C153: =IF(B153="", "", VLOOKUP(B153,'Legislation tool - TO HIDE'!$B$48:$K$76,3,FALSE)) | D153: =IF(B153="", "", VLOOKUP(B153,'Legislation tool - TO HIDE'!$B$48:$K$76,7,FALSE))
... B170: =IFERROR(INDEX('Legislation tool - TO HIDE'!$AM$14:$AM$41,_xlfn.AGGREGATE(15,3,('Legislation tool - TO HIDE'!$AN$14:$AN$41="y")/('Legislation tool - TO HIDE'!$AN$14:$AN$41="y")*(ROW('Legislation tool - TO HIDE'!$AN$14:$AN$41)-ROW('Legislation tool - TO HIDE'!$AM$13)),ROWS('Legislation tool - TO HIDE'!$AO$14:AO42))), "") | C170: =IF(B170="", "", VLOOKUP(B170,'Legislation tool - TO HIDE'!$B$48:$K$76,3,FALSE)) | D170: =IF(B170="", "", VLOOKUP(B170,'Legislation tool - TO HIDE'!$B$48:$K$76,7,FALSE))
B172: What are the additional costs of implementing these risk management measures?
B174: A. Please describe the risk management measure(s) that you are likely too implement to comply with the legislations. RMMs include: closed systems, partially enclosed systems, Local Exhaust Ventilation (LEV), PPE etc. | C174: B. What are the expected costs of implementing the RMM(s)? | G174: C. What is the main barrier to implementing the RMM(s)? | I174: D. Please provide details of any other additional costs that you expect.
C175: What is the one-off cost of implementing the RMM? | D175: How long would it take to implement this? | E175: What are the additional ongoing maintenance costs of implementing this RMM? | F175: Would there be a net cost or saving to your annual production costs going forward? | G175: Please identify what you consider to be the main barrier? | H175: If other…
B176: Please describe. | C176: Please select from the dropdown the value that is approximately closest. | D176: Please select from the dropdown the value that is approximately closest. | E176: Please select from the dropdown the value that is approximately closest. | F176: Please select from the dropdown. | G176: Please select from the dropdown. | H176: Please describe if other.
B177: Example: Closed system | C177: Approximately €500k | D177: Around 2 years | E177: Approximately €10k/year | F177: Cost | I177: -
B189: Q21. What are the impacts of limiting the use of the silver substances?
B191: As a result of the Repr. 1B classification, the following legislation may limit the use of the silver substances. For a more general description of the legislation, please refer back to (5) Legislation.
B193: Legislation | C193: Likelihood of being triggered | D193: Requirements of legislation
B194: =IFERROR(INDEX('Legislation tool - TO HIDE'!$AM$14:$AM$41,_xlfn.AGGREGATE(15,3,('Legislation tool - TO HIDE'!$AN$14:$AN$41="y")/('Legislation tool - TO HIDE'!$AN$14:$AN$41="y")*(ROW('Legislation tool - TO HIDE'!$AN$14:$AN$41)-ROW('Legislation tool - TO HIDE'!$AM$13)),ROWS('Legislation tool - TO HIDE'!$AO$14:AO14))), "") | C194: =IF(B194="", "", VLOOKUP(B194,'Legislation tool - TO HIDE'!$B$48:$K$76,3,FALSE)) | D194: =IF(B194="", "", VLOOKUP(B194,'Legislation tool - TO HIDE'!$B$48:$K$76,8,FALSE))
B195: =IFERROR(INDEX('Legislation tool - TO HIDE'!$AM$14:$AM$41,_xlfn.AGGREGATE(15,3,('Legislation tool - TO HIDE'!$AN$14:$AN$41="y")/('Legislation tool - TO HIDE'!$AN$14:$AN$41="y")*(ROW('Legislation tool - TO HIDE'!$AN$14:$AN$41)-ROW('Legislation tool - TO HIDE'!$AM$13)),ROWS('Legislation tool - TO HIDE'!$AO$14:AO15))), "") | C195: =IF(B195="", "", VLOOKUP(B195,'Legislation tool - TO HIDE'!$B$48:$K$76,3,FALSE)) | D195: =IF(B195="", "", VLOOKUP(B195,'Legislation tool - TO HIDE'!$B$48:$K$76,8,FALSE))
B196: =IFERROR(INDEX('Legislation tool - TO HIDE'!$AM$14:$AM$41,_xlfn.AGGREGATE(15,3,('Legislation tool - TO HIDE'!$AN$14:$AN$41="y")/('Legislation tool - TO HIDE'!$AN$14:$AN$41="y")*(ROW('Legislation tool - TO HIDE'!$AN$14:$AN$41)-ROW('Legislation tool - TO HIDE'!$AM$13)),ROWS('Legislation tool - TO HIDE'!$AO$14:AO16))), "") | C196: =IF(B196="", "", VLOOKUP(B196,'Legislation tool - TO HIDE'!$B$48:$K$76,3,FALSE)) | D196: =IF(B196="", "", VLOOKUP(B196,'Legislation tool - TO HIDE'!$B$48:$K$76,8,FALSE))
B197: =IFERROR(INDEX('Legislation tool - TO HIDE'!$AM$14:$AM$41,_xlfn.AGGREGATE(15,3,('Legislation tool - TO HIDE'!$AN$14:$AN$41="y")/('Legislation tool - TO HIDE'!$AN$14:$AN$41="y")*(ROW('Legislation tool - TO HIDE'!$AN$14:$AN$41)-ROW('Legislation tool - TO HIDE'!$AM$13)),ROWS('Legislation tool - TO HIDE'!$AO$14:AO17))), "") | C197: =IF(B197="", "", VLOOKUP(B197,'Legislation tool - TO HIDE'!$B$48:$K$76,3,FALSE)) | D197: =IF(B197="", "", VLOOKUP(B197,'Legislation tool - TO HIDE'!$B$48:$K$76,8,FALSE))
B198: =IFERROR(INDEX('Legislation tool - TO HIDE'!$AM$14:$AM$41,_xlfn.AGGREGATE(15,3,('Legislation tool - TO HIDE'!$AN$14:$AN$41="y")/('Legislation tool - TO HIDE'!$AN$14:$AN$41="y")*(ROW('Legislation tool - TO HIDE'!$AN$14:$AN$41)-ROW('Legislation tool - TO HIDE'!$AM$13)),ROWS('Legislation tool - TO HIDE'!$AO$14:AO18))), "") | C198: =IF(B198="", "", VLOOKUP(B198,'Legislation tool - TO HIDE'!$B$48:$K$76,3,FALSE)) | D198: =IF(B198="", "", VLOOKUP(B198,'Legislation tool - TO HIDE'!$B$48:$K$76,8,FALSE))
B199: =IFERROR(INDEX('Legislation tool - TO HIDE'!$AM$14:$AM$41,_xlfn.AGGREGATE(15,3,('Legislation tool - TO HIDE'!$AN$14:$AN$41="y")/('Legislation tool - TO HIDE'!$AN$14:$AN$41="y")*(ROW('Legislation tool - TO HIDE'!$AN$14:$AN$41)-ROW('Legislation tool - TO HIDE'!$AM$13)),ROWS('Legislation tool - TO HIDE'!$AO$14:AO19))), "") | C199: =IF(B199="", "", VLOOKUP(B199,'Legislation tool - TO HIDE'!$B$48:$K$76,3,FALSE)) | D199: =IF(B199="", "", VLOOKUP(B199,'Legislation tool - TO HIDE'!$B$48:$K$76,8,FALSE))
B200: =IFERROR(INDEX('Legislation tool - TO HIDE'!$AM$14:$AM$41,_xlfn.AGGREGATE(15,3,('Legislation tool - TO HIDE'!$AN$14:$AN$41="y")/('Legislation tool - TO HIDE'!$AN$14:$AN$41="y")*(ROW('Legislation tool - TO HIDE'!$AN$14:$AN$41)-ROW('Legislation tool - TO HIDE'!$AM$13)),ROWS('Legislation tool - TO HIDE'!$AO$14:AO20))), "") | C200: =IF(B200="", "", VLOOKUP(B200,'Legislation tool - TO HIDE'!$B$48:$K$76,3,FALSE)) | D200: =IF(B200="", "", VLOOKUP(B200,'Legislation tool - TO HIDE'!$B$48:$K$76,8,FALSE))
B201: =IFERROR(INDEX('Legislation tool - TO HIDE'!$AM$14:$AM$41,_xlfn.AGGREGATE(15,3,('Legislation tool - TO HIDE'!$AN$14:$AN$41="y")/('Legislation tool - TO HIDE'!$AN$14:$AN$41="y")*(ROW('Legislation tool - TO HIDE'!$AN$14:$AN$41)-ROW('Legislation tool - TO HIDE'!$AM$13)),ROWS('Legislation tool - TO HIDE'!$AO$14:AO21))), "") | C201: =IF(B201="", "", VLOOKUP(B201,'Legislation tool - TO HIDE'!$B$48:$K$76,3,FALSE)) | D201: =IF(B201="", "", VLOOKUP(B201,'Legislation tool - TO HIDE'!$B$48:$K$76,8,FALSE))
B202: =IFERROR(INDEX('Legislation tool - TO HIDE'!$AM$14:$AM$41,_xlfn.AGGREGATE(15,3,('Legislation tool - TO HIDE'!$AN$14:$AN$41="y")/('Legislation tool - TO HIDE'!$AN$14:$AN$41="y")*(ROW('Legislation tool - TO HIDE'!$AN$14:$AN$41)-ROW('Legislation tool - TO HIDE'!$AM$13)),ROWS('Legislation tool - TO HIDE'!$AO$14:AO22))), "") | C202: =IF(B202="", "", VLOOKUP(B202,'Legislation tool - TO HIDE'!$B$48:$K$76,3,FALSE)) | D202: =IF(B202="", "", VLOOKUP(B202,'Legislation tool - TO HIDE'!$B$48:$K$76,8,FALSE))
B203: =IFERROR(INDEX('Legislation tool - TO HIDE'!$AM$14:$AM$41,_xlfn.AGGREGATE(15,3,('Legislation tool - TO HIDE'!$AN$14:$AN$41="y")/('Legislation tool - TO HIDE'!$AN$14:$AN$41="y")*(ROW('Legislation tool - TO HIDE'!$AN$14:$AN$41)-ROW('Legislation tool - TO HIDE'!$AM$13)),ROWS('Legislation tool - TO HIDE'!$AO$14:AO23))), "") | C203: =IF(B203="", "", VLOOKUP(B203,'Legislation tool - TO HIDE'!$B$48:$K$76,3,FALSE)) | D203: =IF(B203="", "", VLOOKUP(B203,'Legislation tool - TO HIDE'!$B$48:$K$76,8,FALSE))
B204: =IFERROR(INDEX('Legislation tool - TO HIDE'!$AM$14:$AM$41,_xlfn.AGGREGATE(15,3,('Legislation tool - TO HIDE'!$AN$14:$AN$41="y")/('Legislation tool - TO HIDE'!$AN$14:$AN$41="y")*(ROW('Legislation tool - TO HIDE'!$AN$14:$AN$41)-ROW('Legislation tool - TO HIDE'!$AM$13)),ROWS('Legislation tool - TO HIDE'!$AO$14:AO24))), "") | C204: =IF(B204="", "", VLOOKUP(B204,'Legislation tool - TO HIDE'!$B$48:$K$76,3,FALSE)) | D204: =IF(B204="", "", VLOOKUP(B204,'Legislation tool - TO HIDE'!$B$48:$K$76,8,FALSE))
...

Sheet (7) Survey end
B2: (7) Survey end
B4: Thank you for taking the time to complete this survey. If you have any final comments, please fill in the box below.
B8: Please return the survey as instructed in the Introduction. We will be analysing your results and may come back to you with follow-up questions on your responses. All of the results will then be aggregated by sector into the following sectors:
B10: Manufacture of silver and silver compounds (including recycling)
B11: Manufacture of other chemical compounds (including use as a catalyst)
B12: Aerospace
B13: Cosmetics
B14: Electronics and electrical equipment (not used in aerospace and automotive)
B15: Jewellery and luxury items/finishes
B16: Medical
B17: Photographic
B18: Silverware
... B24: Following this, you will be given an opportunity to comment on these aggregated results in April/May 2020, before the figures are finalised in June 2020.

Sheet Legislation tool - TO HIDE
B1: Uses
B2: =IF('(2) Volume used'!B31="", "", '(2) Volume used'!B31)
B3: =IF('(2) Volume used'!B32="", "", '(2) Volume used'!B32)
B4: =IF('(2) Volume used'!B33="", "", '(2) Volume used'!B33)
B5: =IF('(2) Volume used'!B34="", "", '(2) Volume used'!B34)
B6: =IF('(2) Volume used'!B35="", "", '(2) Volume used'!B35)
B7: =IF('(2) Volume used'!B36="", "", '(2) Volume used'!B36)
B8: =IF('(2) Volume used'!B37="", "", '(2) Volume used'!B37)
B9: =IF('(2) Volume used'!B38="", "", '(2) Volume used'!B38)
B10: =IF('(2) Volume used'!B39="", "", '(2) Volume used'!B39)
B11: =IF('(2) Volume used'!B40="", "", '(2) Volume used'!B40)
B13: Legislation | C13: Manufacture of silver and silver compounds (including recycling) | D13: Manufacture of other chemical compounds (including use as a catalyst) | E13: Aerospace | F13: Automotive | G13: Cosmetics | H13: Electronics and electrical equipment (not used in aerospace and automotive) | I13: Investments | J13: Jewellery and luxury items/finishes | K13: Medical | L13: Mirrors | M13: Photographic | N13: Photovoltaics | O13: Silverware | P13: All other industrial uses | Q13: All other consumer uses | S13: Manufacture of silver and silver compounds (including recycling) | T13: Manufacture of other chemical compounds (including use as a catalyst) | U13: Aerospace | V13: Automotive | W13: Cosmetics | X13: Electronics and electrical equipment (not used in aerospace and automotive) | Y13: Investments | Z13: Jewellery and luxury items/finishes | AA13: Medical | AB13: Mirrors | AC13: Photographic | AD13: Photovoltaics | AE13: Silverware | AF13: All other industrial uses | AG13: All other consumer uses | AI13: OVERALL | AM13: Legislation
B14: CLP Regulation | C14: y | D14: y | E14: y | F14: y | H14: y | I14: y | J14: y | L14: y | M14: y | N14: y | O14: y | P14: y | Q14: y | S14: =IF( COUNTIF($B$2:$B$12,C$13)>0, IF(C14="", "", C14), "") | T14: =IF( COUNTIF($B$2:$B$12,D$13)>0, IF(D14="", "", D14), "") | U14: =IF( COUNTIF($B$2:$B$12,E$13)>0, IF(E14="", "", E14), "") | V14: =IF( COUNTIF($B$2:$B$12,F$13)>0, IF(F14="", "", F14), "") | W14: =IF( COUNTIF($B$2:$B$12,G$13)>0, IF(G14="", "", G14), "") | X14: =IF( COUNTIF($B$2:$B$12,H$13)>0, IF(H14="", "", H14), "") | Y14: =IF( COUNTIF($B$2:$B$12,I$13)>0, IF(I14="", "", I14), "") | Z14: =IF( COUNTIF($B$2:$B$12,J$13)>0, IF(J14="", "", J14), "") | ... AG14: =IF( COUNTIF($B$2:$B$12,Q$13)>0, IF(Q14="", "", Q14), "") | AI14: =IF(COUNTIF($S14:$AG14, "y")>0, "y", "") | AK14: =IFERROR(INDEX('Legislation tool - TO HIDE'!$B$14:$B$44,_xlfn.AGGREGATE(15,3,('Legislation tool - TO HIDE'!$AI$14:$AI$44="y")/('Legislation tool - TO HIDE'!$AI$14:$AI$44="y")*(ROW('Legislation tool - TO HIDE'!$AI$14:$AI$44)-ROW('Legislation tool - TO HIDE'!$AI$13)),ROWS('Legislation tool - TO HIDE'!$AJ$14:AJ14))), "") | AM14: CLP Regulation | AN14: =IF(VLOOKUP(AM14,$B$14:$AI$44, COLUMN(AI14)-1, FALSE)="", "", VLOOKUP(AM14,$B$14:$AI$44, COLUMN(AI14)-1, FALSE))
B15: REACH - Registration, Information in supply chain, Downstream users | C15: y | D15: y | E15: y | F15: y | G15: y | H15: y | I15: y | J15: y | K15: y | L15: y | M15: y | N15: y | O15: y | P15: y | Q15: y | S15: =IF( COUNTIF($B$2:$B$12,C$13)>0, IF(C15="", "", C15), "") | T15: =IF( COUNTIF($B$2:$B$12,D$13)>0, IF(D15="", "", D15), "") | U15: =IF( COUNTIF($B$2:$B$12,E$13)>0, IF(E15="", "", E15), "") | V15: =IF( COUNTIF($B$2:$B$12,F$13)>0, IF(F15="", "", F15), "") | W15: =IF( COUNTIF($B$2:$B$12,G$13)>0, IF(G15="", "", G15), "") | X15: =IF( COUNTIF($B$2:$B$12,H$13)>0, IF(H15="", "", H15), "") | Y15: =IF( COUNTIF($B$2:$B$12,I$13)>0, IF(I15="", "", I15), "") | Z15: =IF( COUNTIF($B$2:$B$12,J$13)>0, IF(J15="", "", J15), "") | ... AG15: =IF( COUNTIF($B$2:$B$12,Q$13)>0, IF(Q15="", "", Q15), "") | AI15: =IF(COUNTIF($S15:$AG15, "y")>0, "y", "") | AK15: =IFERROR(INDEX('Legislation tool - TO HIDE'!$B$14:$B$44,_xlfn.AGGREGATE(15,3,('Legislation tool - TO HIDE'!$AI$14:$AI$44="y")/('Legislation tool - TO HIDE'!$AI$14:$AI$44="y")*(ROW('Legislation tool - TO HIDE'!$AI$14:$AI$44)-ROW('Legislation tool - TO HIDE'!$AI$13)),ROWS('Legislation tool - TO HIDE'!$AJ$14:AJ15))), "") | AM15: REACH - Registration, Information in supply chain, Downstream users | AN15: =IF(VLOOKUP(AM15,$B$14:$AI$44, COLUMN(AI15)-1, FALSE)="", "", VLOOKUP(AM15,$B$14:$AI$44, COLUMN(AI15)-1, FALSE))
B16: REACH - Evaluation | C16: y | D16: y | E16: y | F16: y | H16: y | I16: y | J16: y | L16: y | M16: y | N16: y | O16: y | P16: y | Q16: y | S16: =IF( COUNTIF($B$2:$B$12,C$13)>0, IF(C16="", "", C16), "") | T16: =IF( COUNTIF($B$2:$B$12,D$13)>0, IF(D16="", "", D16), "") | U16: =IF( COUNTIF($B$2:$B$12,E$13)>0, IF(E16="", "", E16), "") | V16: =IF( COUNTIF($B$2:$B$12,F$13)>0, IF(F16="", "", F16), "") | W16: =IF( COUNTIF($B$2:$B$12,G$13)>0, IF(G16="", "", G16), "") | X16: =IF( COUNTIF($B$2:$B$12,H$13)>0, IF(H16="", "", H16), "") | Y16: =IF( COUNTIF($B$2:$B$12,I$13)>0, IF(I16="", "", I16), "") | Z16: =IF( COUNTIF($B$2:$B$12,J$13)>0, IF(J16="", "", J16), "") | ... AG16: =IF( COUNTIF($B$2:$B$12,Q$13)>0, IF(Q16="", "", Q16), "") | AI16: =IF(COUNTIF($S16:$AG16, "y")>0, "y", "") | AK16: =IFERROR(INDEX('Legislation tool - TO HIDE'!$B$14:$B$44,_xlfn.AGGREGATE(15,3,('Legislation tool - TO HIDE'!$AI$14:$AI$44="y")/('Legislation tool - TO HIDE'!$AI$14:$AI$44="y")*(ROW('Legislation tool - TO HIDE'!$AI$14:$AI$44)-ROW('Legislation tool - TO HIDE'!$AI$13)),ROWS('Legislation tool - TO HIDE'!$AJ$14:AJ16))), "") | AM16: REACH - Evaluation | AN16: =IF(VLOOKUP(AM16,$B$14:$AI$44, COLUMN(AI16)-1, FALSE)="", "", VLOOKUP(AM16,$B$14:$AI$44, COLUMN(AI16)-1, FALSE))
B17: REACH Regulation - SVHC and candidate listing | C17: y | D17: y | E17: y | F17: y | G17: y | H17: y | I17: y | J17: y | K17: y | L17: y | M17: y | N17: y | O17: y | P17: y | Q17: y | S17: =IF( COUNTIF($B$2:$B$12,C$13)>0, IF(C17="", "", C17), "") | T17: =IF( COUNTIF($B$2:$B$12,D$13)>0, IF(D17="", "", D17), "") | U17: =IF( COUNTIF($B$2:$B$12,E$13)>0, IF(E17="", "", E17), "") | V17: =IF( COUNTIF($B$2:$B$12,F$13)>0, IF(F17="", "", F17), "") | W17: =IF( COUNTIF($B$2:$B$12,G$13)>0, IF(G17="", "", G17), "") | X17: =IF( COUNTIF($B$2:$B$12,H$13)>0, IF(H17="", "", H17), "") | Y17: =IF( COUNTIF($B$2:$B$12,I$13)>0, IF(I17="", "", I17), "") | Z17: =IF( COUNTIF($B$2:$B$12,J$13)>0, IF(J17="", "", J17), "") | ... AG17: =IF( COUNTIF($B$2:$B$12,Q$13)>0, IF(Q17="", "", Q17), "") | AI17: =IF(COUNTIF($S17:$AG17, "y")>0, "y", "") | AK17: =IFERROR(INDEX('Legislation tool - TO HIDE'!$B$14:$B$44,_xlfn.AGGREGATE(15,3,('Legislation tool - TO HIDE'!$AI$14:$AI$44="y")/('Legislation tool - TO HIDE'!$AI$14:$AI$44="y")*(ROW('Legislation tool - TO HIDE'!$AI$14:$AI$44)-ROW('Legislation tool - TO HIDE'!$AI$13)),ROWS('Legislation tool - TO HIDE'!$AJ$14:AJ17))), "") | AM17: REACH Regulation - SVHC and candidate listing | AN17: =IF(VLOOKUP(AM17,$B$14:$AI$44, COLUMN(AI17)-1, FALSE)="", "", VLOOKUP(AM17,$B$14:$AI$44, COLUMN(AI17)-1, FALSE))
B18: REACH Regulation - Authorisation | C18: y | D18: y | E18: y | F18: y | G18: y | H18: y | I18: y | J18: y | K18: y | L18: y | M18: y | N18: y | O18: y | P18: y | Q18: y | S18: =IF( COUNTIF($B$2:$B$12,C$13)>0, IF(C18="", "", C18), "") | T18: =IF( COUNTIF($B$2:$B$12,D$13)>0, IF(D18="", "", D18), "") | U18: =IF( COUNTIF($B$2:$B$12,E$13)>0, IF(E18="", "", E18), "") | V18: =IF( COUNTIF($B$2:$B$12,F$13)>0, IF(F18="", "", F18), "") | W18: =IF( COUNTIF($B$2:$B$12,G$13)>0, IF(G18="", "", G18), "") | X18: =IF( COUNTIF($B$2:$B$12,H$13)>0, IF(H18="", "", H18), "") | Y18: =IF( COUNTIF($B$2:$B$12,I$13)>0, IF(I18="", "", I18), "") | Z18: =IF( COUNTIF($B$2:$B$12,J$13)>0, IF(J18="", "", J18), "") | ... AG18: =IF( COUNTIF($B$2:$B$12,Q$13)>0, IF(Q18="", "", Q18), "") | AI18: =IF(COUNTIF($S18:$AG18, "y")>0, "y", "") | AK18: =IFERROR(INDEX('Legislation tool - TO HIDE'!$B$14:$B$44,_xlfn.AGGREGATE(15,3,('Legislation tool - TO HIDE'!$AI$14:$AI$44="y")/('Legislation tool - TO HIDE'!$AI$14:$AI$44="y")*(ROW('Legislation tool - TO HIDE'!$AI$14:$AI$44)-ROW('Legislation tool - TO HIDE'!$AI$13)),ROWS('Legislation tool - TO HIDE'!$AJ$14:AJ18))), "") | AM18: REACH Regulation - Authorisation | AN18: =IF(VLOOKUP(AM18,$B$14:$AI$44, COLUMN(AI18)-1, FALSE)="", "", VLOOKUP(AM18,$B$14:$AI$44, COLUMN(AI18)-1, FALSE))
B19: REACH Regulation - Restriction | C19: y | D19: y | E19: y | F19: y | G19: y | H19: y | I19: y | J19: y | K19: y | L19: y | M19: y | N19: y | O19: y | P19: y | Q19: y | S19: =IF( COUNTIF($B$2:$B$12,C$13)>0, IF(C19="", "", C19), "") | T19: =IF( COUNTIF($B$2:$B$12,D$13)>0, IF(D19="", "", D19), "") | U19: =IF( COUNTIF($B$2:$B$12,E$13)>0, IF(E19="", "", E19), "") | V19: =IF( COUNTIF($B$2:$B$12,F$13)>0, IF(F19="", "", F19), "") | W19: =IF( COUNTIF($B$2:$B$12,G$13)>0, IF(G19="", "", G19), "") | X19: =IF( COUNTIF($B$2:$B$12,H$13)>0, IF(H19="", "", H19), "") | Y19: =IF( COUNTIF($B$2:$B$12,I$13)>0, IF(I19="", "", I19), "") | Z19: =IF( COUNTIF($B$2:$B$12,J$13)>0, IF(J19="", "", J19), "") | ... AG19: =IF( COUNTIF($B$2:$B$12,Q$13)>0, IF(Q19="", "", Q19), "") | AI19: =IF(COUNTIF($S19:$AG19, "y")>0, "y", "") | AK19: =IFERROR(INDEX('Legislation tool - TO HIDE'!$B$14:$B$44,_xlfn.AGGREGATE(15,3,('Legislation tool - TO HIDE'!$AI$14:$AI$44="y")/('Legislation tool - TO HIDE'!$AI$14:$AI$44="y")*(ROW('Legislation tool - TO HIDE'!$AI$14:$AI$44)-ROW('Legislation tool - TO HIDE'!$AI$13)),ROWS('Legislation tool - TO HIDE'!$AJ$14:AJ19))), "") | AM19: REACH Regulation - Restriction | AN19: =IF(VLOOKUP(AM19,$B$14:$AI$44, COLUMN(AI19)-1, FALSE)="", "", VLOOKUP(AM19,$B$14:$AI$44, COLUMN(AI19)-1, FALSE))
B20: PIC Regulation | C20: y | D20: y | E20: y | F20: y | G20: y | H20: y | I20: y | J20: y | L20: y | M20: y | N20: y | O20: y | P20: y | Q20: y | S20: =IF( COUNTIF($B$2:$B$12,C$13)>0, IF(C20="", "", C20), "") | T20: =IF( COUNTIF($B$2:$B$12,D$13)>0, IF(D20="", "", D20), "") | U20: =IF( COUNTIF($B$2:$B$12,E$13)>0, IF(E20="", "", E20), "") | V20: =IF( COUNTIF($B$2:$B$12,F$13)>0, IF(F20="", "", F20), "") | W20: =IF( COUNTIF($B$2:$B$12,G$13)>0, IF(G20="", "", G20), "") | X20: =IF( COUNTIF($B$2:$B$12,H$13)>0, IF(H20="", "", H20), "") | Y20: =IF( COUNTIF($B$2:$B$12,I$13)>0, IF(I20="", "", I20), "") | Z20: =IF( COUNTIF($B$2:$B$12,J$13)>0, IF(J20="", "", J20), "") | ... AG20: =IF( COUNTIF($B$2:$B$12,Q$13)>0, IF(Q20="", "", Q20), "") | AI20: =IF(COUNTIF($S20:$AG20, "y")>0, "y", "") | AK20: =IFERROR(INDEX('Legislation tool - TO HIDE'!$B$14:$B$44,_xlfn.AGGREGATE(15,3,('Legislation tool - TO HIDE'!$AI$14:$AI$44="y")/('Legislation tool - TO HIDE'!$AI$14:$AI$44="y")*(ROW('Legislation tool - TO HIDE'!$AI$14:$AI$44)-ROW('Legislation tool - TO HIDE'!$AI$13)),ROWS('Legislation tool - TO HIDE'!$AJ$14:AJ20))), "") | AM20: PIC Regulation | AN20: =IF(VLOOKUP(AM20,$B$14:$AI$44, COLUMN(AI20)-1, FALSE)="", "", VLOOKUP(AM20,$B$14:$AI$44, COLUMN(AI20)-1, FALSE))
B21: CAD Regulation | C21: y | D21: y | E21: y | F21: y | G21: y | H21: y | I21: y | J21: y | K21: y | L21: y | M21: y | N21: y | O21: y | P21: y | Q21: y | S21: =IF( COUNTIF($B$2:$B$12,C$13)>0, IF(C21="", "", C21), "") | T21: =IF( COUNTIF($B$2:$B$12,D$13)>0, IF(D21="", "", D21), "") | U21: =IF( COUNTIF($B$2:$B$12,E$13)>0, IF(E21="", "", E21), "") | V21: =IF( COUNTIF($B$2:$B$12,F$13)>0, IF(F21="", "", F21), "") | W21: =IF( COUNTIF($B$2:$B$12,G$13)>0, IF(G21="", "", G21), "") | X21: =IF( COUNTIF($B$2:$B$12,H$13)>0, IF(H21="", "", H21), "") | Y21: =IF( COUNTIF($B$2:$B$12,I$13)>0, IF(I21="", "", I21), "") | Z21: =IF( COUNTIF($B$2:$B$12,J$13)>0, IF(J21="", "", J21), "") | ... AG21: =IF( COUNTIF($B$2:$B$12,Q$13)>0, IF(Q21="", "", Q21), "") | AI21: =IF(COUNTIF($S21:$AG21, "y")>0, "y", "") | AK21: =IFERROR(INDEX('Legislation tool - TO HIDE'!$B$14:$B$44,_xlfn.AGGREGATE(15,3,('Legislation tool - TO HIDE'!$AI$14:$AI$44="y")/('Legislation tool - TO HIDE'!$AI$14:$AI$44="y")*(ROW('Legislation tool - TO HIDE'!$AI$14:$AI$44)-ROW('Legislation tool - TO HIDE'!$AI$13)),ROWS('Legislation tool - TO HIDE'!$AJ$14:AJ21))), "") | AM21: CAD Regulation | AN21: =IF(VLOOKUP(AM21,$B$14:$AI$44, COLUMN(AI21)-1, FALSE)="", "", VLOOKUP(AM21,$B$14:$AI$44, COLUMN(AI21)-1, FALSE))
B22: Pregnant Workers Directive | C22: y | D22: y | E22: y | F22: y | G22: y | H22: y | I22: y | J22: y | K22: y | L22: y | M22: y | N22: y | O22: y | P22: y | Q22: y | S22: =IF( COUNTIF($B$2:$B$12,C$13)>0, IF(C22="", "", C22), "") | T22: =IF( COUNTIF($B$2:$B$12,D$13)>0, IF(D22="", "", D22), "") | U22: =IF( COUNTIF($B$2:$B$12,E$13)>0, IF(E22="", "", E22), "") | V22: =IF( COUNTIF($B$2:$B$12,F$13)>0, IF(F22="", "", F22), "") | W22: =IF( COUNTIF($B$2:$B$12,G$13)>0, IF(G22="", "", G22), "") | X22: =IF( COUNTIF($B$2:$B$12,H$13)>0, IF(H22="", "", H22), "") | Y22: =IF( COUNTIF($B$2:$B$12,I$13)>0, IF(I22="", "", I22), "") | Z22: =IF( COUNTIF($B$2:$B$12,J$13)>0, IF(J22="", "", J22), "") | ... AG22: =IF( COUNTIF($B$2:$B$12,Q$13)>0, IF(Q22="", "", Q22), "") | AI22: =IF(COUNTIF($S22:$AG22, "y")>0, "y", "") | AK22: =IFERROR(INDEX('Legislation tool - TO HIDE'!$B$14:$B$44,_xlfn.AGGREGATE(15,3,('Legislation tool - TO HIDE'!$AI$14:$AI$44="y")/('Legislation tool - TO HIDE'!$AI$14:$AI$44="y")*(ROW('Legislation tool - TO HIDE'!$AI$14:$AI$44)-ROW('Legislation tool - TO HIDE'!$AI$13)),ROWS('Legislation tool - TO HIDE'!$AJ$14:AJ22))), "") | AM22: Pregnant Workers Directive | AN22: =IF(VLOOKUP(AM22,$B$14:$AI$44, COLUMN(AI22)-1, FALSE)="", "", VLOOKUP(AM22,$B$14:$AI$44, COLUMN(AI22)-1, FALSE))
B23: Young Workers Protection Directive | C23: y | D23: y | E23: y | F23: y | G23: y | H23: y | I23: y | J23: y | K23: y | L23: y | M23: y | N23: y | O23: y | P23: y | Q23: y | S23: =IF( COUNTIF($B$2:$B$12,C$13)>0, IF(C23="", "", C23), "") | T23: =IF( COUNTIF($B$2:$B$12,D$13)>0, IF(D23="", "", D23), "") | U23: =IF( COUNTIF($B$2:$B$12,E$13)>0, IF(E23="", "", E23), "") | V23: =IF( COUNTIF($B$2:$B$12,F$13)>0, IF(F23="", "", F23), "") | W23: =IF( COUNTIF($B$2:$B$12,G$13)>0, IF(G23="", "", G23), "") | X23: =IF( COUNTIF($B$2:$B$12,H$13)>0, IF(H23="", "", H23), "") | Y23: =IF( COUNTIF($B$2:$B$12,I$13)>0, IF(I23="", "", I23), "") | Z23: =IF( COUNTIF($B$2:$B$12,J$13)>0, IF(J23="", "", J23), "") | ... AG23: =IF( COUNTIF($B$2:$B$12,Q$13)>0, IF(Q23="", "", Q23), "") | AI23: =IF(COUNTIF($S23:$AG23, "y")>0, "y", "") | AK23: =IFERROR(INDEX('Legislation tool - TO HIDE'!$B$14:$B$44,_xlfn.AGGREGATE(15,3,('Legislation tool - TO HIDE'!$AI$14:$AI$44="y")/('Legislation tool - TO HIDE'!$AI$14:$AI$44="y")*(ROW('Legislation tool - TO HIDE'!$AI$14:$AI$44)-ROW('Legislation tool - TO HIDE'!$AI$13)),ROWS('Legislation tool - TO HIDE'!$AJ$14:AJ23))), "") | AM23: Young Workers Protection Directive | AN23: =IF(VLOOKUP(AM23,$B$14:$AI$44, COLUMN(AI23)-1, FALSE)="", "", VLOOKUP(AM23,$B$14:$AI$44, COLUMN(AI23)-1, FALSE))
B24: Water Framework Directive | C24: y | D24: y | E24: y | F24: y | G24: y | H24: y | I24: y | J24: y | K24: y | L24: y | M24: y | N24: y | O24: y | P24: y | Q24: y | S24: =IF( COUNTIF($B$2:$B$12,C$13)>0, IF(C24="", "", C24), "") | T24: =IF( COUNTIF($B$2:$B$12,D$13)>0, IF(D24="", "", D24), "") | U24: =IF( COUNTIF($B$2:$B$12,E$13)>0, IF(E24="", "", E24), "") | V24: =IF( COUNTIF($B$2:$B$12,F$13)>0, IF(F24="", "", F24), "") | W24: =IF( COUNTIF($B$2:$B$12,G$13)>0, IF(G24="", "", G24), "") | X24: =IF( COUNTIF($B$2:$B$12,H$13)>0, IF(H24="", "", H24), "") | Y24: =IF( COUNTIF($B$2:$B$12,I$13)>0, IF(I24="", "", I24), "") | Z24: =IF( COUNTIF($B$2:$B$12,J$13)>0, IF(J24="", "", J24), "") | ... AG24: =IF( COUNTIF($B$2:$B$12,Q$13)>0, IF(Q24="", "", Q24), "") | AI24: =IF(COUNTIF($S24:$AG24, "y")>0, "y", "") | AK24: =IFERROR(INDEX('Legislation tool - TO HIDE'!$B$14:$B$44,_xlfn.AGGREGATE(15,3,('Legislation tool - TO HIDE'!$AI$14:$AI$44="y")/('Legislation tool - TO HIDE'!$AI$14:$AI$44="y")*(ROW('Legislation tool - TO HIDE'!$AI$14:$AI$44)-ROW('Legislation tool - TO HIDE'!$AI$13)),ROWS('Legislation tool - TO HIDE'!$AJ$14:AJ24))), "") | AM24: Waste Framework Directive | AN24: =IF(VLOOKUP(AM24,$B$14:$AI$44, COLUMN(AI24)-1, FALSE)="", "", VLOOKUP(AM24,$B$14:$AI$44, COLUMN(AI24)-1, FALSE))
B25: Ground Water Directive | C25: y | D25: y | E25: y | F25: y | G25: y | H25: y | I25: y | J25: y | K25: y | L25: y | M25: y | N25: y | O25: y | P25: y | Q25: y | S25: =IF( COUNTIF($B$2:$B$12,C$13)>0, IF(C25="", "", C25), "") | T25: =IF( COUNTIF($B$2:$B$12,D$13)>0, IF(D25="", "", D25), "") | U25: =IF( COUNTIF($B$2:$B$12,E$13)>0, IF(E25="", "", E25), "") | V25: =IF( COUNTIF($B$2:$B$12,F$13)>0, IF(F25="", "", F25), "") | W25: =IF( COUNTIF($B$2:$B$12,G$13)>0, IF(G25="", "", G25), "") | X25: =IF( COUNTIF($B$2:$B$12,H$13)>0, IF(H25="", "", H25), "") | Y25: =IF( COUNTIF($B$2:$B$12,I$13)>0, IF(I25="", "", I25), "") | Z25: =IF( COUNTIF($B$2:$B$12,J$13)>0, IF(J25="", "", J25), "") | ... AG25: =IF( COUNTIF($B$2:$B$12,Q$13)>0, IF(Q25="", "", Q25), "") | AI25: =IF(COUNTIF($S25:$AG25, "y")>0, "y", "") | AK25: =IFERROR(INDEX('Legislation tool - TO HIDE'!$B$14:$B$44,_xlfn.AGGREGATE(15,3,('Legislation tool - TO HIDE'!$AI$14:$AI$44="y")/('Legislation tool - TO HIDE'!$AI$14:$AI$44="y")*(ROW('Legislation tool - TO HIDE'!$AI$14:$AI$44)-ROW('Legislation tool - TO HIDE'!$AI$13)),ROWS('Legislation tool - TO HIDE'!$AJ$14:AJ25))), "") | AM25: General Product Safety Directive | AN25: =IF(VLOOKUP(AM25,$B$14:$AI$44, COLUMN(AI25)-1, FALSE)="", "", VLOOKUP(AM25,$B$14:$AI$44, COLUMN(AI25)-1, FALSE))
B26: Waste Framework Directive | C26: y | D26: y | E26: y | F26: y | G26: y | H26: y | J26: y | K26: y | L26: y | M26: y | N26: y | O26: y | P26: y | Q26: y | S26: =IF( COUNTIF($B$2:$B$12,C$13)>0, IF(C26="", "", C26), "") | T26: =IF( COUNTIF($B$2:$B$12,D$13)>0, IF(D26="", "", D26), "") | U26: =IF( COUNTIF($B$2:$B$12,E$13)>0, IF(E26="", "", E26), "") | V26: =IF( COUNTIF($B$2:$B$12,F$13)>0, IF(F26="", "", F26), "") | W26: =IF( COUNTIF($B$2:$B$12,G$13)>0, IF(G26="", "", G26), "") | X26: =IF( COUNTIF($B$2:$B$12,H$13)>0, IF(H26="", "", H26), "") | Y26: =IF( COUNTIF($B$2:$B$12,I$13)>0, IF(I26="", "", I26), "") | Z26: =IF( COUNTIF($B$2:$B$12,J$13)>0, IF(J26="", "", J26), "") | ... AG26: =IF( COUNTIF($B$2:$B$12,Q$13)>0, IF(Q26="", "", Q26), "") | AI26: =IF(COUNTIF($S26:$AG26, "y")>0, "y", "") | AK26: =IFERROR(INDEX('Legislation tool - TO HIDE'!$B$14:$B$44,_xlfn.AGGREGATE(15,3,('Legislation tool - TO HIDE'!$AI$14:$AI$44="y")/('Legislation tool - TO HIDE'!$AI$14:$AI$44="y")*(ROW('Legislation tool - TO HIDE'!$AI$14:$AI$44)-ROW('Legislation tool - TO HIDE'!$AI$13)),ROWS('Legislation tool - TO HIDE'!$AJ$14:AJ26))), "") | AM26: Industrial Emissions Directive | AN26: =IF(VLOOKUP(AM26,$B$14:$AI$44, COLUMN(AI26)-1, FALSE)="", "", VLOOKUP(AM26,$B$14:$AI$44, COLUMN(AI26)-1, FALSE))
B27: General Product Safety Directive | E27: y | F27: y | G27: y | H27: y | I27: y | J27: y | K27: y | L27: y | M27: y | N27: y | O27: y | P27: y | Q27: y | S27: =IF( COUNTIF($B$2:$B$12,C$13)>0, IF(C27="", "", C27), "") | T27: =IF( COUNTIF($B$2:$B$12,D$13)>0, IF(D27="", "", D27), "") | U27: =IF( COUNTIF($B$2:$B$12,E$13)>0, IF(E27="", "", E27), "") | V27: =IF( COUNTIF($B$2:$B$12,F$13)>0, IF(F27="", "", F27), "") | W27: =IF( COUNTIF($B$2:$B$12,G$13)>0, IF(G27="", "", G27), "") | X27: =IF( COUNTIF($B$2:$B$12,H$13)>0, IF(H27="", "", H27), "") | Y27: =IF( COUNTIF($B$2:$B$12,I$13)>0, IF(I27="", "", I27), "") | Z27: =IF( COUNTIF($B$2:$B$12,J$13)>0, IF(J27="", "", J27), "") | ... AG27: =IF( COUNTIF($B$2:$B$12,Q$13)>0, IF(Q27="", "", Q27), "") | AI27: =IF(COUNTIF($S27:$AG27, "y")>0, "y", "") | AK27: =IFERROR(INDEX('Legislation tool - TO HIDE'!$B$14:$B$44,_xlfn.AGGREGATE(15,3,('Legislation tool - TO HIDE'!$AI$14:$AI$44="y")/('Legislation tool - TO HIDE'!$AI$14:$AI$44="y")*(ROW('Legislation tool - TO HIDE'!$AI$14:$AI$44)-ROW('Legislation tool - TO HIDE'!$AI$13)),ROWS('Legislation tool - TO HIDE'!$AJ$14:AJ27))), "") | AM27: Toy Safety Directive | AN27: =IF(VLOOKUP(AM27,$B$14:$AI$44, COLUMN(AI27)-1, FALSE)="", "", VLOOKUP(AM27,$B$14:$AI$44, COLUMN(AI27)-1, FALSE))
B28: Industrial Emissions Directive | C28: y | D28: y | E28: y | F28: y | G28: y | H28: y | J28: y | K28: y | L28: y | M28: y | N28: y | O28: y | P28: y | S28: =IF( COUNTIF($B$2:$B$12,C$13)>0, IF(C28="", "", C28), "") | T28: =IF( COUNTIF($B$2:$B$12,D$13)>0, IF(D28="", "", D28), "") | U28: =IF( COUNTIF($B$2:$B$12,E$13)>0, IF(E28="", "", E28), "") | V28: =IF( COUNTIF($B$2:$B$12,F$13)>0, IF(F28="", "", F28), "") | W28: =IF( COUNTIF($B$2:$B$12,G$13)>0, IF(G28="", "", G28), "") | X28: =IF( COUNTIF($B$2:$B$12,H$13)>0, IF(H28="", "", H28), "") | Y28: =IF( COUNTIF($B$2:$B$12,I$13)>0, IF(I28="", "", I28), "") | Z28: =IF( COUNTIF($B$2:$B$12,J$13)>0, IF(J28="", "", J28), "") | ... AG28: =IF( COUNTIF($B$2:$B$12,Q$13)>0, IF(Q28="", "", Q28), "") | AI28: =IF(COUNTIF($S28:$AG28, "y")>0, "y", "") | AK28: =IFERROR(INDEX('Legislation tool - TO HIDE'!$B$14:$B$44,_xlfn.AGGREGATE(15,3,('Legislation tool - TO HIDE'!$AI$14:$AI$44="y")/('Legislation tool - TO HIDE'!$AI$14:$AI$44="y")*(ROW('Legislation tool - TO HIDE'!$AI$14:$AI$44)-ROW('Legislation tool - TO HIDE'!$AI$13)),ROWS('Legislation tool - TO HIDE'!$AJ$14:AJ28))), "") | AM28: Cosmetics Regulation | AN28: =IF(VLOOKUP(AM28,$B$14:$AI$44, COLUMN(AI28)-1, FALSE)="", "", VLOOKUP(AM28,$B$14:$AI$44, COLUMN(AI28)-1, FALSE))
B29: Toy Safety Directive | Q29: y | S29: =IF( COUNTIF($B$2:$B$12,C$13)>0, IF(C29="", "", C29), "") | T29: =IF( COUNTIF($B$2:$B$12,D$13)>0, IF(D29="", "", D29), "") | U29: =IF( COUNTIF($B$2:$B$12,E$13)>0, IF(E29="", "", E29), "") | V29: =IF( COUNTIF($B$2:$B$12,F$13)>0, IF(F29="", "", F29), "") | W29: =IF( COUNTIF($B$2:$B$12,G$13)>0, IF(G29="", "", G29), "") | X29: =IF( COUNTIF($B$2:$B$12,H$13)>0, IF(H29="", "", H29), "") | Y29: =IF( COUNTIF($B$2:$B$12,I$13)>0, IF(I29="", "", I29), "") | Z29: =IF( COUNTIF($B$2:$B$12,J$13)>0, IF(J29="", "", J29), "") | ... AG29: =IF( COUNTIF($B$2:$B$12,Q$13)>0, IF(Q29="", "", Q29), "") | AI29: =IF(COUNTIF($S29:$AG29, "y")>0, "y", "") | AK29: =IFERROR(INDEX('Legislation tool - TO HIDE'!$B$14:$B$44,_xlfn.AGGREGATE(15,3,('Legislation tool - TO HIDE'!$AI$14:$AI$44="y")/('Legislation tool - TO HIDE'!$AI$14:$AI$44="y")*(ROW('Legislation tool - TO HIDE'!$AI$14:$AI$44)-ROW('Legislation tool - TO HIDE'!$AI$13)),ROWS('Legislation tool - TO HIDE'!$AJ$14:AJ29))), "") | AM29: Construction Products Regulation | AN29: =IF(VLOOKUP(AM29,$B$14:$AI$44, COLUMN(AI29)-1, FALSE)="", "", VLOOKUP(AM29,$B$14:$AI$44, COLUMN(AI29)-1, FALSE))
B30: Cosmetics Regulation | G30: y | S30: =IF( COUNTIF($B$2:$B$12,C$13)>0, IF(C30="", "", C30), "") | T30: =IF( COUNTIF($B$2:$B$12,D$13)>0, IF(D30="", "", D30), "") | U30: =IF( COUNTIF($B$2:$B$12,E$13)>0, IF(E30="", "", E30), "") | V30: =IF( COUNTIF($B$2:$B$12,F$13)>0, IF(F30="", "", F30), "") | W30: =IF( COUNTIF($B$2:$B$12,G$13)>0, IF(G30="", "", G30), "") | X30: =IF( COUNTIF($B$2:$B$12,H$13)>0, IF(H30="", "", H30), "") | Y30: =IF( COUNTIF($B$2:$B$12,I$13)>0, IF(I30="", "", I30), "") | Z30: =IF( COUNTIF($B$2:$B$12,J$13)>0, IF(J30="", "", J30), "") | ... AG30: =IF( COUNTIF($B$2:$B$12,Q$13)>0, IF(Q30="", "", Q30), "") | AI30: =IF(COUNTIF($S30:$AG30, "y")>0, "y", "") | AK30: =IFERROR(INDEX('Legislation tool - TO HIDE'!$B$14:$B$44,_xlfn.AGGREGATE(15,3,('Legislation tool - TO HIDE'!$AI$14:$AI$44="y")/('Legislation tool - TO HIDE'!$AI$14:$AI$44="y")*(ROW('Legislation tool - TO HIDE'!$AI$14:$AI$44)-ROW('Legislation tool - TO HIDE'!$AI$13)),ROWS('Legislation tool - TO HIDE'!$AJ$14:AJ30))), "") | AM30: Eco-Label Regulation | AN30: =IF(VLOOKUP(AM30,$B$14:$AI$44, COLUMN(AI30)-1, FALSE)="", "", VLOOKUP(AM30,$B$14:$AI$44, COLUMN(AI30)-1, FALSE))
B31: Construction Products Regulation | P31: y | S31: =IF( COUNTIF($B$2:$B$12,C$13)>0, IF(C31="", "", C31), "") | T31: =IF( COUNTIF($B$2:$B$12,D$13)>0, IF(D31="", "", D31), "") | U31: =IF( COUNTIF($B$2:$B$12,E$13)>0, IF(E31="", "", E31), "") | V31: =IF( COUNTIF($B$2:$B$12,F$13)>0, IF(F31="", "", F31), "") | W31: =IF( COUNTIF($B$2:$B$12,G$13)>0, IF(G31="", "", G31), "") | X31: =IF( COUNTIF($B$2:$B$12,H$13)>0, IF(H31="", "", H31), "") | Y31: =IF( COUNTIF($B$2:$B$12,I$13)>0, IF(I31="", "", I31), "") | Z31: =IF( COUNTIF($B$2:$B$12,J$13)>0, IF(J31="", "", J31), "") | ... AG31: =IF( COUNTIF($B$2:$B$12,Q$13)>0, IF(Q31="", "", Q31), "") | AI31: =IF(COUNTIF($S31:$AG31, "y")>0, "y", "") | AK31: =IFERROR(INDEX('Legislation tool - TO HIDE'!$B$14:$B$44,_xlfn.AGGREGATE(15,3,('Legislation tool - TO HIDE'!$AI$14:$AI$44="y")/('Legislation tool - TO HIDE'!$AI$14:$AI$44="y")*(ROW('Legislation tool - TO HIDE'!$AI$14:$AI$44)-ROW('Legislation tool - TO HIDE'!$AI$13)),ROWS('Legislation tool - TO HIDE'!$AJ$14:AJ31))), "") | AM31: Machinery Directive | AN31: =IF(VLOOKUP(AM31,$B$14:$AI$44, COLUMN(AI31)-1, FALSE)="", "", VLOOKUP(AM31,$B$14:$AI$44, COLUMN(AI31)-1, FALSE))
B32: Eco-Label Regulation | G32: y | H32: y | P32: y | Q32: y | S32: =IF( COUNTIF($B$2:$B$12,C$13)>0, IF(C32="", "", C32), "") | T32: =IF( COUNTIF($B$2:$B$12,D$13)>0, IF(D32="", "", D32), "") | U32: =IF( COUNTIF($B$2:$B$12,E$13)>0, IF(E32="", "", E32), "") | V32: =IF( COUNTIF($B$2:$B$12,F$13)>0, IF(F32="", "", F32), "") | W32: =IF( COUNTIF($B$2:$B$12,G$13)>0, IF(G32="", "", G32), "") | X32: =IF( COUNTIF($B$2:$B$12,H$13)>0, IF(H32="", "", H32), "") | Y32: =IF( COUNTIF($B$2:$B$12,I$13)>0, IF(I32="", "", I32), "") | Z32: =IF( COUNTIF($B$2:$B$12,J$13)>0, IF(J32="", "", J32), "") | ... AG32: =IF( COUNTIF($B$2:$B$12,Q$13)>0, IF(Q32="", "", Q32), "") | AI32: =IF(COUNTIF($S32:$AG32, "y")>0, "y", "") | AK32: =IFERROR(INDEX('Legislation tool - TO HIDE'!$B$14:$B$44,_xlfn.AGGREGATE(15,3,('Legislation tool - TO HIDE'!$AI$14:$AI$44="y")/('Legislation tool - TO HIDE'!$AI$14:$AI$44="y")*(ROW('Legislation tool - TO HIDE'!$AI$14:$AI$44)-ROW('Legislation tool - TO HIDE'!$AI$13)),ROWS('Legislation tool - TO HIDE'!$AJ$14:AJ32))), "") | AM32: Regulation on Medical Devices | AN32: =IF(VLOOKUP(AM32,$B$14:$AI$44, COLUMN(AI32)-1, FALSE)="", "", VLOOKUP(AM32,$B$14:$AI$44, COLUMN(AI32)-1, FALSE))
B33: Machinery Directive | G33: y | H33: y | P33: y | S33: =IF( COUNTIF($B$2:$B$12,C$13)>0, IF(C33="", "", C33), "") | T33: =IF( COUNTIF($B$2:$B$12,D$13)>0, IF(D33="", "", D33), "") | U33: =IF( COUNTIF($B$2:$B$12,E$13)>0, IF(E33="", "", E33), "") | V33: =IF( COUNTIF($B$2:$B$12,F$13)>0, IF(F33="", "", F33), "") | W33: =IF( COUNTIF($B$2:$B$12,G$13)>0, IF(G33="", "", G33), "") | X33: =IF( COUNTIF($B$2:$B$12,H$13)>0, IF(H33="", "", H33), "") | Y33: =IF( COUNTIF($B$2:$B$12,I$13)>0, IF(I33="", "", I33), "") | Z33: =IF( COUNTIF($B$2:$B$12,J$13)>0, IF(J33="", "", J33), "") | ... AG33: =IF( COUNTIF($B$2:$B$12,Q$13)>0, IF(Q33="", "", Q33), "") | AI33: =IF(COUNTIF($S33:$AG33, "y")>0, "y", "") | AK33: =IFERROR(INDEX('Legislation tool - TO HIDE'!$B$14:$B$44,_xlfn.AGGREGATE(15,3,('Legislation tool - TO HIDE'!$AI$14:$AI$44="y")/('Legislation tool - TO HIDE'!$AI$14:$AI$44="y")*(ROW('Legislation tool - TO HIDE'!$AI$14:$AI$44)-ROW('Legislation tool - TO HIDE'!$AI$13)),ROWS('Legislation tool - TO HIDE'!$AJ$14:AJ33))), "") | AM33: Regulation on In Vitro Devices, Regulation | AN33: =IF(VLOOKUP(AM33,$B$14:$AI$44, COLUMN(AI33)-1, FALSE)="", "", VLOOKUP(AM33,$B$14:$AI$44, COLUMN(AI33)-1, FALSE))
B34: Regulation on Medical Devices | K34: y | S34: =IF( COUNTIF($B$2:$B$12,C$13)>0, IF(C34="", "", C34), "") | T34: =IF( COUNTIF($B$2:$B$12,D$13)>0, IF(D34="", "", D34), "") | U34: =IF( COUNTIF($B$2:$B$12,E$13)>0, IF(E34="", "", E34), "") | V34: =IF( COUNTIF($B$2:$B$12,F$13)>0, IF(F34="", "", F34), "") | W34: =IF( COUNTIF($B$2:$B$12,G$13)>0, IF(G34="", "", G34), "") | X34: =IF( COUNTIF($B$2:$B$12,H$13)>0, IF(H34="", "", H34), "") | Y34: =IF( COUNTIF($B$2:$B$12,I$13)>0, IF(I34="", "", I34), "") | Z34: =IF( COUNTIF($B$2:$B$12,J$13)>0, IF(J34="", "", J34), "") | ... AG34: =IF( COUNTIF($B$2:$B$12,Q$13)>0, IF(Q34="", "", Q34), "") | AI34: =IF(COUNTIF($S34:$AG34, "y")>0, "y", "") | AK34: =IFERROR(INDEX('Legislation tool - TO HIDE'!$B$14:$B$44,_xlfn.AGGREGATE(15,3,('Legislation tool - TO HIDE'!$AI$14:$AI$44="y")/('Legislation tool - TO HIDE'!$AI$14:$AI$44="y")*(ROW('Legislation tool - TO HIDE'!$AI$14:$AI$44)-ROW('Legislation tool - TO HIDE'!$AI$13)),ROWS('Legislation tool - TO HIDE'!$AJ$14:AJ34))), "") | AM34: PPPs (Pesticides) Regulation | AN34: =IF(VLOOKUP(AM34,$B$14:$AI$44, COLUMN(AI34)-1, FALSE)="", "", VLOOKUP(AM34,$B$14:$AI$44, COLUMN(AI34)-1, FALSE))
B35: Regulation on In Vitro Devices, Regulation | K35: y | S35: =IF( COUNTIF($B$2:$B$12,C$13)>0, IF(C35="", "", C35), "") | T35: =IF( COUNTIF($B$2:$B$12,D$13)>0, IF(D35="", "", D35), "") | U35: =IF( COUNTIF($B$2:$B$12,E$13)>0, IF(E35="", "", E35), "") | V35: =IF( COUNTIF($B$2:$B$12,F$13)>0, IF(F35="", "", F35), "") | W35: =IF( COUNTIF($B$2:$B$12,G$13)>0, IF(G35="", "", G35), "") | X35: =IF( COUNTIF($B$2:$B$12,H$13)>0, IF(H35="", "", H35), "") | Y35: =IF( COUNTIF($B$2:$B$12,I$13)>0, IF(I35="", "", I35), "") | Z35: =IF( COUNTIF($B$2:$B$12,J$13)>0, IF(J35="", "", J35), "") | ... AG35: =IF( COUNTIF($B$2:$B$12,Q$13)>0, IF(Q35="", "", Q35), "") | AI35: =IF(COUNTIF($S35:$AG35, "y")>0, "y", "") | AK35: =IFERROR(INDEX('Legislation tool - TO HIDE'!$B$14:$B$44,_xlfn.AGGREGATE(15,3,('Legislation tool - TO HIDE'!$AI$14:$AI$44="y")/('Legislation tool - TO HIDE'!$AI$14:$AI$44="y")*(ROW('Legislation tool - TO HIDE'!$AI$14:$AI$44)-ROW('Legislation tool - TO HIDE'!$AI$13)),ROWS('Legislation tool - TO HIDE'!$AJ$14:AJ35))), "") | AM35: Detergents Regulation | AN35: =IF(VLOOKUP(AM35,$B$14:$AI$44, COLUMN(AI35)-1, FALSE)="", "", VLOOKUP(AM35,$B$14:$AI$44, COLUMN(AI35)-1, FALSE))
B36: PPPs (Pesticides) Regulation | P36: y | S36: =IF( COUNTIF($B$2:$B$12,C$13)>0, IF(C36="", "", C36), "") | T36: =IF( COUNTIF($B$2:$B$12,D$13)>0, IF(D36="", "", D36), "") | U36: =IF( COUNTIF($B$2:$B$12,E$13)>0, IF(E36="", "", E36), "") | V36: =IF( COUNTIF($B$2:$B$12,F$13)>0, IF(F36="", "", F36), "") | W36: =IF( COUNTIF($B$2:$B$12,G$13)>0, IF(G36="", "", G36), "") | X36: =IF( COUNTIF($B$2:$B$12,H$13)>0, IF(H36="", "", H36), "") | Y36: =IF( COUNTIF($B$2:$B$12,I$13)>0, IF(I36="", "", I36), "") | Z36: =IF( COUNTIF($B$2:$B$12,J$13)>0, IF(J36="", "", J36), "") | ... AG36: =IF( COUNTIF($B$2:$B$12,Q$13)>0, IF(Q36="", "", Q36), "") | AI36: =IF(COUNTIF($S36:$AG36, "y")>0, "y", "") | AK36: =IFERROR(INDEX('Legislation tool - TO HIDE'!$B$14:$B$44,_xlfn.AGGREGATE(15,3,('Legislation tool - TO HIDE'!$AI$14:$AI$44="y")/('Legislation tool - TO HIDE'!$AI$14:$AI$44="y")*(ROW('Legislation tool - TO HIDE'!$AI$14:$AI$44)-ROW('Legislation tool - TO HIDE'!$AI$13)),ROWS('Legislation tool - TO HIDE'!$AJ$14:AJ36))), "") | AM36: Textile Regulation | AN36: =IF(VLOOKUP(AM36,$B$14:$AI$44, COLUMN(AI36)-1, FALSE)="", "", VLOOKUP(AM36,$B$14:$AI$44, COLUMN(AI36)-1, FALSE))
B37: Detergents Regulation | Q37: y | S37: =IF( COUNTIF($B$2:$B$12,C$13)>0, IF(C37="", "", C37), "") | T37: =IF( COUNTIF($B$2:$B$12,D$13)>0, IF(D37="", "", D37), "") | U37: =IF( COUNTIF($B$2:$B$12,E$13)>0, IF(E37="", "", E37), "") | V37: =IF( COUNTIF($B$2:$B$12,F$13)>0, IF(F37="", "", F37), "") | W37: =IF( COUNTIF($B$2:$B$12,G$13)>0, IF(G37="", "", G37), "") | X37: =IF( COUNTIF($B$2:$B$12,H$13)>0, IF(H37="", "", H37), "") | Y37: =IF( COUNTIF($B$2:$B$12,I$13)>0, IF(I37="", "", I37), "") | Z37: =IF( COUNTIF($B$2:$B$12,J$13)>0, IF(J37="", "", J37), "") | ... AG37: =IF( COUNTIF($B$2:$B$12,Q$13)>0, IF(Q37="", "", Q37), "") | AI37: =IF(COUNTIF($S37:$AG37, "y")>0, "y", "") | AK37: =IFERROR(INDEX('Legislation tool - TO HIDE'!$B$14:$B$44,_xlfn.AGGREGATE(15,3,('Legislation tool - TO HIDE'!$AI$14:$AI$44="y")/('Legislation tool - TO HIDE'!$AI$14:$AI$44="y")*(ROW('Legislation tool - TO HIDE'!$AI$14:$AI$44)-ROW('Legislation tool - TO HIDE'!$AI$13)),ROWS('Legislation tool - TO HIDE'!$AJ$14:AJ37))), "") | AM37: Eco-Design Directive | AN37: =IF(VLOOKUP(AM37,$B$14:$AI$44, COLUMN(AI37)-1, FALSE)="", "", VLOOKUP(AM37,$B$14:$AI$44, COLUMN(AI37)-1, FALSE))
B38: Textile Regulation | Q38: y | S38: =IF( COUNTIF($B$2:$B$12,C$13)>0, IF(C38="", "", C38), "") | T38: =IF( COUNTIF($B$2:$B$12,D$13)>0, IF(D38="", "", D38), "") | U38: =IF( COUNTIF($B$2:$B$12,E$13)>0, IF(E38="", "", E38), "") | V38: =IF( COUNTIF($B$2:$B$12,F$13)>0, IF(F38="", "", F38), "") | W38: =IF( COUNTIF($B$2:$B$12,G$13)>0, IF(G38="", "", G38), "") | X38: =IF( COUNTIF($B$2:$B$12,H$13)>0, IF(H38="", "", H38), "") | Y38: =IF( COUNTIF($B$2:$B$12,I$13)>0, IF(I38="", "", I38), "") | Z38: =IF( COUNTIF($B$2:$B$12,J$13)>0, IF(J38="", "", J38), "") | ... AG38: =IF( COUNTIF($B$2:$B$12,Q$13)>0, IF(Q38="", "", Q38), "") | AI38: =IF(COUNTIF($S38:$AG38, "y")>0, "y", "") | AK38: =IFERROR(INDEX('Legislation tool - TO HIDE'!$B$14:$B$44,_xlfn.AGGREGATE(15,3,('Legislation tool - TO HIDE'!$AI$14:$AI$44="y")/('Legislation tool - TO HIDE'!$AI$14:$AI$44="y")*(ROW('Legislation tool - TO HIDE'!$AI$14:$AI$44)-ROW('Legislation tool - TO HIDE'!$AI$13)),ROWS('Legislation tool - TO HIDE'!$AJ$14:AJ38))), "") | AM38: Mining Waste Directive | AN38: =IF(VLOOKUP(AM38,$B$14:$AI$44, COLUMN(AI38)-1, FALSE)="", "", VLOOKUP(AM38,$B$14:$AI$44, COLUMN(AI38)-1, FALSE))
B39: Eco-Design Directive | H39: y | S39: =IF( COUNTIF($B$2:$B$12,C$13)>0, IF(C39="", "", C39), "") | T39: =IF( COUNTIF($B$2:$B$12,D$13)>0, IF(D39="", "", D39), "") | U39: =IF( COUNTIF($B$2:$B$12,E$13)>0, IF(E39="", "", E39), "") | V39: =IF( COUNTIF($B$2:$B$12,F$13)>0, IF(F39="", "", F39), "") | W39: =IF( COUNTIF($B$2:$B$12,G$13)>0, IF(G39="", "", G39), "") | X39: =IF( COUNTIF($B$2:$B$12,H$13)>0, IF(H39="", "", H39), "") | Y39: =IF( COUNTIF($B$2:$B$12,I$13)>0, IF(I39="", "", I39), "") | Z39: =IF( COUNTIF($B$2:$B$12,J$13)>0, IF(J39="", "", J39), "") | ... AG39: =IF( COUNTIF($B$2:$B$12,Q$13)>0, IF(Q39="", "", Q39), "") | AI39: =IF(COUNTIF($S39:$AG39, "y")>0, "y", "") | AK39: =IFERROR(INDEX('Legislation tool - TO HIDE'!$B$14:$B$44,_xlfn.AGGREGATE(15,3,('Legislation tool - TO HIDE'!$AI$14:$AI$44="y")/('Legislation tool - TO HIDE'!$AI$14:$AI$44="y")*(ROW('Legislation tool - TO HIDE'!$AI$14:$AI$44)-ROW('Legislation tool - TO HIDE'!$AI$13)),ROWS('Legislation tool - TO HIDE'!$AJ$14:AJ39))), "") | AM39: End of life vehicle (ELV) Directive | AN39: =IF(VLOOKUP(AM39,$B$14:$AI$44, COLUMN(AI39)-1, FALSE)="", "", VLOOKUP(AM39,$B$14:$AI$44, COLUMN(AI39)-1, FALSE))
B40: Mining Waste Directive | C40: y | S40: =IF( COUNTIF($B$2:$B$12,C$13)>0, IF(C40="", "", C40), "") | T40: =IF( COUNTIF($B$2:$B$12,D$13)>0, IF(D40="", "", D40), "") | U40: =IF( COUNTIF($B$2:$B$12,E$13)>0, IF(E40="", "", E40), "") | V40: =IF( COUNTIF($B$2:$B$12,F$13)>0, IF(F40="", "", F40), "") | W40: =IF( COUNTIF($B$2:$B$12,G$13)>0, IF(G40="", "", G40), "") | X40: =IF( COUNTIF($B$2:$B$12,H$13)>0, IF(H40="", "", H40), "") | Y40: =IF( COUNTIF($B$2:$B$12,I$13)>0, IF(I40="", "", I40), "") | Z40: =IF( COUNTIF($B$2:$B$12,J$13)>0, IF(J40="", "", J40), "") | ... AG40: =IF( COUNTIF($B$2:$B$12,Q$13)>0, IF(Q40="", "", Q40), "") | AI40: =IF(COUNTIF($S40:$AG40, "y")>0, "y", "") | AK40: =IFERROR(INDEX('Legislation tool - TO HIDE'!$B$14:$B$44,_xlfn.AGGREGATE(15,3,('Legislation tool - TO HIDE'!$AI$14:$AI$44="y")/('Legislation tool - TO HIDE'!$AI$14:$AI$44="y")*(ROW('Legislation tool - TO HIDE'!$AI$14:$AI$44)-ROW('Legislation tool - TO HIDE'!$AI$13)),ROWS('Legislation tool - TO HIDE'!$AJ$14:AJ40))), "") | AM40: Biocides Regulation | AN40: =IF(VLOOKUP(AM40,$B$14:$AI$44, COLUMN(AI40)-1, FALSE)="", "", VLOOKUP(AM40,$B$14:$AI$44, COLUMN(AI40)-1, FALSE))
B41: End of life vehicle (ELV) Directive | C41: y | F41: y | H41: y | P41: y | S41: =IF( COUNTIF($B$2:$B$12,C$13)>0, IF(C41="", "", C41), "") | T41: =IF( COUNTIF($B$2:$B$12,D$13)>0, IF(D41="", "", D41), "") | U41: =IF( COUNTIF($B$2:$B$12,E$13)>0, IF(E41="", "", E41), "") | V41: =IF( COUNTIF($B$2:$B$12,F$13)>0, IF(F41="", "", F41), "") | W41: =IF( COUNTIF($B$2:$B$12,G$13)>0, IF(G41="", "", G41), "") | X41: =IF( COUNTIF($B$2:$B$12,H$13)>0, IF(H41="", "", H41), "") | Y41: =IF( COUNTIF($B$2:$B$12,I$13)>0, IF(I41="", "", I41), "") | Z41: =IF( COUNTIF($B$2:$B$12,J$13)>0, IF(J41="", "", J41), "") | ... AG41: =IF( COUNTIF($B$2:$B$12,Q$13)>0, IF(Q41="", "", Q41), "") | AI41: =IF(COUNTIF($S41:$AG41, "y")>0, "y", "") | AK41: =IFERROR(INDEX('Legislation tool - TO HIDE'!$B$14:$B$44,_xlfn.AGGREGATE(15,3,('Legislation tool - TO HIDE'!$AI$14:$AI$44="y")/('Legislation tool - TO HIDE'!$AI$14:$AI$44="y")*(ROW('Legislation tool - TO HIDE'!$AI$14:$AI$44)-ROW('Legislation tool - TO HIDE'!$AI$13)),ROWS('Legislation tool - TO HIDE'!$AJ$14:AJ41))), "") | AM41: Food Contact Materials (FCMs) Commission Regulation | AN41: =IF(VLOOKUP(AM41,$B$14:$AI$44, COLUMN(AI41)-1, FALSE)="", "", VLOOKUP(AM41,$B$14:$AI$44, COLUMN(AI41)-1, FALSE))
B42: Biocides Regulation | P42: y | S42: =IF( COUNTIF($B$2:$B$12,C$13)>0, IF(C42="", "", C42), "") | T42: =IF( COUNTIF($B$2:$B$12,D$13)>0, IF(D42="", "", D42), "") | U42: =IF( COUNTIF($B$2:$B$12,E$13)>0, IF(E42="", "", E42), "") | V42: =IF( COUNTIF($B$2:$B$12,F$13)>0, IF(F42="", "", F42), "") | W42: =IF( COUNTIF($B$2:$B$12,G$13)>0, IF(G42="", "", G42), "") | X42: =IF( COUNTIF($B$2:$B$12,H$13)>0, IF(H42="", "", H42), "") | Y42: =IF( COUNTIF($B$2:$B$12,I$13)>0, IF(I42="", "", I42), "") | Z42: =IF( COUNTIF($B$2:$B$12,J$13)>0, IF(J42="", "", J42), "") | ... AG42: =IF( COUNTIF($B$2:$B$12,Q$13)>0, IF(Q42="", "", Q42), "") | AI42: =IF(COUNTIF($S42:$AG42, "y")>0, "y", "") | AK42: =IFERROR(INDEX('Legislation tool - TO HIDE'!$B$14:$B$44,_xlfn.AGGREGATE(15,3,('Legislation tool - TO HIDE'!$AI$14:$AI$44="y")/('Legislation tool - TO HIDE'!$AI$14:$AI$44="y")*(ROW('Legislation tool - TO HIDE'!$AI$14:$AI$44)-ROW('Legislation tool - TO HIDE'!$AI$13)),ROWS('Legislation tool - TO HIDE'!$AJ$14:AJ42))), "")
B43: Food Contact Materials (FCMs) Commission Regulation | O43: y | S43: =IF( COUNTIF($B$2:$B$12,C$13)>0, IF(C43="", "", C43), "") | T43: =IF( COUNTIF($B$2:$B$12,D$13)>0, IF(D43="", "", D43), "") | U43: =IF( COUNTIF($B$2:$B$12,E$13)>0, IF(E43="", "", E43), "") | V43: =IF( COUNTIF($B$2:$B$12,F$13)>0, IF(F43="", "", F43), "") | W43: =IF( COUNTIF($B$2:$B$12,G$13)>0, IF(G43="", "", G43), "") | X43: =IF( COUNTIF($B$2:$B$12,H$13)>0, IF(H43="", "", H43), "") | Y43: =IF( COUNTIF($B$2:$B$12,I$13)>0, IF(I43="", "", I43), "") | Z43: =IF( COUNTIF($B$2:$B$12,J$13)>0, IF(J43="", "", J43), "") | ... AG43: =IF( COUNTIF($B$2:$B$12,Q$13)>0, IF(Q43="", "", Q43), "") | AI43: =IF(COUNTIF($S43:$AG43, "y")>0, "y", "") | AK43: =IFERROR(INDEX('Legislation tool - TO HIDE'!$B$14:$B$44,_xlfn.AGGREGATE(15,3,('Legislation tool - TO HIDE'!$AI$14:$AI$44="y")/('Legislation tool - TO HIDE'!$AI$14:$AI$44="y")*(ROW('Legislation tool - TO HIDE'!$AI$14:$AI$44)-ROW('Legislation tool - TO HIDE'!$AI$13)),ROWS('Legislation tool - TO HIDE'!$AJ$14:AJ43))), "")
B44: Waste Packaging Directive | P44: y | S44: =IF( COUNTIF($B$2:$B$12,C$13)>0, IF(C44="", "", C44), "") | T44: =IF( COUNTIF($B$2:$B$12,D$13)>0, IF(D44="", "", D44), "") | U44: =IF( COUNTIF($B$2:$B$12,E$13)>0, IF(E44="", "", E44), "") | V44: =IF( COUNTIF($B$2:$B$12,F$13)>0, IF(F44="", "", F44), "") | W44: =IF( COUNTIF($B$2:$B$12,G$13)>0, IF(G44="", "", G44), "") | X44: =IF( COUNTIF($B$2:$B$12,H$13)>0, IF(H44="", "", H44), "") | Y44: =IF( COUNTIF($B$2:$B$12,I$13)>0, IF(I44="", "", I44), "") | Z44: =IF( COUNTIF($B$2:$B$12,J$13)>0, IF(J44="", "", J44), "") | ... AG44: =IF( COUNTIF($B$2:$B$12,Q$13)>0, IF(Q44="", "", Q44), "") | AI44: =IF(COUNTIF($S44:$AG44, "y")>0, "y", "") | AK44: =IFERROR(INDEX('Legislation tool - TO HIDE'!$B$14:$B$44,_xlfn.AGGREGATE(15,3,('Legislation tool - TO HIDE'!$AI$14:$AI$44="y")/('Legislation tool - TO HIDE'!$AI$14:$AI$44="y")*(ROW('Legislation tool - TO HIDE'!$AI$14:$AI$44)-ROW('Legislation tool - TO HIDE'!$AI$13)),ROWS('Legislation tool - TO HIDE'!$AJ$14:AJ44))), "")
B46: Legislation | C46: Description | D46: Likelihood of being triggered | E46: Requirements for additional actions
E47: Labelling, packaging and downstream user communication | F47: Monitoring and data collection | G47: Personnel | H47: Risk management measures | I47: Limiting the use of silver substances | J47: Additional record keeping requirements | K47: Other
B48: CLP Regulation | C48: This regulation is based on the United Nations’ Globally Harmonised System (GHS). The overall objective of the regulation is to “[…] ensure a high level of protection of human health and the environment as well as the free movement of chemical substances, mixtures and certain specific articles, while enhancing competitiveness and innovation.” (CLP, 2008, Article 1). CLP is legally binding across Member States and directly applicable to all industrial sectors. It requires manufacturers, importers or downstream users of substances or mixtures to classify, label and package their hazardous chemicals appropriately before placing them on the market. | D48: Will definitely be triggered | E48: - Replacing and updating labels for substances and mixtures containing silver compounds in concentrations above 0.3% - Exposure and risk assessment to be included in safety data sheet | F48: - Data gathering, testing etc. if necessary to carry exposure and risk assessment which needs to be included in the safety data sheet. | G48: Not relevant | H48: Not relevant | I48: Not relevant | J48: Not relevant | K48: Not relevant
B49: REACH - Registration, Information in supply chain, Downstream users | C49: REACH imposes a general obligation to provide ECHA with information on all substances and mixtures that are placed on the market in the EU (TITLE II). TITLE IV and TITLE V further details what type of information to communicate through the supply chain | D49: Will definitely be triggered | E49: - Exposure and risk assessment to be included in safety data sheet | F49: - Data gathering, testing etc. if necessary to carry exposure and risk assessment which needs to be included in the safety data sheet. | G49: Not relevant | H49: Implement any new risk management measures necessary for a reprotoxic substance. These may be self-identified or set out in the safety data sheet. | I49: Not relevant | J49: Not relevant | K49: Not relevant
B50: REACH - Evaluation | C50: TITLE VI sets out information requirements for a Member State when carrying out substance evaluation and require companies to provide any additional data needed for the evaluation process requested by the Members State. | D50: Will potentially be triggered | E50: Not relevant | F50: - Provide data if requested by authorities as part of a substance evaluation process | G50: Not relevant | H50: Not relevant | I50: Not relevant | J50: Not relevant | K50: Not relevant
B51: REACH Regulation - SVHC and candidate listing | C51: The aim of the authorisation route is to ensure that the risks from substances of very high concern (SVHCs) are controlled and that these substances are progressively replaced by technically and economically feasible alternatives. The first step in the authorisation process is the identification of a substance as a Substance of Very High Concern (SVHC). After a substance has been identified as an SVHC, it is immediately included in the Candidate List – the list of substances that are evaluated for inclusion in Annex XIV. | D51: Will potentially be triggered | E51: If identified as SVHC: - Provide safety data sheets if concentration of silver in mixture/article >0.1% - Exposure and risk assessment to be included in safety data sheet | F51: If identified as SVHC: - Data gathering to identify possible alternatives to silver compounds | G51: Not relevant | H51: Implement any new risk management measures necessary for a reprotoxic substance. These may be self-identified or set out in the safety data sheet. | I51: Not relevant | J51: Not relevant | K51: If identified as SVHC: - ECHA notification Voluntary effort: - R&D / substitution efforts to phase out the silver compounds. - Input to public consultations if recommended for Authorisation - Voluntary substitution to avoid using silver compounds
B52: REACH Regulation - Authorisation | C52: The aim of the authorisation route is to ensure that the risks from substances of very high concern (SVHCs) are controlled and that these substances are progressively replaced by technically and economically feasible alternatives. A substance is included in Annex XIV with a sunset date, which is the date after which the substance cannot be placed on the market unless an authorisation is granted. An authorisation can be obtained by submitting an application to ECHA or, for downstream users, through an upstream user application. | D52: Will potentially be triggered | E52: Requirements may be included in a potential authorisation | F52: - Data gathering to identify possible alternatives to silver. | G52: Not relevant | H52: Requirements may be included in a potential authorisation | I52: May cease use if authorisation is not granted | J52: Requirements may be included in a potential authorisation | K52: If included in Annex XIV: - R&D / substitution efforts to phase out use of the substances - Apply for authorisation and potential re-application Voluntary efforts: - Input to stakeholder consultation on applications for authorisation
B53: REACH Regulation - Restriction | C53: A restriction can be proposed when there is a concern that a substance poses an unacceptable risk to human health or the environment. The restriction process under REACH complements the authorisation process and can address any remaining risks not addressed by authorisations. This may be substances that are not yet included in Annex XIV or risks from substances included in Annex XIV for which the use(s) is exempt, e.g. import of articles | D53: Will potentially be triggered | E53: Under Entry 30: - Updating labels on substances and mixtures intended for professional users exceeding 0.3%w/w concentration limit | F53: Requirements may be included in a potential new restriction | G53: Requirements may be included in a potential new restriction | H53: Requirements may be included in a potential new restriction | I53: If a restriction is adopted: Limitations or cease use | J53: If a restriction is adopted: Requirements may be included | K53: Voluntary efforts: Input to stakeholder consultation on a potential new restriction
B54: PIC Regulation | C54: This regulation implements the Rotterdam Convention in the EU (Rotterdam Convention, 2017). The objectives of the regulation are to “promote shared responsibility and cooperative efforts in the international movement of hazardous chemicals in order to protect human health and the environment from potential harm” and “contribute to the environmentally sound use of hazardous chemicals” (Article 1). It also ensures that CLP requirements apply to chemicals when exported from the EU to third party countries. | D54: Will definitely be triggered | E54: - Updating labels and safety data sheets for chemicals intended for export in line with requirements under CLP | F54: Not relevant | G54: Not relevant | H54: Not relevant | I54: Not relevant | J54: Not relevant | K54: Not relevant
B55: CAD Regulation | C55: The directive on the protection of the health and safety of workers from the risks related to chemical agents at work (CAD) (98/24/EC) “lays down minimum requirements for the protection of workers from risks to their safety and health arising, or likely to arise, from the effects of chemical agents that are present at the workplace or as a result of any work activity involving chemical agents” (Article 1(1)). The scope of the regulation covers “[…] where hazardous chemical agents are present or may be present at the workplace […]” (Article 1(2)). | D55: It is currently unclear if this will be triggered, as it may already be in place | E55: Not relevant | F55: Under Article 5: - Potential requirements to monitor exposure levels to workers, to meet the legislation's objective of eliminating/reducing worker exposure to hazardous substance | G55: Under Article 8: Potential additional requirements to provide relevant training and information to workers | H55: Under Article 5: Potential additional requirements to implement risk management measures to mitigate worker exposure, to meet the legislation's objective of eliminating/reducing worker exposure to hazardous substance | I55: Not relevant | J55: Not relevant | K55: Not relevant
B56: Pregnant Workers Directive | C56: The directive is “[…] to implement measures to encourage improvements in the safety and health at work of pregnant workers and workers who have recently given birth or who are breastfeeding” (Article 1(1)). This statement also defines the scope of the regulation. | D56: Will potentially be triggered | E56: Not relevant | F56: - Implementation of monitoring to identify potential levels of exposure to pregnant workers | G56: Under Article 5: - If based on an assessment it is considered dangerous to pregnancy worker needs to be moved away from activities with exposure. According to Annex I A(3)), Repr 1B is one of the criteria for this action. | H56: As seen under 'Personnel', required risk management measure is to move the pregnant workers. No additional impacts under this requirement. | I56: Not relevant | J56: Not relevant | K56: Not relevant
B57: Young Workers Protection Directive | C57: According to this directive “[…] Member States shall ensure in general that employers guarantee that young people have working conditions which suit their age. They shall ensure that young people are protected against economic exploitation and against any work likely to harm their safety, health or physical, mental, moral or social development or to jeopardize their education” (Article 1(3)). The scope of the regulation is anyone under the age of 18 with an employment contract/employment relationship, although in some Member States this may not apply for short-term work (e.g. domestic service or work not considered harmful and in a family undertaking) (Article 2). | D57: Will potentially be triggered | E57: Not relevant | F57: - Implementation of monitoring to identify potential levels of exposure to young workers | G57: Under Article 7: - Young people are prohibited from working where exposed to chemical agents. According to Annex I (3), a Repr 1B classification is one of the criteria for this action. | H57: As seen under 'Personnel', required risk management measure is to move the young workers. No additional impacts under this requirement. | I57: Not relevant | J57: Not relevant | K57: Not relevant
B58: Water Framework Directive | C58: The main objectives of the Water Framework Directive (2000, Article 1) are to protect and enhance the status of aquatic ecosystems, eliminate hazardous substances and to ensure sufficient supply of food quality surface and ground water. The Directive sets out indicators (e.g. biological, chemical and ecological) for determining the status of water quality, but it is up to each Member State to identify and implement the appropriate measures to achieve ‘good water status’ in its waterbodies. | D58: It is currently unclear if this will be triggered, as it may already be in place
B59: Ground Water Directive | C59: The purpose of the Groundwater directive is to establish “[…] specific measures as provided for in Article 17(1) and (2) of Directive 2000/60/EC in order to prevent and control groundwater pollution.” (Groundwater Directive, 2006, Article 1). The Groundwater Directive is closely linked to the Water Framework Directive (Directive 2000/60/EC), but it sets out additional, complementary criteria for assessing ‘good groundwater chemical status’ and criteria for “[…] the identification and reversal of significant and sustained upward trends and for the definition of starting points for trend reversals.” (Article 1). | D59: It is currently unclear if this will be triggered, as it may already be in place
B60: Waste Framework Directive | C60: The directive aims to “[…] protect the environment and human health by preventing or reducing the adverse impacts of the generation and management of waste and by reducing overall impacts of resource use and improving the efficiency of such use”. The directive defines ‘waste’ as “[…] any substance or object which the holder discards or intends or is required to discard” (Waste Framework Directive, 2006, Article 3). | D60: Yes, will definitely be triggered | E60: - Labelling waste as hazardous - in accordance with international and Community standards - ‘Safe’ packaging - ensuring protection of human health and the environment | F60: - Testing silver compounds content in the waste - Any additional data collection needed for the record keeping. | G60: Not relevant | H60: - Keep waste containing silver compounds separate from other waste - Necessary risk management measures to ensure protection of human health and the environment | I60: Not relevant | J60: - Record-keeping, including quantities, origin, collection mode, preserved for at least 3 years. - Additional documentation for cross-boarder transportation | K60: Not relevant
B61: General Product Safety Directive | C61: The purpose of the directive is “to ensure that products placed on the market are safe” (Article 1(1)), but is superseded by other legislation that already covers risks. The scope of the directive includes any product/service which is for consumers or likely to be used by consumers (Article 2(a)), this includes the marketing and placing on the market of these products. However, this “shall not apply to second-hand products supplied as antiques or as products to be repaired or reconditioned prior to being used, provided that the supplier clearly informs the person to whom he supplies the product to that effect” (Article 2(a)). | D61: Will potentially be triggered | E61: Under Article 8: - Competent authority of the Member State has the right to ask for labelling of the risks of the product | F61: Under Article 8: - Competent authority of the Member State has the right to ask for information on the products | G61: Not relevant | H61: Not relevant | I61: Under Article 8: - Competent authority of the Member State has the right to place a temporary ban on the product while the risks are being assessed - If the product is deemed dangerous, the Competent Authority also has the right to remove products from the market and/or order/co-ordinate a recall the product | J61: Not relevant | K61: Not relevant
B62: Industrial Emissions Directive | C62: Industrial Emissions Directive (2010/75/EC) - The purpose of the directive is to be an “integrated prevention and control of pollution arising from industrial activities”, with the focus primarily on the protection of the environment – including from emissions to air, water, land and prevention of waste (Article 1). The scope of the directive is on industrial activities (Chapters II to VI), but does “not apply to research activities, development activities or the testing of new products and processes” (Article 2). Overall action is recommended to replace substances/mixtures which because of their content of VOCs are classified as a CMR substance. This is particularly relevant for organic silver compounds, silver carbonate, silver acetate and other silver substances produced in a mixture with VOCs. There are other requirements placed on other hazardous substances. Once action is taken, the Member State is then required to notify the Commission through the RAPEX information service (Article 12). | D62: It is currently unclear if this will be triggered, as it may already be in place | E62: Not relevant | F62: - Monitoring requirements of the hazardous substance, particularly during site closure | G62: Not relevant | H62: Not relevant | I62: - Additional requirements may be required if an emission limit and/or environmental quality standard are set - Additional requirements (including plant closure) may be placed if an incident/accident occurs, or if there non-compliance with the legislation | J62: - Additional requirements may be set if an incident/accident occurs, or if there is non-compliance. Although in these situations, the Environmental Liabilities Directive would supersede the IED | K62: Not relevant
B63: Toy Safety Directive | C63: The directive sets out the requirements for safety that toys for use in play by children under the age of 14 must meet before they can be marketed in the EU. The scope of the regulation does not apply to: playground equipment intended for public use; automatic playing machines, whether coin operated or not, intended for public use; toy vehicles equipped with combustion engines; toy steam engines; and slings and catapults. Overall, a toy with a substance that has a CMR classification of Category 1A and 1B will be banned unless specific requirements are met. | D63: Will definitely be triggered | E63: Not relevant | F63: If a derogation is put in place (a maximum of 5 years, unless safety concerns arise before this): - Must collect information to inform the Scientific Committee’s decision on whether to maintain the derogation | G63: Not relevant | H63: Not relevant | I63: If the requirements are not met for a derogation to be put in place: - Ban the use of the substance(s) | J63: If a derogation is put in place (a maximum of 5 years, unless safety concerns arise before this): - Record keeping to inform the Scientific Committee assessment | K63: Not relevant
B64: Cosmetics Regulation | C64: This Regulation establishes rules to be complied with by any cosmetic product made available on the market, in order to ensure the functioning of the internal market and a high level of protection of human health” (Article 1). The scope of the regulation does not cover any medicinal products, devices or biocidal products. The following requirements are already in place for silver and silver compounds under the cosmetics regulation: - Under Annex III - silver nitrate is on the list of substances which cosmetic products should not contain, except subject to the restriction: silver nitrate is allowed for colouring eyelashes and eyebrows (maximum concentration of 4%). However, cosmetic products with silver nitrate must include labelling that it contains silver nitrate and a warning that a customer must rinse their eye immediately if the product comes in contact with their eye; - Under Annex IV - silver metal is on the list of colorants allowed in cosmetic products to give white colour. However, must be in concentration no less than 99.5% silver metal (Commission Directive 95/45/EC (E 174)); and - Under Annex V - silver chloride (deposited on titanium dioxide) is on the list of preservatives allowed in cosmetic products. However, it must be in concentration of 0.004% as silver chloride, 20 % AgCl (w/w) on TiO2, and not be used in products for children under 3 years of age, in oral products and in eye and lip products. Overall, the regulation prohibits the use of category 1A and 1B CMR substances (Article 15) unless specific requirements are met. | D64: Will definitely be triggered | E64: If the requirements are met for an exception under Article 15: - All ingredients as well as information on the potential risks must be included on the packaging of the cosmetics product | F64: If the requirements are met for an exception under Article 15: - An assessment of safety is required, in order to consider the overall exposure to the substance | G64: Not relevant | H64: Not relevant | I64: If the requirements are not met for an exception under Article 15: - Complete ban | J64: If the requirements are met for an exception under Article 15: - Information requirements may be made by the Scientific Committee on Consumer Safety (SCCS) every five years (or as soon as safety concerns arise) | K64: Not relevant
B65: Construction Products Regulation | C65: The purpose of the regulation is to lay “[…] down conditions for the placing or making available on the market of construction products […]” (Article 1), were a construction product refers to “any product or kit which is produced and placed on the market for incorporation in a permanent manner in construction works or parts thereof […]” (Article 2). Overall particular emphasis is given in the regulation to the workers and local health and release into the environment (Annex I). Although the regulation is superseded by a number of others, including REACH, Biocides, Waste Framework Directive and CLH directive. | D65: It is currently unclear if this will be triggered, as it may already be in place | E65: - Producers of the construction products must declare the content of hazardous substances in construction products | F65: Not relevant | G65: Not relevant | H65: Not relevant | I65: Not relevant | J65: Not relevant | K65: Not relevant
B66: Eco-Label Regulation | C66: The eco-label regulation is a voluntary label of environmental excellence that is awarded to products and services meeting high environmental standards throughout their life-cycle – this also includes impacts on health. The scope of the label covers “any goods or services which are supplied for distribution, consumption or use on the Community market whether in return for payment or free of charge” (Article 1(1)), but does not include medicinal products for human use, for veterinary use or any other type of medical device (Article 1(2)). Overall, any substance that this recognised as a CMR (irrespective of category) will automatically lose the ability to be awarded the eco-label unless specific requirements are met. | D66: It is currently unclear if this will be triggered, as it may already be in place | E66: If conditions are not met for the label to be kept: - Products will automatically lose the ability to be awarded the eco-label | F66: It may be possible under certain circumstances to achieve a derogation,but would require data confirming: - it is not technically feasible to substitute (substance, design etc.); or - the products have a higher overall environmental performance than other similar goods | G66: Not relevant | H66: Not relevant | I66: Not relevant | J66: Not relevant | K66: Not relevant
B67: Machinery Directive | C67: The directive aims at the free market circulation of machinery and the protection of workers and consumers that use this machinery. The scope of the regulation includes products such as machinery and interchangeable equipment, and excludes specific products such as motor vehicles, electrical goods that are used in homes and offices and high-voltage electrical equipment like transformers – see Article 1 for more information. The directive requires that the design and construction of the machinery limits any risks of exposure to hazardous materials used in the machine (Annex I - 1.5.12). The direct implications of this directive is on machinery manufacturers, and indirectly to the users of the machinery. | D67: It is currently unclear if this will be triggered, as it may already be in place | E67: Not relevant | F67: - Machinery manufacturers required to undertake an assessment to consider the potential phase out of the substance at the design stage of the machinery | G67: Not relevant | H67: - Machinery users required to implement risk management measures to mitigate potential toxicity from hazardous substances, such as when cleaning the machinery | I67: Not relevant | J67: Not relevant | K67: - For users of the machinery, impacts will be indirect through potential cost pass-through from suppliers of the machinery
B68: Regulation on Medical Devices | C68: Medical devices are referred to as “[…] any instrument, apparatus, appliance, software, implant, reagent, material or other article intended by the manufacturer to be used, alone or in combination, for human beings for […]” for diagnosis, monitoring, prevention etc. (Article 2). The scope of the regulation does not include the following, particularly as they are already covered by other regulations (see Article 1(6)): in vitro diagnostic medical devices; medicinal products; advanced therapy medicinal products; advanced therapy medicinal products; human blood, blood products, plasma or blood cells of human origin or devices which incorporate such blood products; cosmetic products; transplants, tissues or cells of human / animal origin, their derivatives, or products containing or consisting of them; products that contain/consist of viable biological material/viable organisms; and food. The conditions for the requirements of this legislation being triggered is if the CMR substance is over 0.1% (weight by weight). | D68: Will definitely be triggered | E68: If the substance is over 0.1% (weight by weight) and additional requirements met: - Additional labelling requirements of the parts/material that are above this concentration on device and/or packaging (Annex I, 10.4.5) | F68: If the substance is over 0.1% (weight by weight) and additional requirements met: - Undertake assessments of: potential patient/user exposure; an analysis of alternatives; and why the substance should still be used (Annex I, 10.4.2) | G68: Not relevant | H68: Not relevant | I68: If the substance is over 0.1% (weight by weight) and additional requirements are not met: - Ban use of substance | J68: Not relevant | K68: Not relevant
B69: Regulation on In Vitro Devices, Regulation | C69: The regulation is on the “[…] placing on the market, making available on the market or putting into service of in vitro diagnostic medical devices for human use and accessories for such devices in the Union […]” (Article 1), in particular to protect the health of patients and users (paragraph 2). In vitro devices refer to “[…] a reagent, reagent product, calibrator, control material, kit, instrument, apparatus, piece of equipment, software or system […]” used for the examination of specimen from the human body (Article 2(2)). The scope of the regulation does not include (Article 1(2)): products for general laboratory use or research-use only products – unless specifically manufactured for in vitro diagnostic examination; invasive sampling products or products which are directly applied to the human body for the purpose of obtaining a specimen; internationally certified reference materials; and materials used for external quality assessment schemes. Overall, the regulation advises that the use of CMR substances in in vitro devices is reduced to as low levels as possible. | D69: It is currently unclear if this will be triggered, as it may already be in place | E69: - Requirements to include information around any warnings, precautions or measures that need to be taken when using the device and limitations to using the device (20.4.n.iv) | F69: Not relevant | G69: Not relevant | H69: Not relevant | I69: Not relevant | J69: Not relevant | K69: Not relevant
B70: PPPs (Pesticides) Regulation | C70: The regulation “lays down rules for the authorisation of plant protection products in commercial form and for their placing on the market, use and control within the Community” (Article 1). According to Article 2, plant protection products include products intended to: “protecting plants or plant products against all harmful organisms or preventing the action of such organisms […]”; “influencing the life processes of plants […] other than as a nutrient”; “preserving plant products […]”; “destroying undesired plants or parts of plants […]”; and “checking or preventing undesired growth of plants […]”. | D70: Will definitely be triggered | E70: Not relevant | F70: If approved (for a maximum of 5 years): - Monitoring requirements to ensure that residues remain within the prescribed levels | G70: Not relevant | H70: If approved (for a maximum of 5 years): - Risk management measures (e.g. a closed system) to ensure that levels remain within prescribed levels | I70: If the substance is approved: - Potential limit value set only if human exposure is negligible (e.g. used in a closed system) and residues of the active substance where residues on food and feed do not exceed 0.01 mg/kg (following Regulation (EC) No 396/2005) If the substance is not approved: - Complete ban of use in pesticides | J70: Not relevant | K70: Not relevant
B71: Detergents Regulation | C71: The regulation “establishes rules designed to achieve the free movement of detergents and surfactants for detergents in the internal market while, at the same time, ensuring a high degree of protection of the environment and human health” (Article 1). According to Article 2, a detergent includes “any substance or mixture containing soaps and/or other surfactants intended for washing and cleaning processes”, which includes auxiliary washing mixtures, laundry fabric-softeners, cleaning mixtures and other cleaning and washing mixtures. The focus of the legislation is primarily on preventing impacts on the environment (esp. looking at biodegradability) although there are elements that relate to human health as well. | D71: It is currently unclear if this will be triggered, as it may already be in place | E71: Under Article 11: - Additional labelling requirements | F71: Under Article 8: - Additional testing requirements Under Article 9: - Additional information requirements | G71: Not relevant | H71: Not relevant | I71: Under Article 18: - Potential to ban or limit placing on the market of the detergent | J71: Under Article 9: - Additional information requirements | K71: Not relevant
... B78: Waste Packaging Directive | C78: The purpose of the directive is “to harmonize national measures concerning the management of packaging and packaging waste in order” both for environmental reasons and to allow for the smooth functioning of trade within the EU (Article 1). The scope of the legislation “covers all packaging placed on the market in the Community and all packaging waste, whether it is used or released at industrial, commercial, office, shop, service, household or any other level, regardless of the material used”. Under Article 3 of the directive, a packaging is defined as a product that is made of any material for “containment, protection, handling, delivery and presentation of goods” (Article 3), which may include some uses of silver – say in refrigeration of food items. | D78: It is currently unclear if this will be triggered, as it may already be in place | E78: Not relevant | F78: Not relevant | G78: Not relevant | H78: Not relevant | I78: Not relevant | J78: Not relevant | K78: Under Annex II: - The presence of the hazardous substance must be minimised in how the packaging is disposed of at its end of life

Sheet Dropdown options - TO HIDE
B2: Country codes | E2: Questionnaire prepared for | G2: Technical function | I2: Importance of legislation | K2: Time to implement | M2: Main barrier to RMM
B3: Austria | C3: +43 | E3: On behalf of my organisation | G3: Anti-bacterial | I3: 1 - Most important | K3: Less than one year | M3: Cost of RMM
B4: Belgium | C4: +32 | E4: On behalf of my sector | G4: Corrosion resistant | I4: 2 - Second most important | K4: Around 1 year | M4: Uncertainty of technical effectiveness
B5: Bulgaria | C5: +359 | G5: Electrical conductor | I5: 3 - Third most important | K5: Around 2 years | M5: Lack of resources to investigate/implement
B6: Croatia | C6: +385 | E6: Uses | G6: High oxidation potential | I6: 4 - Fourth most important | K6: Around 5 years | M6: This might require additional requalifying of product/process
B7: Cyprus | C7: +357 | E7: Manufacture of silver and silver compounds (including recycling) | G7: Light sensitive | I7: 5 - Fifth most important | K7: Around 10 years | M7: Risks might not be proportional to the costs
B8: Czech Republic | C8: +420 | E8: Manufacture of other chemical compounds (including use as a catalyst) | G8: Pressure tightness | K8: Over 10 years | M8: Other
B9: Denmark | C9: +45 | E9: Aerospace | G9: Reagent | I9: Y / N / DK
B10: Estonia | C10: +372 | E10: Automotive | G10: Reflective / Ornamental | I10: Yes | K10: One-off cost | M10: Cost/saving RMM
B11: Finland | C11: +358 | E11: Cosmetics | G11: Store of value | I11: No | K11: Less than €1k | M11: Saving
B12: France | C12: +33 | E12: Electronics and electrical equipment (not used in aerospace and automotive) | G12: Temperature resistant | I12: Don't know | K12: Approximately €5k | M12: Cost
B13: Germany | C13: +49 | E13: Investments | G13: Other function | K13: Approximately €10k
B14: Greece | C14: +30 | E14: Jewellery and luxury items/finishes | I14: Functionality | K14: Approximately €25k | M14: Response
B15: Hungary | C15: +36 | E15: Medical | G15: Technical function | I15: Yes, the same functionality | K15: Approximately €50k | M15: Switch to using an alternative non-silver substance.
B16: Iceland | C16: +354 | E16: Mirrors | G16: Yes, as a non-isolated intermediate | I16: No, not the same functionality | K16: Approximately €100k | M16: Change the production process to avoid the use of silver.
B17: Ireland | C17: +353 | E17: Photographic | G17: Yes, as an on-site isolated intermediate | I17: Don't know | K17: Approximately €200k | M17: Cease production and relocate with new production outside the EEA and Switzerland.
B18: Italy | C18: +39 | E18: Photovoltaics | G18: Yes, as a transported intermediate | K18: Approximately €500k | M18: Cease production in the EEA and Switzerland and do not relocate.
B19: Latvia | C19: +371 | E19: Silverware | G19: No | K19: Approximately €750k | M19: Other response.
B20: Liechtenstein | C20: +423 | E20: All other industrial uses | G20: Don’t know | K20: Approximately €1 million
B21: Lithuania | C21: +370 | E21: All other consumer uses | K21: Approximately €5 million | M21: Lost sales
B22: Luxembourg | C22: +352 | G22: Higher / Lower spending | K22: Approximately €10 million | M22: Less than 1%
B23: Malta | C23: +356 | E23: Cost of alternative | G23: Higher than current spending | K23: Over €10 million | M23: Approximately 5%
B24: Netherlands | C24: +31 | E24: Yes, both the cost of raw materials and processing are the same. | G24: Lower than current spending | M24: Approximately 10%
B25: Norway | C25: +47 | E25: Yes, the cost of raw materials is the same, but not the cost of processing. | K25: Annual cost | M25: Approximately 20%
B26: Poland | C26: +48 | E26: Yes, the cost of processing is the same, but not the cost of raw materials. | G26: Additional legislation | K26: Less than €1k/year | M26: Approximately 50%
B27: Portugal | C27: +351 | E27: No, neither the cost of raw material nor of processing are the same. | G27: Yes, additional EU legislation | K27: Approximately €1k/year | M27: Approximately 75%
B28: Romania | C28: +40 | G28: Yes, additional national legislation | K28: Approximately €5k/year | M28: Approximately 90%
B29: Slovakia | C29: +421 | E29: Impact of alternative on end product | G29: Yes, additional EU and national legislation | K29: Approximately €10k/year | M29: Approximately 100%
B30: Slovenia | C30: +386 | E30: No | G30: No, no additional legislation | K30: Approximately €25k/year
B31: Spain | C31: +34 | E31: Yes, on the quality of the product | K31: Approximately €50k/year
B32: Sweden | C32: +46 | E32: Yes, on the price of the product | K32: Approximately €100k/year
B33: United Kingdom | C33: +44 | E33: Yes, on the available quantity of the product | K33: Approximately €250k/year
B34: United States | C34: +1 | E34: Yes, on a combination of quality, price and/or quantity of the product | K34: Approximately €500k/year
K35: Approximately €750k/year
K36: Approximately €1 million/year
K37: Approximately €5 million/year
K38: Over €5 million/year

Sheet HIDDEN - Raw data
BK2: 4. Workers
R3: 2. Volume MI | AS3: 3. Use of silver | BR3: 5. Legislations
C4: 1. Your organisation | BK4: Q14. How many sites and employees are involved in this use? | BY4: 6. Impacts
A5: Stakeholder number | R5: Q6. What volume of silver are used? | W5: Q7. How do you use the silver substances? | AA5: Q8. What volume of silver do you use within the EEA? | AJ5: Q9. What volume of silver do you use within Switzerland? | AS5: Q10. Please describe the technical functionality of the silver substance(s) in these use(s). | AX5: Q11. Are there any alternatives to the silver substance that are currently in use? | BF5: Q12. What are the end product(s) of these uses of silver? | BJ5: Q13. Please describe the end of life of this use of silver substance. | BK5: Silver substances | BL5: Number of sites in the EEA and Switzerland which handle the substance(s) (i.e. exclude any distribution / sales locations) | BN5: Total number of employees | BP5: Total number of employees potentially exposed to the substance(s) | BR5: Q15. How important are the legislations that will be triggered? | CC5: Q18. What are the impacts of additional monitoring and data collection? | CL5: Q20. What are the impacts of additional risk management measures? | CT5: Q21. What are the impacts of limiting the use of the silver substances? | DG5: Q22. What are the impacts of additional administrative requirements imposed? | DJ5: 7. Survey end
C6: Q1. Please provide the following information on your company/organisation. | G6: Q2. Are you completing this questionnaire on behalf of your company, or for a particular sector (e.g. as a trade association)? | H6: Q3. Is your organisation a SME? | I6: Q4. As a sector representative, please provide the following information. | L6: Q5. Role(s) of your organisation in the supply chain: Please tick all that apply. | R6: Silver substances Please note there are two parts (A and B) to this question. | S6: A. Total volume used (tonnes per year) Mean 3-year annual average (2017 - 2019) within the EEA and Switzerland. Please provide information to the nearest tonne. | T6: B. Of the total volume used - What proportion (%) is sold within the EEA and Switzerland? Please provide information to the nearest percentage. | W6: A. Please identify the use(s) of the silver substance(s) | Y6: B. Please briefly describe how the silver substance(s) are used. | Z6: C. Is this use categorised as an intermediate use? Please refer to ECHA guidance on Intermediates for more information on this topic in the survey tip below. | AA6: A. What proportion of the silver substances used within the EEA is for this use? Please note, this does not include silver substances that are a by product. Only silver substances that are intentionally used in this use. | AJ6: A. What proportion of the silver substances used within Switzerland is for this use? Please note, this does not include silver substances that are a by product. Only silver substances that are intentionally used in this use. | AS6: A. What is (/are) the function(s) of the silver substance(s) in this use? Please select from the dropdown. | AW6: B. If you have any additional information on why the silver substance is used, please include this here. | AX6: A. Do you know of any alternative(s) available for this use? This could be an alternative substance, process and/or technique | AY6: B. What alternatives are currently available? | BA6: C. Does this use have the same technical functionality as the silver substances? | BC6: D. What are the likely implications on your customers' costs of switching to this alternative? | BF6: A. Do you know what the end product is of this use of silver? | BG6: B. Please describe what you believe is the end product(s) of this use of silver. | BH6: C. What are the implications on the end product of switching to the alternative(s) listed in Q11? | BJ6: A. Please describe how the end product(s) of this use of silver is disposed. | BR6: A. What legislations will be triggered? | BS6: Have you heard about this legislation before? | BT6: B. If you do not agree with any of these assessments, please explain why | BU6: C. What are the most important legislations that you think will have the greatest impact on you and your sector? Please rank the top five legislation. | BV6: Q16. Are there any additional legislation you believe will be triggered? | BY6: Q17. What are the impacts of additional labelling requirements? | CC6: A. What is the expeced one-off cost of collecting data for the various assessments? | CD6: B. What is the cost of implementing the additional monitoring programme? | CG6: D. Please provide details of any other additional costs that you expect. | CH6: Q19. What are the impacts of additional requirements for personnel? | CL6: A. Please describe the risk management measure(s) that you are likely too implement to comply with the legislations. RMMs include: closed systems, partially enclosed systems, Local Exhaust Ventilation (LEV), PPE etc. | CM6: B. What are the expected costs of implementing the RMM(s)? | CQ6: C. What is the main barrier to implementing the RMM(s)? | CS6: D. Please provide details of any other additional costs that you expect. | CT6: A. How would you limit exposure to meet a 0.3% concentration limit? - this value is based on guidance in the CLP regulation. | CY6: B. How would you limit exposure to meet a 0.1% concentration limit? - this value is based on guidance in the REACH Authorisation. | DD6: C. If a ban is put in place, what is your most likely response? | DF6: D. Please provide details of any other additional costs that you expect. | DG6: A. What additional administrative costs do you envision in light of the above legislation?
C7: Company/organisation name: | D7: Contact person: | E7: Contact person's email address: | F7: Contact person's telephone number (including country code): | H7: Yes = 1, No = 2 | I7: Country you represent: | J7: Number of companies you represent: | K7: Number of companies that provided quantitative data for this questionnaire: | L7: Manufacturer | M7: Importer into the EU | N7: Distributor | O7: Exporter from the EU | P7: Downstream user | Q7: Other | T7: Within EEA | U7: Within Switzerland | V7: Total | W7: Please select from dropdown | X7: If other industrial / consumer uses, please specify | AA7: Silver metal | AB7: Silver nitrate | AC7: Silver carbonate | AD7: Disilver oxide | AE7: Disilver (1+) sulphate | AF7: Silver chloride | AG7: Silver bromide | AH7: Silver iodide | AI7: Silver acetate | AJ7: Silver metal | AK7: Silver nitrate | AL7: Silver carbonate | AM7: Disilver oxide | AN7: Disilver (1+) sulphate | AO7: Silver chloride | AP7: Silver bromide | AQ7: Silver iodide | AR7: Silver acetate | AS7: Function 1 | AT7: Function 2 | AU7: Function 3 | AV7: If other, please specify | AY7: Please list all known alternatives for each use. | AZ7: Why is the silver substance(s) preferred over this alternative(s)? | BA7: Does this have the same technical functionality as the silver substance(s)? | BB7: If no, please explain why. | BC7: Is the cost of acquiring the substance (i.e. of raw materials) and processing this substance the same? | BD7: If one or both of these costs are likely to be different, please explain how it will be different. | BE7: Please describe any other costs that would be incurred because of the substitution | BH7: Do you believe that the use of this alternative would have any impact on the product? | BI7: If yes, please explain why. | BN7: Within the EEA | BO7: Within Switzerland | BP7: Within the EEA | BQ7: Within Switzerland | BR7: The following list of legislation is the list of legislation that will be triggered due to your specific use(s) of silver substances. | BV7: A. Are there any EU/national legislation you believe we have missed? | BW7: B. What additional legislation will be triggered? | BX7: C. Please provide some explanation on how this legislation affects your business and is triggered by a Repro. 1B classification. | BY7: A. How long would it take to implement these changes? | BZ7: B. What is the one-off cost of updating existing labelling and packaging? | CA7: C. What is the one-off cost of disposing of old labelling and packaging. | CB7: D. Please provide details of any other additional costs that you expect. | CD7: What is the one-off cost of implementing the additional monitoring programme? | CE7: How long would it take to implement this? | CF7: What is the additional annual cost of undertaking the monitoring? | CH7: A. What is the one-off cost of developing the training and information programme for workers? | CI7: B. What are the expected ongoing (annual) costs of implementing the training and information programme for workers? | CJ7: C. What is the one-off cost of moving pregnant personnel and young workers to an alternative task? | CK7: D. Please provide details of any other additional costs that you expect. | CM7: What is the one-off cost of implementing the RMM? | CN7: How long would it take to implement this? | CO7: What are the additional ongoing maintenance costs of implementing this RMM? | CP7: Would there be a net cost or saving to your annual production costs going forward? | CQ7: Please identify what you consider to be the main barrier? | CR7: If other… | CT7: What measures would you implement to achieve this concentration limit? | CU7: What is the one-off cost of implementing the RMMs? | CV7: How long would it take to implement this? | CW7: What are the additional ongoing maintenance and monitoring costs of implementing this RMM? | CX7: Would there be a net cost or saving to your annual production costs going forward? | CY7: What measures would you implement to achieve this concentration limit? | CZ7: What is the one-off cost of implementing the RMMs? | DA7: How long would it take to implement this? | DB7: What are the additional ongoing maintenance and monitoring costs of implementing this RMM? | DC7: Would there be a net cost or saving to your annual production costs going forward? | DD7: Please select your most likely response. | DE7: If other, please specify | DG7: What is the additional one-off cost that can be expected? | DH7: What are the additional ongoing administrative costs that can be expected? | DI7: Q23. What are the likely loss in sales of these 'stigma effects'? | DJ7: Any questions / comments?
C8: ='(1) Your organisation'!F8 -> 0 | D8: ='(1) Your organisation'!F9 -> 0 | E8: ='(1) Your organisation'!F10 -> 0 | F8: ='(1) Your organisation'!E11&'(1) Your organisation'!F11 | G8: ='(1) Your organisation'!B16 -> 0 | H8: 0 | I8: ='(1) Your organisation'!F28 -> 0 | J8: ='(1) Your organisation'!F29 -> 0 | K8: ='(1) Your organisation'!F30 -> 0 | L8: FALSE | M8: FALSE | N8: FALSE | O8: FALSE | P8: FALSE | Q8: ='(1) Your organisation'!G39 -> 0 | R8: Silver metal | S8: ='(2) Volume used'!C11 -> 0 | T8: ='(2) Volume used'!D11 -> 0 | U8: ='(2) Volume used'!E11 -> 0 | V8: ='(2) Volume used'!F11 | W8: ='(2) Volume used'!B31 -> 0 | X8: ='(2) Volume used'!C31 -> 0 | Y8: ='(2) Volume used'!D31 -> 0 | Z8: ='(2) Volume used'!I31 -> 0 | AA8: ='(2) Volume used'!D51 -> 0 | AB8: ='(2) Volume used'!E51 -> 0 | AC8: ='(2) Volume used'!F51 -> 0 | AD8: ='(2) Volume used'!G51 -> 0 | AE8: ='(2) Volume used'!H51 -> 0 | AF8: ='(2) Volume used'!I51 -> 0 | AG8: ='(2) Volume used'!J51 -> 0 | AH8: ='(2) Volume used'!K51 -> 0 | AI8: ='(2) Volume used'!L51 -> 0 | AJ8: ='(2) Volume used'!D70 -> 0 | AK8: ='(2) Volume used'!E70 -> 0 | AL8: ='(2) Volume used'!F70 -> 0 | AM8: ='(2) Volume used'!G70 -> 0 | AN8: ='(2) Volume used'!H70 -> 0 | AO8: ='(2) Volume used'!I70 -> 0 | AP8: ='(2) Volume used'!J70 -> 0 | AQ8: ='(2) Volume used'!K70 -> 0 | AR8: ='(2) Volume used'!L70 -> 0 | AS8: ='(3) Use of Silver'!D11 -> 0 | AT8: ='(3) Use of Silver'!E11 -> 0 | AU8: ='(3) Use of Silver'!F11 -> 0 | AV8: ='(3) Use of Silver'!G11 -> 0 | AW8: ='(3) Use of Silver'!H11 -> 0 | AX8: ='(3) Use of Silver'!D30 -> 0 | AY8: ='(3) Use of Silver'!H30 -> 0 | AZ8: ='(3) Use of Silver'!I30 -> 0 | BA8: ='(3) Use of Silver'!L30 -> 0 | BB8: ='(3) Use of Silver'!M30 -> 0 | BC8: ='(3) Use of Silver'!O30 -> 0 | BD8: ='(3) Use of Silver'!P30 -> 0 | BE8: ='(3) Use of Silver'!Q30 -> 0 | BF8: ='(3) Use of Silver'!D49 -> 0 | BG8: ='(3) Use of Silver'!E49 -> 0 | BH8: ='(3) Use of Silver'!H49 -> 0 | BI8: ='(3) Use of Silver'!I49 -> 0 | BJ8: ='(3) Use of Silver'!D66 -> 0 | BK8: Silver metal | BL8: ='(4) Workers'!C13 -> 0 | BM8: ='(4) Workers'!D13 -> 0 | BN8: ='(4) Workers'!E13 -> 0 | BO8: ='(4) Workers'!F13 -> 0 | BP8: ='(4) Workers'!G13 -> 0 | BQ8: ='(4) Workers'!H13 -> 0 | BR8: CLP Regulation | BS8: FALSE | BT8: ='(5) Legislations'!G13 -> 0 | BU8: ='(5) Legislations'!H13 -> 0 | BV8: ='(5) Legislations'!B50 -> 0 | BW8: ='(5) Legislations'!F50 -> 0 | BX8: ='(5) Legislations'!G50 -> 0 | BY8: ='(6) Impacts'!B50 -> 0 | BZ8: ='(6) Impacts'!C50 -> 0 | CA8: ='(6) Impacts'!D50 -> 0 | CB8: ='(6) Impacts'!E50 -> 0 | CC8: ='(6) Impacts'!B93 -> 0 | CD8: ='(6) Impacts'!C93 -> 0 | CE8: ='(6) Impacts'!D93 -> 0 | CF8: ='(6) Impacts'!E93 -> 0 | CG8: ='(6) Impacts'!F93 -> 0 | CH8: ='(6) Impacts'!B135 -> 0 | CI8: ='(6) Impacts'!C135 -> 0 | CJ8: ='(6) Impacts'!D135 -> 0 | CK8: ='(6) Impacts'!E135 -> 0 | CL8: ='(6) Impacts'!B178 -> 0 | CM8: ='(6) Impacts'!C178 -> 0 | CN8: ='(6) Impacts'!D178 -> 0 | CO8: ='(6) Impacts'!E178 -> 0 | CP8: ='(6) Impacts'!F178 -> 0 | CQ8: ='(6) Impacts'!G178 -> 0 | CR8: ='(6) Impacts'!H178 -> 0 | CS8: ='(6) Impacts'!I178 -> 0 | CT8: ='(6) Impacts'!B230 -> 0 | CU8: ='(6) Impacts'!C230 -> 0 | CV8: ='(6) Impacts'!D230 -> 0 | CW8: ='(6) Impacts'!E230 -> 0 | CX8: ='(6) Impacts'!F230 -> 0 | CY8: ='(6) Impacts'!G230 -> 0 | CZ8: ='(6) Impacts'!H230 -> 0 | DA8: ='(6) Impacts'!I230 -> 0 | ... DC8: ='(6) Impacts'!K230 -> 0 | DD8: ='(6) Impacts'!B238 -> 0 | DE8: ='(6) Impacts'!C238 -> 0 | DF8: ='(6) Impacts'!D238 -> 0 | DG8: ='(6) Impacts'!B279 -> 0 | DH8: ='(6) Impacts'!C279 -> 0 | DI8: ='(6) Impacts'!B286 -> 0 | DJ8: ='(7) Survey end'!B6 -> 0
R9: Silver nitrate | S9: ='(2) Volume used'!C12 -> 0 | T9: ='(2) Volume used'!D12 -> 0 | U9: ='(2) Volume used'!E12 -> 0 | V9: ='(2) Volume used'!F12 | W9: ='(2) Volume used'!B32 -> 0 | X9: ='(2) Volume used'!C32 -> 0 | Y9: ='(2) Volume used'!D32 -> 0 | Z9: ='(2) Volume used'!I32 -> 0 | AA9: ='(2) Volume used'!D52 -> 0 | AB9: ='(2) Volume used'!E52 -> 0 | AC9: ='(2) Volume used'!F52 -> 0 | AD9: ='(2) Volume used'!G52 -> 0 | AE9: ='(2) Volume used'!H52 -> 0 | AF9: ='(2) Volume used'!I52 -> 0 | AG9: ='(2) Volume used'!J52 -> 0 | AH9: ='(2) Volume used'!K52 -> 0 | AI9: ='(2) Volume used'!L52 -> 0 | AJ9: ='(2) Volume used'!D71 -> 0 | AK9: ='(2) Volume used'!E71 -> 0 | AL9: ='(2) Volume used'!F71 -> 0 | AM9: ='(2) Volume used'!G71 -> 0 | AN9: ='(2) Volume used'!H71 -> 0 | AO9: ='(2) Volume used'!I71 -> 0 | AP9: ='(2) Volume used'!J71 -> 0 | AQ9: ='(2) Volume used'!K71 -> 0 | AR9: ='(2) Volume used'!L71 -> 0 | AS9: ='(3) Use of Silver'!D12 -> 0 | AT9: ='(3) Use of Silver'!E12 -> 0 | AU9: ='(3) Use of Silver'!F12 -> 0 | AV9: ='(3) Use of Silver'!G12 -> 0 | AW9: ='(3) Use of Silver'!H12 -> 0 | AX9: ='(3) Use of Silver'!D31 -> 0 | AY9: ='(3) Use of Silver'!H31 -> 0 | AZ9: ='(3) Use of Silver'!I31 -> 0 | BA9: ='(3) Use of Silver'!L31 -> 0 | BB9: ='(3) Use of Silver'!M31 -> 0 | BC9: ='(3) Use of Silver'!O31 -> 0 | BD9: ='(3) Use of Silver'!P31 -> 0 | BE9: ='(3) Use of Silver'!Q31 -> 0 | BF9: ='(3) Use of Silver'!D50 -> 0 | BG9: ='(3) Use of Silver'!E50 -> 0 | BH9: ='(3) Use of Silver'!H50 -> 0 | BI9: ='(3) Use of Silver'!I50 -> 0 | BJ9: ='(3) Use of Silver'!D67 -> 0 | BK9: Silver nitrate | BL9: ='(4) Workers'!C14 -> 0 | BM9: ='(4) Workers'!D14 -> 0 | BN9: ='(4) Workers'!E14 -> 0 | BO9: ='(4) Workers'!F14 -> 0 | BP9: ='(4) Workers'!G14 -> 0 | BQ9: ='(4) Workers'!H14 -> 0 | BR9: REACH - Registration, Information in supply chain, Downstream users | BS9: FALSE | BT9: ='(5) Legislations'!G14 -> 0 | BU9: ='(5) Legislations'!H14 -> 0 | BW9: ='(5) Legislations'!F51 -> 0 | BX9: ='(5) Legislations'!G51 -> 0 | CL9: ='(6) Impacts'!B179 -> 0 | CM9: ='(6) Impacts'!C179 -> 0 | CN9: ='(6) Impacts'!D179 -> 0 | CO9: ='(6) Impacts'!E179 -> 0 | CP9: ='(6) Impacts'!F179 -> 0 | CQ9: ='(6) Impacts'!G179 -> 0 | CR9: ='(6) Impacts'!H179 -> 0 | CS9: ='(6) Impacts'!I179 -> 0
R10: Silver carbonate | S10: ='(2) Volume used'!C13 -> 0 | T10: ='(2) Volume used'!D13 -> 0 | U10: ='(2) Volume used'!E13 -> 0 | V10: ='(2) Volume used'!F13 | W10: ='(2) Volume used'!B33 -> 0 | X10: ='(2) Volume used'!C33 -> 0 | Y10: ='(2) Volume used'!D33 -> 0 | Z10: ='(2) Volume used'!I33 -> 0 | AA10: ='(2) Volume used'!D53 -> 0 | AB10: ='(2) Volume used'!E53 -> 0 | AC10: ='(2) Volume used'!F53 -> 0 | AD10: ='(2) Volume used'!G53 -> 0 | AE10: ='(2) Volume used'!H53 -> 0 | AF10: ='(2) Volume used'!I53 -> 0 | AG10: ='(2) Volume used'!J53 -> 0 | AH10: ='(2) Volume used'!K53 -> 0 | AI10: ='(2) Volume used'!L53 -> 0 | AJ10: ='(2) Volume used'!D72 -> 0 | AK10: ='(2) Volume used'!E72 -> 0 | AL10: ='(2) Volume used'!F72 -> 0 | AM10: ='(2) Volume used'!G72 -> 0 | AN10: ='(2) Volume used'!H72 -> 0 | AO10: ='(2) Volume used'!I72 -> 0 | AP10: ='(2) Volume used'!J72 -> 0 | AQ10: ='(2) Volume used'!K72 -> 0 | AR10: ='(2) Volume used'!L72 -> 0 | AS10: ='(3) Use of Silver'!D13 -> 0 | AT10: ='(3) Use of Silver'!E13 -> 0 | AU10: ='(3) Use of Silver'!F13 -> 0 | AV10: ='(3) Use of Silver'!G13 -> 0 | AW10: ='(3) Use of Silver'!H13 -> 0 | AX10: ='(3) Use of Silver'!D32 -> 0 | AY10: ='(3) Use of Silver'!H32 -> 0 | AZ10: ='(3) Use of Silver'!I32 -> 0 | BA10: ='(3) Use of Silver'!L32 -> 0 | BB10: ='(3) Use of Silver'!M32 -> 0 | BC10: ='(3) Use of Silver'!O32 -> 0 | BD10: ='(3) Use of Silver'!P32 -> 0 | BE10: ='(3) Use of Silver'!Q32 -> 0 | BF10: ='(3) Use of Silver'!D51 -> 0 | BG10: ='(3) Use of Silver'!E51 -> 0 | BH10: ='(3) Use of Silver'!H51 -> 0 | BI10: ='(3) Use of Silver'!I51 -> 0 | BJ10: ='(3) Use of Silver'!D68 -> 0 | BK10: Silver carbonate | BL10: ='(4) Workers'!C15 -> 0 | BM10: ='(4) Workers'!D15 -> 0 | BN10: ='(4) Workers'!E15 -> 0 | BO10: ='(4) Workers'!F15 -> 0 | BP10: ='(4) Workers'!G15 -> 0 | BQ10: ='(4) Workers'!H15 -> 0 | BR10: REACH - Evaluation | BS10: FALSE | BT10: ='(5) Legislations'!G15 -> 0 | BU10: ='(5) Legislations'!H15 -> 0 | BW10: ='(5) Legislations'!F52 -> 0 | BX10: ='(5) Legislations'!G52 -> 0 | CL10: ='(6) Impacts'!B180 -> 0 | CM10: ='(6) Impacts'!C180 -> 0 | CN10: ='(6) Impacts'!D180 -> 0 | CO10: ='(6) Impacts'!E180 -> 0 | CP10: ='(6) Impacts'!F180 -> 0 | CQ10: ='(6) Impacts'!G180 -> 0 | CR10: ='(6) Impacts'!H180 -> 0 | CS10: ='(6) Impacts'!I180 -> 0
R11: Disilver oxide | S11: ='(2) Volume used'!C14 -> 0 | T11: ='(2) Volume used'!D14 -> 0 | U11: ='(2) Volume used'!E14 -> 0 | V11: ='(2) Volume used'!F14 | W11: ='(2) Volume used'!B34 -> 0 | X11: ='(2) Volume used'!C34 -> 0 | Y11: ='(2) Volume used'!D34 -> 0 | Z11: ='(2) Volume used'!I34 -> 0 | AA11: ='(2) Volume used'!D54 -> 0 | AB11: ='(2) Volume used'!E54 -> 0 | AC11: ='(2) Volume used'!F54 -> 0 | AD11: ='(2) Volume used'!G54 -> 0 | AE11: ='(2) Volume used'!H54 -> 0 | AF11: ='(2) Volume used'!I54 -> 0 | AG11: ='(2) Volume used'!J54 -> 0 | AH11: ='(2) Volume used'!K54 -> 0 | AI11: ='(2) Volume used'!L54 -> 0 | AJ11: ='(2) Volume used'!D73 -> 0 | AK11: ='(2) Volume used'!E73 -> 0 | AL11: ='(2) Volume used'!F73 -> 0 | AM11: ='(2) Volume used'!G73 -> 0 | AN11: ='(2) Volume used'!H73 -> 0 | AO11: ='(2) Volume used'!I73 -> 0 | AP11: ='(2) Volume used'!J73 -> 0 | AQ11: ='(2) Volume used'!K73 -> 0 | AR11: ='(2) Volume used'!L73 -> 0 | AS11: ='(3) Use of Silver'!D14 -> 0 | AT11: ='(3) Use of Silver'!E14 -> 0 | AU11: ='(3) Use of Silver'!F14 -> 0 | AV11: ='(3) Use of Silver'!G14 -> 0 | AW11: ='(3) Use of Silver'!H14 -> 0 | AX11: ='(3) Use of Silver'!D33 -> 0 | AY11: ='(3) Use of Silver'!H33 -> 0 | AZ11: ='(3) Use of Silver'!I33 -> 0 | BA11: ='(3) Use of Silver'!L33 -> 0 | BB11: ='(3) Use of Silver'!M33 -> 0 | BC11: ='(3) Use of Silver'!O33 -> 0 | BD11: ='(3) Use of Silver'!P33 -> 0 | BE11: ='(3) Use of Silver'!Q33 -> 0 | BF11: ='(3) Use of Silver'!D52 -> 0 | BG11: ='(3) Use of Silver'!E52 -> 0 | BH11: ='(3) Use of Silver'!H52 -> 0 | BI11: ='(3) Use of Silver'!I52 -> 0 | BJ11: ='(3) Use of Silver'!D69 -> 0 | BK11: Disilver oxide | BL11: ='(4) Workers'!C16 -> 0 | BM11: ='(4) Workers'!D16 -> 0 | BN11: ='(4) Workers'!E16 -> 0 | BO11: ='(4) Workers'!F16 -> 0 | BP11: ='(4) Workers'!G16 -> 0 | BQ11: ='(4) Workers'!H16 -> 0 | BR11: REACH Regulation - SVHC and candidate listing | BS11: FALSE | BT11: ='(5) Legislations'!G16 -> 0 | BU11: ='(5) Legislations'!H16 -> 0 | BW11: ='(5) Legislations'!F53 -> 0 | BX11: ='(5) Legislations'!G53 -> 0 | CL11: ='(6) Impacts'!B181 -> 0 | CM11: ='(6) Impacts'!C181 -> 0 | CN11: ='(6) Impacts'!D181 -> 0 | CO11: ='(6) Impacts'!E181 -> 0 | CP11: ='(6) Impacts'!F181 -> 0 | CQ11: ='(6) Impacts'!G181 -> 0 | CR11: ='(6) Impacts'!H181 -> 0 | CS11: ='(6) Impacts'!I181 -> 0
R12: Disilver (1+) sulphate | S12: ='(2) Volume used'!C15 -> 0 | T12: ='(2) Volume used'!D15 -> 0 | U12: ='(2) Volume used'!E15 -> 0 | V12: ='(2) Volume used'!F15 | W12: ='(2) Volume used'!B35 -> 0 | X12: ='(2) Volume used'!C35 -> 0 | Y12: ='(2) Volume used'!D35 -> 0 | Z12: ='(2) Volume used'!I35 -> 0 | AA12: ='(2) Volume used'!D55 -> 0 | AB12: ='(2) Volume used'!E55 -> 0 | AC12: ='(2) Volume used'!F55 -> 0 | AD12: ='(2) Volume used'!G55 -> 0 | AE12: ='(2) Volume used'!H55 -> 0 | AF12: ='(2) Volume used'!I55 -> 0 | AG12: ='(2) Volume used'!J55 -> 0 | AH12: ='(2) Volume used'!K55 -> 0 | AI12: ='(2) Volume used'!L55 -> 0 | AJ12: ='(2) Volume used'!D74 -> 0 | AK12: ='(2) Volume used'!E74 -> 0 | AL12: ='(2) Volume used'!F74 -> 0 | AM12: ='(2) Volume used'!G74 -> 0 | AN12: ='(2) Volume used'!H74 -> 0 | AO12: ='(2) Volume used'!I74 -> 0 | AP12: ='(2) Volume used'!J74 -> 0 | AQ12: ='(2) Volume used'!K74 -> 0 | AR12: ='(2) Volume used'!L74 -> 0 | AS12: ='(3) Use of Silver'!D15 -> 0 | AT12: ='(3) Use of Silver'!E15 -> 0 | AU12: ='(3) Use of Silver'!F15 -> 0 | AV12: ='(3) Use of Silver'!G15 -> 0 | AW12: ='(3) Use of Silver'!H15 -> 0 | AX12: ='(3) Use of Silver'!D34 -> 0 | AY12: ='(3) Use of Silver'!H34 -> 0 | AZ12: ='(3) Use of Silver'!I34 -> 0 | BA12: ='(3) Use of Silver'!L34 -> 0 | BB12: ='(3) Use of Silver'!M34 -> 0 | BC12: ='(3) Use of Silver'!O34 -> 0 | BD12: ='(3) Use of Silver'!P34 -> 0 | BE12: ='(3) Use of Silver'!Q34 -> 0 | BF12: ='(3) Use of Silver'!D53 -> 0 | BG12: ='(3) Use of Silver'!E53 -> 0 | BH12: ='(3) Use of Silver'!H53 -> 0 | BI12: ='(3) Use of Silver'!I53 -> 0 | BJ12: ='(3) Use of Silver'!D70 -> 0 | BK12: Disilver (1+) sulphate | BL12: ='(4) Workers'!C17 -> 0 | BM12: ='(4) Workers'!D17 -> 0 | BN12: ='(4) Workers'!E17 -> 0 | BO12: ='(4) Workers'!F17 -> 0 | BP12: ='(4) Workers'!G17 -> 0 | BQ12: ='(4) Workers'!H17 -> 0 | BR12: REACH Regulation - Authorisation | BS12: FALSE | BT12: ='(5) Legislations'!G17 -> 0 | BU12: ='(5) Legislations'!H17 -> 0 | BW12: ='(5) Legislations'!F54 -> 0 | BX12: ='(5) Legislations'!G54 -> 0 | CL12: ='(6) Impacts'!B182 -> 0 | CM12: ='(6) Impacts'!C182 -> 0 | CN12: ='(6) Impacts'!D182 -> 0 | CO12: ='(6) Impacts'!E182 -> 0 | CP12: ='(6) Impacts'!F182 -> 0 | CQ12: ='(6) Impacts'!G182 -> 0 | CR12: ='(6) Impacts'!H182 -> 0 | CS12: ='(6) Impacts'!I182 -> 0
R13: Silver chloride | S13: ='(2) Volume used'!C16 -> 0 | T13: ='(2) Volume used'!D16 -> 0 | U13: ='(2) Volume used'!E16 -> 0 | V13: ='(2) Volume used'!F16 | W13: ='(2) Volume used'!B36 -> 0 | X13: ='(2) Volume used'!C36 -> 0 | Y13: ='(2) Volume used'!D36 -> 0 | Z13: ='(2) Volume used'!I36 -> 0 | AA13: ='(2) Volume used'!D56 -> 0 | AB13: ='(2) Volume used'!E56 -> 0 | AC13: ='(2) Volume used'!F56 -> 0 | AD13: ='(2) Volume used'!G56 -> 0 | AE13: ='(2) Volume used'!H56 -> 0 | AF13: ='(2) Volume used'!I56 -> 0 | AG13: ='(2) Volume used'!J56 -> 0 | AH13: ='(2) Volume used'!K56 -> 0 | AI13: ='(2) Volume used'!L56 -> 0 | AJ13: ='(2) Volume used'!D75 -> 0 | AK13: ='(2) Volume used'!E75 -> 0 | AL13: ='(2) Volume used'!F75 -> 0 | AM13: ='(2) Volume used'!G75 -> 0 | AN13: ='(2) Volume used'!H75 -> 0 | AO13: ='(2) Volume used'!I75 -> 0 | AP13: ='(2) Volume used'!J75 -> 0 | AQ13: ='(2) Volume used'!K75 -> 0 | AR13: ='(2) Volume used'!L75 -> 0 | AS13: ='(3) Use of Silver'!D16 -> 0 | AT13: ='(3) Use of Silver'!E16 -> 0 | AU13: ='(3) Use of Silver'!F16 -> 0 | AV13: ='(3) Use of Silver'!G16 -> 0 | AW13: ='(3) Use of Silver'!H16 -> 0 | AX13: ='(3) Use of Silver'!D35 -> 0 | AY13: ='(3) Use of Silver'!H35 -> 0 | AZ13: ='(3) Use of Silver'!I35 -> 0 | BA13: ='(3) Use of Silver'!L35 -> 0 | BB13: ='(3) Use of Silver'!M35 -> 0 | BC13: ='(3) Use of Silver'!O35 -> 0 | BD13: ='(3) Use of Silver'!P35 -> 0 | BE13: ='(3) Use of Silver'!Q35 -> 0 | BF13: ='(3) Use of Silver'!D54 -> 0 | BG13: ='(3) Use of Silver'!E54 -> 0 | BH13: ='(3) Use of Silver'!H54 -> 0 | BI13: ='(3) Use of Silver'!I54 -> 0 | BJ13: ='(3) Use of Silver'!D71 -> 0 | BK13: Silver chloride | BL13: ='(4) Workers'!C18 -> 0 | BM13: ='(4) Workers'!D18 -> 0 | BN13: ='(4) Workers'!E18 -> 0 | BO13: ='(4) Workers'!F18 -> 0 | BP13: ='(4) Workers'!G18 -> 0 | BQ13: ='(4) Workers'!H18 -> 0 | BR13: REACH Regulation - Restriction | BS13: FALSE | BT13: ='(5) Legislations'!G18 -> 0 | BU13: ='(5) Legislations'!H18 -> 0 | BW13: ='(5) Legislations'!F55 -> 0 | BX13: ='(5) Legislations'!G55 -> 0 | CL13: ='(6) Impacts'!B183 -> 0 | CM13: ='(6) Impacts'!C183 -> 0 | CN13: ='(6) Impacts'!D183 -> 0 | CO13: ='(6) Impacts'!E183 -> 0 | CP13: ='(6) Impacts'!F183 -> 0 | CQ13: ='(6) Impacts'!G183 -> 0 | CR13: ='(6) Impacts'!H183 -> 0 | CS13: ='(6) Impacts'!I183 -> 0
R14: Silver bromide | S14: ='(2) Volume used'!C17 -> 0 | T14: ='(2) Volume used'!D17 -> 0 | U14: ='(2) Volume used'!E17 -> 0 | V14: ='(2) Volume used'!F17 | W14: ='(2) Volume used'!B37 -> 0 | X14: ='(2) Volume used'!C37 -> 0 | Y14: ='(2) Volume used'!D37 -> 0 | Z14: ='(2) Volume used'!I37 -> 0 | AA14: ='(2) Volume used'!D57 -> 0 | AB14: ='(2) Volume used'!E57 -> 0 | AC14: ='(2) Volume used'!F57 -> 0 | AD14: ='(2) Volume used'!G57 -> 0 | AE14: ='(2) Volume used'!H57 -> 0 | AF14: ='(2) Volume used'!I57 -> 0 | AG14: ='(2) Volume used'!J57 -> 0 | AH14: ='(2) Volume used'!K57 -> 0 | AI14: ='(2) Volume used'!L57 -> 0 | AJ14: ='(2) Volume used'!D76 -> 0 | AK14: ='(2) Volume used'!E76 -> 0 | AL14: ='(2) Volume used'!F76 -> 0 | AM14: ='(2) Volume used'!G76 -> 0 | AN14: ='(2) Volume used'!H76 -> 0 | AO14: ='(2) Volume used'!I76 -> 0 | AP14: ='(2) Volume used'!J76 -> 0 | AQ14: ='(2) Volume used'!K76 -> 0 | AR14: ='(2) Volume used'!L76 -> 0 | AS14: ='(3) Use of Silver'!D17 -> 0 | AT14: ='(3) Use of Silver'!E17 -> 0 | AU14: ='(3) Use of Silver'!F17 -> 0 | AV14: ='(3) Use of Silver'!G17 -> 0 | AW14: ='(3) Use of Silver'!H17 -> 0 | AX14: ='(3) Use of Silver'!D36 -> 0 | AY14: ='(3) Use of Silver'!H36 -> 0 | AZ14: ='(3) Use of Silver'!I36 -> 0 | BA14: ='(3) Use of Silver'!L36 -> 0 | BB14: ='(3) Use of Silver'!M36 -> 0 | BC14: ='(3) Use of Silver'!O36 -> 0 | BD14: ='(3) Use of Silver'!P36 -> 0 | BE14: ='(3) Use of Silver'!Q36 -> 0 | BF14: ='(3) Use of Silver'!D55 -> 0 | BG14: ='(3) Use of Silver'!E55 -> 0 | BH14: ='(3) Use of Silver'!H55 -> 0 | BI14: ='(3) Use of Silver'!I55 -> 0 | BJ14: ='(3) Use of Silver'!D72 -> 0 | BK14: Silver bromide | BL14: ='(4) Workers'!C19 -> 0 | BM14: ='(4) Workers'!D19 -> 0 | BN14: ='(4) Workers'!E19 -> 0 | BO14: ='(4) Workers'!F19 -> 0 | BP14: ='(4) Workers'!G19 -> 0 | BQ14: ='(4) Workers'!H19 -> 0 | BR14: PIC Regulation | BS14: FALSE | BT14: ='(5) Legislations'!G19 -> 0 | BU14: ='(5) Legislations'!H19 -> 0 | BW14: ='(5) Legislations'!F56 -> 0 | BX14: ='(5) Legislations'!G56 -> 0 | CL14: ='(6) Impacts'!B184 -> 0 | CM14: ='(6) Impacts'!C184 -> 0 | CN14: ='(6) Impacts'!D184 -> 0 | CO14: ='(6) Impacts'!E184 -> 0 | CP14: ='(6) Impacts'!F184 -> 0 | CQ14: ='(6) Impacts'!G184 -> 0 | CR14: ='(6) Impacts'!H184 -> 0 | CS14: ='(6) Impacts'!I184 -> 0
R15: Silver iodide | S15: ='(2) Volume used'!C18 -> 0 | T15: ='(2) Volume used'!D18 -> 0 | U15: ='(2) Volume used'!E18 -> 0 | V15: ='(2) Volume used'!F18 | W15: ='(2) Volume used'!B38 -> 0 | X15: ='(2) Volume used'!C38 -> 0 | Y15: ='(2) Volume used'!D38 -> 0 | Z15: ='(2) Volume used'!I38 -> 0 | AA15: ='(2) Volume used'!D58 -> 0 | AB15: ='(2) Volume used'!E58 -> 0 | AC15: ='(2) Volume used'!F58 -> 0 | AD15: ='(2) Volume used'!G58 -> 0 | AE15: ='(2) Volume used'!H58 -> 0 | AF15: ='(2) Volume used'!I58 -> 0 | AG15: ='(2) Volume used'!J58 -> 0 | AH15: ='(2) Volume used'!K58 -> 0 | AI15: ='(2) Volume used'!L58 -> 0 | AJ15: ='(2) Volume used'!D77 -> 0 | AK15: ='(2) Volume used'!E77 -> 0 | AL15: ='(2) Volume used'!F77 -> 0 | AM15: ='(2) Volume used'!G77 -> 0 | AN15: ='(2) Volume used'!H77 -> 0 | AO15: ='(2) Volume used'!I77 -> 0 | AP15: ='(2) Volume used'!J77 -> 0 | AQ15: ='(2) Volume used'!K77 -> 0 | AR15: ='(2) Volume used'!L77 -> 0 | AS15: ='(3) Use of Silver'!D18 -> 0 | AT15: ='(3) Use of Silver'!E18 -> 0 | AU15: ='(3) Use of Silver'!F18 -> 0 | AV15: ='(3) Use of Silver'!G18 -> 0 | AW15: ='(3) Use of Silver'!H18 -> 0 | AX15: ='(3) Use of Silver'!D37 -> 0 | AY15: ='(3) Use of Silver'!H37 -> 0 | AZ15: ='(3) Use of Silver'!I37 -> 0 | BA15: ='(3) Use of Silver'!L37 -> 0 | BB15: ='(3) Use of Silver'!M37 -> 0 | BC15: ='(3) Use of Silver'!O37 -> 0 | BD15: ='(3) Use of Silver'!P37 -> 0 | BE15: ='(3) Use of Silver'!Q37 -> 0 | BF15: ='(3) Use of Silver'!D56 -> 0 | BG15: ='(3) Use of Silver'!E56 -> 0 | BH15: ='(3) Use of Silver'!H56 -> 0 | BI15: ='(3) Use of Silver'!I56 -> 0 | BJ15: ='(3) Use of Silver'!D73 -> 0 | BK15: Silver iodide | BL15: ='(4) Workers'!C20 -> 0 | BM15: ='(4) Workers'!D20 -> 0 | BN15: ='(4) Workers'!E20 -> 0 | BO15: ='(4) Workers'!F20 -> 0 | BP15: ='(4) Workers'!G20 -> 0 | BQ15: ='(4) Workers'!H20 -> 0 | BR15: CAD Regulation | BS15: FALSE | BT15: ='(5) Legislations'!G20 -> 0 | BU15: ='(5) Legislations'!H20 -> 0 | BW15: ='(5) Legislations'!F57 -> 0 | BX15: ='(5) Legislations'!G57 -> 0 | CL15: ='(6) Impacts'!B185 -> 0 | CM15: ='(6) Impacts'!C185 -> 0 | CN15: ='(6) Impacts'!D185 -> 0 | CO15: ='(6) Impacts'!E185 -> 0 | CP15: ='(6) Impacts'!F185 -> 0 | CQ15: ='(6) Impacts'!G185 -> 0 | CR15: ='(6) Impacts'!H185 -> 0 | CS15: ='(6) Impacts'!I185 -> 0
R16: Silver acetate | S16: ='(2) Volume used'!C19 -> 0 | T16: ='(2) Volume used'!D19 -> 0 | U16: ='(2) Volume used'!E19 -> 0 | V16: ='(2) Volume used'!F19 | W16: ='(2) Volume used'!B39 -> 0 | X16: ='(2) Volume used'!C39 -> 0 | Y16: ='(2) Volume used'!D39 -> 0 | Z16: ='(2) Volume used'!I39 -> 0 | AA16: ='(2) Volume used'!D59 -> 0 | AB16: ='(2) Volume used'!E59 -> 0 | AC16: ='(2) Volume used'!F59 -> 0 | AD16: ='(2) Volume used'!G59 -> 0 | AE16: ='(2) Volume used'!H59 -> 0 | AF16: ='(2) Volume used'!I59 -> 0 | AG16: ='(2) Volume used'!J59 -> 0 | AH16: ='(2) Volume used'!K59 -> 0 | AI16: ='(2) Volume used'!L59 -> 0 | AJ16: ='(2) Volume used'!D78 -> 0 | AK16: ='(2) Volume used'!E78 -> 0 | AL16: ='(2) Volume used'!F78 -> 0 | AM16: ='(2) Volume used'!G78 -> 0 | AN16: ='(2) Volume used'!H78 -> 0 | AO16: ='(2) Volume used'!I78 -> 0 | AP16: ='(2) Volume used'!J78 -> 0 | AQ16: ='(2) Volume used'!K78 -> 0 | AR16: ='(2) Volume used'!L78 -> 0 | AS16: ='(3) Use of Silver'!D19 -> 0 | AT16: ='(3) Use of Silver'!E19 -> 0 | AU16: ='(3) Use of Silver'!F19 -> 0 | AV16: ='(3) Use of Silver'!G19 -> 0 | AW16: ='(3) Use of Silver'!H19 -> 0 | AX16: ='(3) Use of Silver'!D38 -> 0 | AY16: ='(3) Use of Silver'!H38 -> 0 | AZ16: ='(3) Use of Silver'!I38 -> 0 | BA16: ='(3) Use of Silver'!L38 -> 0 | BB16: ='(3) Use of Silver'!M38 -> 0 | BC16: ='(3) Use of Silver'!O38 -> 0 | BD16: ='(3) Use of Silver'!P38 -> 0 | BE16: ='(3) Use of Silver'!Q38 -> 0 | BF16: ='(3) Use of Silver'!D57 -> 0 | BG16: ='(3) Use of Silver'!E57 -> 0 | BH16: ='(3) Use of Silver'!H57 -> 0 | BI16: ='(3) Use of Silver'!I57 -> 0 | BJ16: ='(3) Use of Silver'!D74 -> 0 | BK16: Silver acetate | BL16: ='(4) Workers'!C21 -> 0 | BM16: ='(4) Workers'!D21 -> 0 | BN16: ='(4) Workers'!E21 -> 0 | BO16: ='(4) Workers'!F21 -> 0 | BP16: ='(4) Workers'!G21 -> 0 | BQ16: ='(4) Workers'!H21 -> 0 | BR16: Pregnant Workers Directive | BS16: FALSE | BT16: ='(5) Legislations'!G21 -> 0 | BU16: ='(5) Legislations'!H21 -> 0 | BW16: ='(5) Legislations'!F58 -> 0 | BX16: ='(5) Legislations'!G58 -> 0 | CL16: ='(6) Impacts'!B186 -> 0 | CM16: ='(6) Impacts'!C186 -> 0 | CN16: ='(6) Impacts'!D186 -> 0 | CO16: ='(6) Impacts'!E186 -> 0 | CP16: ='(6) Impacts'!F186 -> 0 | CQ16: ='(6) Impacts'!G186 -> 0 | CR16: ='(6) Impacts'!H186 -> 0 | CS16: ='(6) Impacts'!I186 -> 0
